Workbook

Sheet résumé
A1: Résumé d'analyse de condition physique
A6: Laurent Dombrowicz
A7: =TODAY() -> 43430
A9: =IFERROR("La moyenne des onze indicateurs de la condition physique est "&IF(coach!X15>2,"très bonne, bien au-dessus ",IF(coach!X15>1.1,"bonne, au-dessus ",IF(coach!X15>0.9,"correcte, proche ",IF(coach!X15<0.9,"en-dessous ",))))&"des références, à "&ROUND(coach!X15*100,0)&"% des valeurs normatives"&IF(AND(coach!X15>coach!X16,coach!X16<>0),", en progrès depuis le premier test",IF(AND(coach!X15<coach!X16,coach!X16<>0),", en replis depuis le premier test",""))&". Les performances mesurés pour les différentes qualités physiques sont "&IF(coach!Z15/coach!X15>0.75,"très hétérogènes",IF(coach!Z15/coach!X15>0.75,"hétérogènes",IF(coach!Z15/coach!X15>0.5,"plutôt hétérogènes",IF(coach!Z15/coach!X15>0.25,"plutôt équilibrées",IF(coach!Z15/coach!X15<0.25,"équilibrées",)))))&" avec un écart moyen de plus ou moins "&ROUND(coach!Z15*100,0)&"%.","") -> La moyenne des onze indicateurs de la condition physique est en-dessous des références, à 60% des valeurs normatives. Les performances mesurés pour les différentes qualités physiques sont plutôt hétérogènes avec un écart moyen de plus ou moins 36%.
A14: Les aspects de la condition physique les moins bien adaptés sont par ordre de priorité:
A15: ="- "&HLOOKUP(SMALL(coach!C22:Q22,1),coach!C22:Q23,2,) -> - La force du haut du corps et plus particulièrement des bras
A16: ="- "&HLOOKUP(SMALL(coach!C22:O22,2),coach!C22:O23,2,) -> - La souplesse de l'épaule et de la cage thoracique
A17: ="- "&HLOOKUP(SMALL(coach!C22:O22,3),coach!C22:O23,2,) -> - La souplesse des jambes et du bas du dos
A18: ="- "&HLOOKUP(SMALL(coach!C22:O22,4),coach!C22:O23,2,) -> - L'équilibre sur la jambe gauche
A25: Ratio performance sur valeur de référence:
A36: =IFERROR(IF(OR(coach!C15="",coach!D15="",coach!F15="",coach!G15="",coach!I15="",coach!J15="",coach!L15="",coach!M15=""),"","L'analyse de l'emploi du temps hebdomadaire fait apparître un temps maximum immobile "&IF(coach!R15>1," trop long par rapport aux recommandations ",IF(coach!R15<1,"qui correspond aux recommandations",))&". La quantité hebdomadaire d'activité physique "&IF(coach!T15>1.75,"correspond à la plage haute",IF(coach!T15>1,"correspond à la plage basse des recommandations",IF(coach!T15<1,"est en dessous des recommandations",)))&". Les sessions d'activités au cours de la semaine"&IF(coach!S15<2," sont suffisamment fréquentes",IF(coach!S15>=2," ne sont pas assez fréquentes",))&IF(coach!S15=0," car l'emploi du temps ne fait apparaître aucun"," car l'emploi du temps fait apparaître jusqu'à "&coach!S15)&" jour"&IF(coach!S15<2,"","s")&" sans session d'au moins 10 minutes d'effort continu."&" L'intensité des activités pratiquées "&IF(AND(coach!V15/SUM(coach!U15:W15)>0.2,coach!W15/SUM(coach!U15:W15)>0.2),"est bien diversifiée. ",IF(coach!W15/SUM(coach!U15:W15)<0.2,"est peu diversifée, car les activités intenses sont trop peu représentées. ",IF(coach!V15/SUM(coach!U15:W15)<0.2,"est peu diversifée, car les activités modérées sont trop peu représentées. ")))),"")&"Les pages suivantes font le détail de ces analyses." -> L'analyse de l'emploi du temps hebdomadaire fait apparître un temps maximum immobile qui correspond aux recommandations. La quantité hebdomadaire d'activité physique est en dessous des recommandations. Les sessions d'activités au cours de la semaine sont suffisamment fréquentes car l'emploi du temps fait apparaître jusqu'à 1 jour sans session d'au moins 10 minutes d'effort continu. L'intensité des activités pratiquées est peu diversifée, car les activités intenses sont trop peu représentées. Les pages suivantes font le détail de ces analyses.
A44: L'endurance, aussi appelée la capacité cardio-pulmonaire
F72: référence | I72: =IF(coach!AR4="","",coach!AR4) | L72: =coach!AR3 -> 43425
E73: consommation maximale d'oxygène | G73: =coach!O2 -> 33 | J73: =IF(LARGE(coach!A3:A12,1)=SMALL(coach!A3:A12,1),"",IF(VLOOKUP(SMALL(coach!A3:A12,1),coach!A3:W12,15,)="","NC",VLOOKUP(SMALL(coach!A3:A12,1),coach!A3:W12,15,))) | L73: =IF(VLOOKUP(LARGE(coach!A3:A12,1),coach!A3:W12,15,)="","NC",VLOOKUP(LARGE(coach!A3:A12,1),coach!A3:W12,15,)) -> 31.5 | M73: =VLOOKUP(LARGE(coach!A3:A12,1),coach!A3:W12,15,) -> 31.5
E74: indice d'endurance | G74: =coach!Q2 -> -8 | J74: =IF(LARGE(coach!A3:A12,1)=SMALL(coach!A3:A12,1),"",IF(VLOOKUP(SMALL(coach!A3:A12,1),coach!A3:W12,17,)="","NC",VLOOKUP(SMALL(coach!A3:A12,1),coach!A3:W12,17,))) | L74: =IF(VLOOKUP(LARGE(coach!A3:A12,1),coach!A3:W12,17,)="","NC",VLOOKUP(LARGE(coach!A3:A12,1),coach!A3:W12,17,)) -> -10
A77: =IF(coach!O18="","- L'estimation du VO2max, c'est à dire la quantité maximale d'oxygène consommée lors d'un effort intense, ne peux pas être calculée car les tests cardio n'ont pas été réalisés.","- Le VO2max, c'est à dire la quantité maximale d'oxygène consommée lors d'un effort intense, est estimé à "&coach!O18&"ml/min/kg. Il est "&IF(coach!O15>1.1,"supérieur ",IF(coach!O15>0.9,"similaire ","inférieur "))&"aux valeurs normatives"&IF(coach!O17="","",IF(coach!O17=0,", stable, ",IF(coach!O17>0,", en progrès de "&ROUND(coach!O17*100,0)&"% ",IF(coach!O17<0,", en recul de "&-ROUND(coach!O17*100,0)&"% ",))))&IF(coach!O17="","","comparé à la première évaluation")&".") -> - Le VO2max, c'est à dire la quantité maximale d'oxygène consommée lors d'un effort intense, est estimé à 31,5ml/min/kg. Il est similaire aux valeurs normatives.
A81: =IF(coach!Q18="","- L'indice d'endurance ne peut être mesuré car les tests cardio qu'il nécessite n'ont pas été réalisés.","- L'indice d'endurance à "&coach!Q18&" révèle "&IF(coach!Q18<coach!Q2,"la difficulté significative ","la bonne aptitude ")&"à matenir un niveau d'intensité relative élevé dans la durée. Il est "&IF(coach!Q18=coach!Q2,"égal à ",IF(coach!Q18>coach!Q2,"meilleur que ","inferieur "))&"la valeur de référence"&IF(coach!Q17="","",IF(coach!Q17=0,", stable ",IF(coach!Q17>0,", en progrès de "&ROUND(coach!Q17*100,0)&"% ",IF(coach!Q17<0,", en recul de "&-ROUND(coach!Q17*100,0)&"% ",))))&IF(coach!Q17<>"","comparé au premier test","")&".") -> - L'indice d'endurance à -10 révèle la difficulté significative à matenir un niveau d'intensité relative élevé dans la durée. Il est inferieur la valeur de référence.
A88: L'équilibre et la souplesse
F109: référence | I109: =IF(coach!AR4="","",coach!AR4) | L109: =coach!AR3 -> 43425
E110: équilibre de la jambe droite | F110: =coach!F2 -> 60 | I110: =IF(LARGE(coach!A3:A12,1)=SMALL(coach!A3:A12,1),"",IF(VLOOKUP(SMALL(coach!A3:A12,1),coach!A3:W12,6,)="","NC",VLOOKUP(SMALL(coach!A3:A12,1),coach!A3:W12,6,))) | L110: =IF(VLOOKUP(LARGE(coach!A3:A12,1),coach!A3:W12,6,)="","NC",VLOOKUP(LARGE(coach!A3:A12,1),coach!A3:W12,6,)) -> 35
E111: équilibre de la jambe gauche | F111: =coach!G2 -> 60 | I111: =IF(LARGE(coach!A3:A12,1)=SMALL(coach!A3:A12,1),"",IF(VLOOKUP(SMALL(coach!A3:A12,1),coach!A3:W12,7,)="","NC",VLOOKUP(SMALL(coach!A3:A12,1),coach!A3:W12,7,))) | L111: =IF(VLOOKUP(LARGE(coach!A3:A12,1),coach!A3:W12,7,)="","NC",VLOOKUP(LARGE(coach!A3:A12,1),coach!A3:W12,7,)) -> 34
E112: souplesse des épaules et du thorax | F112: =coach!C2 -> 0.01 | I112: =IF(LARGE(coach!A3:A12,1)=SMALL(coach!A3:A12,1),"",IF(VLOOKUP(SMALL(coach!A3:A12,1),coach!A3:W12,3,)="","NC",VLOOKUP(SMALL(coach!A3:A12,1),coach!A3:W12,3,))) | L112: =IF(VLOOKUP(LARGE(coach!A3:A12,1),coach!A3:W12,3,)="","NC",VLOOKUP(LARGE(coach!A3:A12,1),coach!A3:W12,3,)) -> -20
E113: souplesse des jambes et du dos | F113: =coach!D2 -> -5 | I113: =IF(LARGE(coach!A3:A12,1)=SMALL(coach!A3:A12,1),"",IF(VLOOKUP(SMALL(coach!A3:A12,1),coach!A3:W12,4,)="","NC",VLOOKUP(SMALL(coach!A3:A12,1),coach!A3:W12,4,))) | L113: =IF(VLOOKUP(LARGE(coach!A3:A12,1),coach!A3:W12,4,)="","NC",VLOOKUP(LARGE(coach!A3:A12,1),coach!A3:W12,4,)) -> -22
A116: =IF(OR(coach!F18="",coach!G18=""),"- Les capacités proprioceptives n'ont pas pu être mesurées car les tests n'ont pas été réalisés.","- L'équilibre est maintenu "&coach!F18&" secondes en appui sur le pied droit"&IF(coach!F17="","",IF(coach!F17=0,". Cette performance est identique au ",IF(coach!F17>0,". C'est "&ROUND((coach!F17)*100,0)&"% de plus qu'au",IF(coach!F17<0,". C'est "&-ROUND((coach!F17)*100,0)&"% de moins qu'au",))))&IF(coach!F17="",""," premier test")&". Le pied gauche tient l'équilibre "&coach!G18&" secondes. "&IF(coach!G17="","",IF(coach!G17=0," Ce résultat est stable ",IF(coach!G17>0," Cela représente "&ROUND((coach!G17)*100,0)&"% de plus",IF(coach!G17<0,"Cela représente "&-ROUND((coach!G17)*100,0)&"% de moins",))))&IF(coach!G17="",""," par rapport au premier test. ")&IF(OR(AND(coach!F15>1.1,coach!G15>1.1),AND(coach!F15<1.1,coach!G15<1.1)),"La capacité proprioceptive, plutôt symétrique","La capacité proprioceptive, plutôt asymétrique")&IF(AND(coach!F15>1.1,coach!G15>1.1),", est supérieure à la norme pour les deux côtés",IF(coach!F15>1.1,", est supérieure à la norme pour le côté droit",IF(coach!G15>1.1,", est supérieure à la norme pour le côté gauche",IF(AND(coach!F15>0.9,coach!G15>0.9),", correspond à la norme pour les deux côtés",IF(coach!F15>0.9,", correspond à la norme pour le côté droit",IF(coach!G15>0.9,", correspond à la norme pour le côté gauche",IF(AND(coach!F15<0.9,coach!G15<0.9),", est inférieur à la norme pour les deux côtés","")))))))&".") -> - L'équilibre est maintenu 35 secondes en appui sur le pied droit. Le pied gauche tient l'équilibre 34 secondes. La capacité proprioceptive, plutôt symétrique, est inférieur à la norme pour les deux côtés.
A121: =IF(coach!C18="","- La souplesse des membres superieurs n'a pu être évaluée car les tests n'ont pas pu être effectués.","- La souplesse des membres supérieurs"&IF(coach!C17="","",IF(coach!C17>0.02,", en progrès de "&ROUND(coach!C17,1)&"cm ",IF(coach!C17>-0.02,", stable ",IF(coach!C17<-0.02,", en repli de "&-ROUND(coach!C17,1)&"cm "))))&IF(coach!C17="","","depuis le début,")&IF(coach!C15="","",IF(coach!C15>0.2+coach!C2," est meilleure que la moyenne.",IF(coach!C15<coach!C2-0.2," est moins bonne que la moyenne."," correspond à la moyenne.")))&" Le moins bon des deux côtés permet "&IF(coach!C18=0,"aux deux mains de se toucher",IF(coach!C18>0,"aux deux mains de se chevaucher de "&coach!C18&"cm.",IF(coach!C18<0,"aux extrémités des deux mains de s'approcher à "&-coach!C18&"cm l'une de l'autre.")))) -> - La souplesse des membres supérieurs est moins bonne que la moyenne. Le moins bon des deux côtés permet aux extrémités des deux mains de s'approcher à 20cm l'une de l'autre.
A125: =IF(coach!D18="","- La souplesse des membres inférieurs n'a pu être calculée car les tests n'ont pas été réalisés.","- Au test de souplesse des membres inférieurs, l'extrémité des doigts "&IF(coach!D18=0," touche les orteils.",IF(coach!D18>0,"dépasse les orteils de "&coach!D18&"cm.",IF(coach!D18<0,"s'approche à "&-coach!D18&"cm des orteils.")))&IF(coach!D18>coach!D2," C'est mieux que la moyenne.",IF(coach!D15<coach!D2," C'est moins que la moyenne.",))&IF(coach!D17="","",IF(coach!D17>0.2," Ce résultat s'est amélioré de "&ROUND(coach!D17,1)&"cm depuis la première évaluation. ",IF(coach!D17<-0.2," Ce résultat s'est déterioré de "&-ROUND(coach!D17,1)&"cm depuis la première évaluation. "," Ce résultat est identique à la première évaluation. ")))) -> - Au test de souplesse des membres inférieurs, l'extrémité des doigts s'approche à 22cm des orteils. C'est moins que la moyenne.
A132: La force
F152: référence | I152: =IF(coach!AR4="","",coach!AR4) | L152: =coach!AR3 -> 43425
E153: force des membres supérieurs | F153: =coach!M2 -> 6 | I153: =IF(LARGE(coach!A3:A12,1)=SMALL(coach!A3:A12,1),"",IF(VLOOKUP(SMALL(coach!A3:A12,1),coach!A3:W12,13,)="","NC",VLOOKUP(SMALL(coach!A3:A12,1),coach!A3:W12,13,))) | L153: =IF(VLOOKUP(LARGE(coach!A3:A12,1),coach!A3:W12,13,)="","NC",VLOOKUP(LARGE(coach!A3:A12,1),coach!A3:W12,13,)) -> 0.6
E154: force des membres inférieurs | F154: =coach!I2 -> 19 | I154: =IF(LARGE(coach!A3:A12,1)=SMALL(coach!A3:A12,1),"",IF(VLOOKUP(SMALL(coach!A3:A12,1),coach!A3:W12,9,)="","NC",VLOOKUP(SMALL(coach!A3:A12,1),coach!A3:W12,9,))) | L154: =IF(VLOOKUP(LARGE(coach!A3:A12,1),coach!A3:W12,9,)="","NC",VLOOKUP(LARGE(coach!A3:A12,1),coach!A3:W12,9,)) -> 16
E155: force de la région abdominale | F155: =coach!L2 -> 120 | I155: =IF(LARGE(coach!A3:A12,1)=SMALL(coach!A3:A12,1),"",IF(VLOOKUP(SMALL(coach!A3:A12,1),coach!A3:W12,12,)="","NC",VLOOKUP(SMALL(coach!A3:A12,1),coach!A3:W12,12,))) | L155: =IF(VLOOKUP(LARGE(coach!A3:A12,1),coach!A3:W12,12,)="","NC",VLOOKUP(LARGE(coach!A3:A12,1),coach!A3:W12,12,)) -> 98
E156: force de la région lombaire | F156: =coach!J2 -> 90 | I156: =IF(LARGE(coach!A3:A12,1)=SMALL(coach!A3:A12,1),"",IF(VLOOKUP(SMALL(coach!A3:A12,1),coach!A3:W12,10,)="","NC",VLOOKUP(SMALL(coach!A3:A12,1),coach!A3:W12,10,))) | L156: =IF(VLOOKUP(LARGE(coach!A3:A12,1),coach!A3:W12,10,)="","NC",VLOOKUP(LARGE(coach!A3:A12,1),coach!A3:W12,10,)) -> 79
A159: =IF(coach!M18="","- La mesure de la force des membres supérieurs n'a pu être effectuée car les évaluations n'ont pas été conduites.","- Le nombre maximum de pompes réalisées en 30 secondes est "&coach!M18&". Le niveau de force des membres supérieurs qu'il reflète "&IF(coach!M15<0.9,"est inférieur",IF(coach!M15>1.1,"est supérieur","correspond"))&" à la moyenne"&IF(coach!M17="","",". Il est "&IF(coach!M17=0,"stable",IF(coach!M17>0,"en progrès de "&ROUND(coach!M17*100,0)&"%",IF(coach!M17,"en recul de "&-ROUND(coach!M17*100,0)&"%",))))&IF(coach!M17="",""," comparé au premier score")&".") -> - Le nombre maximum de pompes réalisées en 30 secondes est 0,6. Le niveau de force des membres supérieurs qu'il reflète est inférieur à la moyenne.
A163: =IF(coach!I18="","- Le calcul de la force des membres inférieurs n'a pu être réalisée car les mesures n'ont pas été effectuées","- La mesure de la force des membres inférieurs, avec "&coach!I18&" levers en 30 secondes"&IF(OR(AND(coach!I15>1.1,coach!M15>1.1),AND(coach!I15<0.9,coach!M15<0.9)),", est elle aussi",", est")&IF(coach!I15<0.9," inférieure",IF(coach!I15>1.1," supérieure"," similaire"))&" à la moyenne"&IF(coach!I17="","",IF(coach!I17=0,". Elle est stable",IF(coach!I17>0,". Elle est en progrès de "&ROUND(coach!I17*100,0)&"%",IF(coach!I17<0,". Elle est en recul de "&-ROUND(coach!I17*100,0)&"%",))))&IF(coach!I17="",""," par rapport au premier test")&".") -> - La mesure de la force des membres inférieurs, avec 16 levers en 30 secondes, est elle aussi inférieure à la moyenne.
A166: =IF(OR(coach!J18="",coach!L18=""),"- L'estimation du rapport de forces entre les muscles de la région lombaire et ceux de la sangle abdominale n'a pu être calculée car les tests n'ont pas été réalisés.","- Les tests réalisés sur la capacité abdominale et lombaire traduisent un "&IF(OR(AND(coach!J15>1,coach!L15>1),AND(coach!J15<1,coach!L15<1)),"niveau de force plutôt équilibré","niveau de force déséquilibré")&" entre les deux régions.") -> - Les tests réalisés sur la capacité abdominale et lombaire traduisent un niveau de force plutôt équilibré entre les deux régions.
A169: =IF(coach!L18="","- L'estimation de la force de la sangle abdominale n'est pas possible car les tests n'ont pas été réalisés.","- La sangle abdominale a permis le maintien de la flexion du tronc pendant "&coach!L18&" secondes, c'est "&IF(coach!L15>1.1,"plus que",IF(coach!L15<0.9,"moins que","proche de"))&" la moyenne"&IF(coach!L17="","",IF(coach!L17=0,". Son score est stable",IF(coach!L17>0,". Ce score est en progrès de "&ROUND(coach!L17*100,0)&"%",IF(coach!L17<0,". Ce score est en recul de "&-ROUND(coach!L17*100,0)&"%",))))&IF(coach!L17="",""," depuis le début")&".") -> - La sangle abdominale a permis le maintien de la flexion du tronc pendant 98 secondes, c'est moins que la moyenne.
A172: =IF(coach!J18="","- L'estimation de la force de la région lombaire n'est pas possible car les tests n'ont pas été réalisés.","- La force du dos a permis le maintien de l'extension dorsale pendant "&coach!J18&" secondes, c'est "&IF(coach!J15>1.1,"plus que",IF(coach!J15<0.9,"moins que","proche de"))&" la moyenne"&IF(coach!J17="","",IF(coach!J17=0,". Ce résultat est stable",IF(coach!J17>0,". Ce résultat est en progrès de "&ROUND(coach!J17*100,0)&"%",IF(coach!J17<0,". Ce résultat est en inferieur de "&-ROUND(coach!J17*100,0)&"%",))))&IF(coach!J17="",""," par rapport à la première évaluation")&".") -> - La force du dos a permis le maintien de l'extension dorsale pendant 79 secondes, c'est moins que la moyenne.
A176: Emploi du temps hebdomadaire d'activités physiques
A178: Durée maximum d'immobilité ininterrompue (heures)
A181: ="Lorsqu'il est sédentaire, assis par exemple, le corps dépense aussi peu d'énergie qu'au repos. Cette immobilité, lorsqu'elle est prolongée, favorise les douleurs, le diabète, l'obésité, l'hypertension, certains cancers et d'autres maladies chroniques."&" Même une activité physique régulière ne suffit pas à en compenser les effets néfastes. Selon l'OMS, être assis plus de 3 heures par jour serait responsable de 400000 décès par an. "&IF(coach!R18="","Votre temps maximum immobile n'a pu être comparé aux recommandations car l'estimation a pu être réalisée.","Vous passez chaque jour jusqu'à "&coach!R18&" heures assis. Il est recommandé de se lever dès que possible, même quand ce n'est pas nécessaire, au moins une minute toutes les heures.") -> Lorsqu'il est sédentaire, assis par exemple, le corps dépense aussi peu d'énergie qu'au repos. Cette immobilité, lorsqu'elle est prolongée, favorise les douleurs, le diabète, l'obésité, l'hypertension, certains cancers et d'autres maladies chroniques. Même une activité physique régulière ne suffit pas à en compenser les effets néfastes. Selon l'OMS, être assis plus de 3 heures par jour serait responsable de 400000 décès par an. Vous passez chaque jour jusqu'à 1 heures assis. Il est recommandé de se lever dès que possible, même quand ce n'est pas nécessaire, au moins une minute toutes les heures.
A190: Période maximale d'inactivité (jours)
A193: ="Lorsque le corps en mouvement dépense plus d'énergie qu'au repos, il est en activité physique. Les bénéfices qui en résultent persistent le jour qui suit, pas davantage. "&IF(coach!S18="","La fréquence de vos sessions d'activités n'a pu être analysée car elle n'a pas était communiquée.","Votre emploi du temps d'activités"&IF(coach!S18<1," ne fait pas apparaître de periode d'inactivité. "," fait apparaître des périodes d'inactivité jusqu'à "&coach!S18&" jours. ")&IF(coach!S15<1.1,"Cela correspond aux recommandations, chaque session d'au moins 10 minutes d'effort continu au moins un jour sur deux permettent de réactiver ces effets positifs.","Grace à chacune de vos session d'au moins 10 minutes d'effort continu tous les deux jours, vous réactivez ces effets positifs.")) -> Lorsque le corps en mouvement dépense plus d'énergie qu'au repos, il est en activité physique. Les bénéfices qui en résultent persistent le jour qui suit, pas davantage. Votre emploi du temps d'activités fait apparaître des périodes d'inactivité jusqu'à 1 jours. Cela correspond aux recommandations, chaque session d'au moins 10 minutes d'effort continu au moins un jour sur deux permettent de réactiver ces effets positifs.
A200: Cumul d'activité hebdomadaire (équivalent minute d'activité modérée)
A203: =IF(coach!T18="","Les informations communiquées n'ont pas permis de comparer vos habitudes aux recommandations faute d'informations suffisantes. Les recommandations suggèrent de réaliser au moins 150 minutes d'efforts modérés, comme la marche rapide"&", réparties sur au moins 3 sessions hebdomadaires, d'au moins 10 minutes consécutives.","Vous cumulez "&coach!T18&" minutes d'équivalent activité modérée chaque semaine. Cela représente "&ROUND(coach!T18/1.5,0)&"% des recommandations. "&IF(coach!T18/1.5>200,"Des études ont montré que vous réduisez de 50% les risques pour votre santé cardiovasculaire.",IF(coach!T18/1.5>100,"Des études ont montré que vous réduisez de 30% les risques pour votre santé cardiovasculaire. En atteingant 300 minutes d'équivalent hebdomadaire, soit "&ROUND((300-coach!T18)/2/7,0)&" minutes d'activités maximum ou "&ROUND((300-coach!T18)*0.66/7,0)&" minutes d'activités modérées en plus chaque jour, vous réduirez de 50% les risques pour votre santé cardiovasculaire.",IF(coach!T18/1.5<100,"En atteignant 150 minutes d'équivalent activité modérée vous réduisez de 30% les risques pour votre santé cardiovasculaire. Cela représente "&ROUND((150-coach!T18)/2/7,0)&" minutes d'activités difficiles ou "&ROUND((150-coach!T18)*0.66/7,0)&" minutes d'activités modérees en plus chaque jour.")))) -> Vous cumulez 30 minutes d'équivalent activité modérée chaque semaine. Cela représente 20% des recommandations. En atteignant 150 minutes d'équivalent activité modérée vous réduisez de 30% les risques pour votre santé cardiovasculaire. Cela représente 9 minutes d'activités difficiles ou 11 minutes d'activités modérees en plus chaque jour.
A208: ="Les recommandations ne comportent pas d'information sur les intensités, mais des études récentes laissent croire que les intensités élevées offrent des bénéfices qui n'apparaissent pas pour des intensités plus faibles."&" En attendant des précisions, les expertises suggèrent de diversifer autant que possible les intensités et les activités. "&IF(AND(coach!U21=0,coach!V21=0,coach!W21=0),"Vous consacrez "&ROUND((coach!W21/(coach!U21+coach!V21+coach!W21))*100,0)&"% de votre temps d'activité aux intensités élevées alors que les intensités modérées représentent "&ROUND((coach!V21/(coach!U21+coach!V21+coach!W21))*100,0)&"% de votre temps de pratique. Les "&ROUND((coach!U21/(coach!U21+coach!V21+coach!W21))*100,0)&"% restants sont dédiés aux activités faciles.","") -> Les recommandations ne comportent pas d'information sur les intensités, mais des études récentes laissent croire que les intensités élevées offrent des bénéfices qui n'apparaissent pas pour des intensités plus faibles. En attendant des précisions, les expertises suggèrent de diversifer autant que possible les intensités et les activités.

Sheet Listes
A1: SEX | B1: Intensité | C1: durée (mn) | D1: Prénom Nom
A3: Homme | B3: immobile | C3: 5 | D3: Chantal Istolainen
A4: Femme | B4: facile | C4: 10 | D4: Eric Giuily
B5: modéré | C5: 15 | D5: François Pinatel
B6: intense | C6: 20 | D6: Isabelle Mouronval
B7: maximum | C7: 25 | D7: Julien Ondedieu
C8: 30 | D8: Karine Lapeyre
C9: 35 | D9: Karine Maujean
C10: 40 | D10: Laurent Dombrowicz
C11: 45 | D11: Marie-Christine Joubeaud
C12: 50 | D12: Nicole Prud'homme
C13: 55 | D13: Onel Lavandier
C14: 60 | D14: Pascale Giuily
C15: 70 | D15: Pascale Krief
C16: 80 | D16: Philippe Lafolie
C17: 90 | D17: Sandra Lieven
C18: 105 | D18: Yves Joubeaud
C19: 120
C20: 135
C21: 150
C22: 165
C23: 180
C24: 240
C25: 300
C26: 360

Sheet tests
A1: prénom nom | B1: ddn | C1: genre | D1: date de test | E1: CR | F1: souplesse épaule | G1: souplesse jambes + dos | H1: équilibre sur droite | I1: équilibre sur gauche | J1: force jambes | K1: force dos | L1: force abdos | M1: force bras | N1: Pmax cardio | O1: t lim Pmax cardio | P1: IE | Q1: moyenne immobilité max | R1: periode max inactif | S1: recos | T1: - | U1: ≈ | V1: +
A2: Yves Joubeaud | B2: 16394 | C2: homme | D2: 42374 | E2: Yves Joubeaud : Relations familiales apaisée, charge de travail +++ Histoire récente : Bilan sanguin soulignant une faiblesse en HDL (0,47g/l contre >0,6 attendue). Dernier test d’efforts : Pas d’arythmie, décalages de segments, stenose soignée par un stent IVA distale . Traitement : cardegic 75mg, crestor 5mg, Triatec 5mg, plavix, hyperten. Test d’effort V30 30w/2min plafonné à 150w. Attente : santé. Force membres inf : faiblesse jambes droites – 13 levers de chaise en 30s Abdos : 24s mains sur les genoux. Dorso-lombaire 1mn Tronc/membres sup : 5 pompes Epaules/cage thoracique : Bonne souplesse latérale, moins bonne verticalement Flexion de tronc/hanche : mains à 14cm coté droit, 17cm coté gauche Chevilles raides Périnée présentant un manque de force et d’endurance Habitudes sportives : 1golf/45mn de course hebdo. 2x15mn de marche rapide par jours Divers : S’endort rapidement, se réveil dans la nuit fréquemment. | G2: -17 | J2: 13 | K2: 60 | L2: 24 | M2: 5 | N2: =9*3.5 -> 31.5 | O2: 4 | P2: -11.7
A3: François Pinatel | B3: 26867 | C3: homme | D3: 42858 | E3: Course à pieds : 2 fois le marathon de Paris. > 4h20 Projet 1 : apprendre à mieux m’entrainer. Retrouver la forme Projet 2 : Compétition Habitudes beaucoup d’entrainement cardio. Moyen : s’entrainer 3 fois par semaines Prefere courir avec du fractionné. Antécédants : Insuffisance veineuses. Tendinite au fessier syndrome sciatalgique ou pyramidale. Entorse de cheville surtout à gauche régulière. Releveur externe. Douleurs aux mollets surtout à droite aorès les entrainements long/intenses qui durent plus de 48h dans la region des gastronemiens. Affaissement de l’arche interne coté gauge Endurance lombaire 1’58s Endurance abdos 3 mn bras croisés main sur la poitrine Force des membres inferieurs 20mvts en 30s Equilibre pied droit 30s yeux ouverts. 28s yeux ouverts droite Yeux fermés 2s à gauche 5s à droite Souplesse chaine posterieur 8cm au dessus des pieds après 30s immobile Bonne souplesse des quadriceps (paume des mains au sol) Très bonne souplesse thoracique (au sol) | G3: -8 | H3: 28 | I3: 30 | J3: 20 | K3: 118 | L3: 180 | M3: 0 | N3: 47.25 | O3: 4 | P3: -7.7
A4: Karine Maujean | B4: 25606 | C4: femme | D4: 42907 | E4: Karine Maujean 7/2/1970 • Raison n°1 diagnostiquée HTA probable • Raison n°2 Etre en forme pour stabiliser la composition corporelle, pour être moins essouffler • Antécédant • Risques : douleurs articulaires aux genoux et chevilles (particulièrement lors de la marche ou en état de fatigue). Antécédants douleurs régulières aux trapèzes • Habitude : parfois gym+stretching samedi et marche active en dessous du SV1 plus d’1h le dimanche • +2x8mn marche chaque jours de la semaine en dessous du SV1 • Divers : petite à bien aimé faire de la natation. • Attente cardio Test dorso-lombaire 1’39 Test abdos 2’18 Quadri 14 limite 15 Droit 5s gauche 9s yeux fermé, 10s yeux ouverts. Souplesse ischio 2emes phalanges au sol Epaule mains au sol | G4: 2 | H4: 10 | I4: 10 | J4: 14 | K4: 90 | L4: 138 | N4: =11*3.5 -> 38.5 | O4: 2 | P4: -8.3 | Q4: 2 | R4: 0 | S4: 125 | T4: 160 | U4: 45 | V4: 0 | W4: 0
A5: Karine Lapeyre | B5: 21916 | C5: femme | D5: 43089 | F5: -4 | G5: -0.5 | H5: 120 | I5: 120 | J5: 15 | K5: 90 | L5: 183 | M5: 0 | N5: 38.5 | O5: 1.5 | P5: -16 | Q5: 6 | R5: 2 | S5: 200 | T5: 10 | U5: 100 | V5: 1 | W5: 0
A6: Julien Ondedieu | B6: 30348 | C6: homme | D6: 43101 | F6: 3 | G6: 3 | H6: 3 | I6: 3 | J6: 3 | K6: 3 | L6: 3 | M6: 3 | N6: 3 | O6: 3 | P6: 3 | Q6: 1 | R6: 2 | S6: 200 | T6: 0 | U6: 200 | V6: 0 | W6: 0
A7: Nicole Prud'homme | B7: 19360 | C7: femme | D7: 43110 | E7: Nicole Prud’homme 64 an apprendre à courir respirer les freins la perceverance, à cause du travail, la crainte pas de douleurs articulaires acti pratiqués golf, randonné, yoga, gym antécédents médicaux: hyperthyroïdie non symptômes 176 avenue Charles degaulle, 11h45 Équilibre gauche 3mn Équilibre droit 3mn 13s gauche 4s droit 20 levers de chaise 1:50 dos 1:40 abdos 0 pompes 2h Max immobile du lundi au vendredi Lundi et mardi 15 minutes de marche, jeudi et vendredi une heure de marche Deux heures de marche les samedis et dimanches Une heure de golf le dimanche Teste sur plastron: 5,5 cm après les orteils Coude droit en haut land ex dépasse de 200 pris 2,5 cm l’autre Coude gauche en haut 5 cm entre les deux index | F7: -5 | G7: 5.5 | H7: 180 | I7: 180 | J7: 19 | K7: 110 | L7: 100 | M7: 0 | N7: =9.5*3.5 -> 33.25 | O7: 3 | P7: -10.2 | Q7: 2 | R7: 0 | S7: 292.5 | T7: 450 | U7: 0 | V7: 45 | W7: 0
A8: Pascale Giuily | B8: 19445 | C8: femme | D8: 43110 | E8: Pascale Giuily Abdos 3:06 Lombaire 1:22 Équilibre gauche yeux ouvert 1:29 Yeux fermés 6s Équilibre droit yeux ouvert 2:00 Yeux fermés 8s 20 levers de chaise en 30s 1 pompe 2cm après les orteils 2cm à droite en haut -5cm à gauche en haut | F8: -5 | G8: 2 | H8: 120 | I8: 89 | J8: 20 | K8: 82 | L8: 186 | M8: 1 | Q8: 2 | R8: 0 | S8: 277.5 | T8: 420 | U8: 0 | V8: 45 | W8: 0
A9: Eric Giuily | B9: 19034 | C9: homme | D9: 43112 | E9: Eric giuilly 12/01/18 1:54 s sur gauche 2:00 s sur droite 2:03 abdo 1:55 dos 12 levers de chaise 3 pompes limite par le triceps côté gauche 22 cm derrière les orteils Coude gauche en haut 1 cm entre les deux mains Coude droit en haut 6 cm entre les index, la main gauche ne monte pas | F9: -6 | G9: -22 | H9: 120 | I9: 114 | J9: 12 | K9: 115 | L9: 123 | M9: 3 | Q9: 1 | R9: 0 | S9: 367.5 | T9: 420 | U9: 90 | V9: 45
A10: François Pinatel | B10: 26867 | C10: homme | D10: 43112 | E10: Objectif marathon 2019 Avec réduction des douleurs et du poids Et dessiner le tronc Diversifier les entraînements 4 séances par semaine Rigueur dans l’entraînement, j’ai apprécié le programme puis je ne savais plus ou j’en été et j’ai laché. Avoir le programme sur le téléphone 4 séances hebdo, 1 elliptique au cardio, 1 sur piste ensemble contenant du renforcement, 1 à 2 cardio Circuit training en salle pendant 30mn, Souplesse ischios et fessier 5mn par jours 30mn de circuit training en salle Force des membres inferieur 20 en 30 s 1 :35 pied droit par terre 57s pied gauche 1 :51s dos 4 :00s abdos -9cm au dessos coude droit en haut l’index dépasse de 6cm l’autre main coude gauche en haut l’index dépasse de 5cm l’autre main 9 pompes Rigueur dans l’entraînement, j’ai apprécié le programme puis je ne savais plus ou j’en été et j’ai laché. Avoir le programme sur le téléphone | F10: 5 | G10: -9 | H10: 95 | I10: 57 | J10: 20 | K10: 111 | L10: 240 | M10: 9 | N10: 50.75 | O10: 1.5 | P10: -20
A11: Karine Maujean | B11: 25606 | C11: femme | D11: 43118 | E11: Karine Maujean Teste sur place Dutronc 5 cm après les orteils. Cours de droit en haut 4 cm après l’index Coude gauche en haut 2 cm avant l’index 40 secondes teste abdo 1 33 sur le dos 21 enlevé de chaise 27 secondes pied gauche parterre Une minute 10 piédroit Karine : Commencer en renforcement par trois séries des deux exercices rotateurs internes et externes de l’humérus débuté par huit répétitions trois séries de fois par semaine. En cardio cinq fois par semaine avec comme indicateur le cardio fréquencemètre 10 minutes par session d’exercice quatre fois par semaine, 30 minutes une fois par semaine Tenir compte de l’état de forme possible selon les fluctuations et des symptômes d’anémie Chaise 2 × 10 secondes à hauteur intermédiaire, contraction allongé 10 × 3 secondes avec autant de récupération, à reproduire chaque jour. | F11: -2 | G11: 5 | H11: 70 | I11: 27 | J11: 20 | K11: 93 | L11: 40 | M11: 0 | N11: =12*3.5 -> 42 | O11: 2.5 | P11: -7.9 | Q11: 2 | R11: 0 | S11: 192.5 | T11: 160 | U11: 45 | V11: 45 | W11: 0
A12: Yves Joubeaud | B12: 16394 | C12: homme | D12: 43118 | E12: Yves Joubeaud 16 cm avant les orteils Coude gauche en haut 10 cm entre les deux index 18 cm coude droit en haut 43 secondes pied droit au sol 27 secondes pied gauche au sol Deux minutes 42 secondes abdos une minute 10 secondes dorsaux. 9,5 km heures comme vitesse Max aérobie 15 montée sur le teste chaise 10 pompes en 30 secondes | F12: -18 | G12: -16 | H12: 43 | I12: 27 | J12: 15 | K12: 70 | L12: 162 | M12: 10 | N12: =9.5*3.5 -> 33.25 | O12: 4 | P12: -9.3
A13: Onel Lavandier | B13: 32800 | C13: femme | D13: 43130 | E13: Ce qui est nouveau, c’est se lever toutes les heures : tentative, Ce qui est plus régulier c’est marcher davantage, pas facile quand on est fatigué ou à cause de la météo. 14 lever de chaise en 30 secondes Zéro pompe Une minute 10 sur le pied droit Une minute17 sur le pied gauche Souplesse du tronc, 20 cm avant les orteils 13 cm coude gauche en haut 20 cm coude droit en haut Dorso-lombaires 50 secondes Sur le teste des abdos 1mn 07 Vitesse Max aérobie : 8 km heures Une minute 30 à 8 km heures 7H-9= Préparation de Noa pour la crèche+ train et metro pour aller au boulot 20 mn sans phases de 10mn d’affilée. 9h-13h= Devant mon ordi interrompu par quelques allez retours au toilettes. 13-14 = Pause déjeuner (marche pour aller au RIE) 14H-18H= Devant mon bureau interrompu par quelques allez-retours au toilettes 18H-20H (ça dépend de l’heure à laquelle je finis) : je prends le métro et le train, ensuite je prends le bus et je marche 5 min. 2oi -Continuer de faire 10 minutes de marche en descendant une station avant tous les deux jours -Continuer de limiter la sédentarité l’immobilité prolongée à 1h -Traiter le mollet tous les jours 30 secondes par étirements, 30 secondes par compression deux une à trois fois sur chaque | F13: -20 | G13: -20 | H13: 70 | I13: 77 | J13: 14 | K13: 50 | L13: 67 | M13: 0 | N13: 28 | O13: 1.5 | P13: -21.6 | Q13: 2 | R13: 2 | S13: 62.5 | T13: 125 | U13: 0 | V13: 0 | W13: 0
A14: Karine Lapeyre | B14: 21916 | C14: femme | D14: 43199 | E14: Test cardio 12 km heures, dorso-lombaires deux minutes 12 secondes Droit 1:50 Gauche 1:30 1,5 cm après les orteils Coude droit en haut 0cm Abdos 2:30 17 levers de chaise Commencer en renforcement par trois séries des deux exercices rotateurs internes et externes de l’humérus débuté par huit répétitions trois séries de fois par semaine. En cardio cinq fois par semaine avec comme indicateur le cardio fréquencemètre 10 minutes par session d’exercice quatre fois par semaine, 30 minutes une fois par semaine Tenir compte de l’état de forme possible selon les fluctuations et des symptômes d’anémie | F14: -2 | G14: 1.5 | H14: 120 | I14: 120 | J14: 17 | K14: 132 | L14: 180 | M14: 0.3 | N14: =12*3.5 -> 42 | O14: 1.5 | P14: -14 | Q14: 1 | R14: 1 | S14: 290 | T14: 200 | U14: 50 | V14: 40 | W14: 0
A15: Philippe Lafolie | B15: 14977 | C15: homme | D15: 43255 | E15: Philippe Lafolie, 77 ans, prothèse des genoux des deux côtés posée en 2005 et 2008, légère cyphose cervicale, pas de lordose marquée. Pas d’autres antécédents déclarés. Des sensations douloureuses apparaissent côté gauche lorsque le genou est en mouvement d’extension, en appui sur sa face avant, pendant des pompes à genoux. Une douleur est décrite à l’identique lors de la montée des escaliers. Test d’effort de sécurité à demander. Tests: 10 levers de chaise en 30s 4 secondes maximum en équilibre sur le pied gauche 3 secondes maximum en équilibre sur le pied droit souplesse des membres inférieurs 23,5 cm avant les orteils souplesse du membre supérieur coude droit en haut 9,5 cm souplesse du membre supérieur gauche en haut 22 cm 2 minutes en gainage lombaire 45 secondes en gainage abdominal VMA estimée à 8 km/h. Analyse des habitudes : marche quotidienne environ 20 minutes par jour par morceaux de plus de 10 minutes. Projet ancien de marcher davantage dans le quartier qui n’a pas encore eu l’occasion d’être mis en oeuvre. Le niveau de force de la région abdominale et lombaire est approprié, en cohérence avec la force des membres inférieurs. Ces aspects ne paressent pas prioritaires dans le développement des qualité physiques. En revanche le manque de souplesse globale révélé par les deux tests sur les membres inférieurs et supérieurs révèle le caractère prioritaire de l’assouplissement de ces zones. Cette analyse correspond précisément aux besoins exprimés par Monsieur Lafolie lors d’un premier entretien téléphonique. La dyspnée est forte lors d’efforts modérés. Elle devrait être réduite grâce à une accélération volontaire de la vitesse de marche au quotidien. Le programme négocié comporte 3 étirements des chaines postérieurs inférieurs et du tronc raisin qu’une accélération de la vitesse de marche au quotidien. Il est prévu d’augmenter la quantité et la difficulté des exercices du programme progressivement si l’observance est suffisante pour faire apparaître des progrès. | F15: -22 | G15: -22 | H15: 3 | I15: 4 | J15: 10 | K15: 120 | L15: 45 | M15: 0.3
A16: Isabelle Mouronval | B16: 26867 | C16: femme | D16: 43257 | E16: 11 secondes Max sur le pied droit 20 secondes Max sur le pied gauche Flexion Dutronc sur le fémur 19 cm après les orteils. Coude droit en haut 10 cm après la main Gauche en haut 0 cm après la main 14 levers de chaise41 secondes gainage dorsale Une minute 45 en gainage abdominal Zéro pompe Aucun jour avec une immobilité maintenu plus d’une heure en dehors des faces de sommeil. 30mn le lundi 10mn modéré le lundi 30mn le mardi 10mn modéré le mercredi 30mn le jeudi 10mn modéré le variété 30mn le samedi 30mn le dimanche 10mn le mardi | F16: 0 | G16: 19 | H16: 11 | I16: 20 | J16: 14 | K16: 41 | L16: 45 | M16: 0.1
A17: Onel Lavandier | B17: 32800 | C17: femme | D17: 43263 | F17: -15 | H17: 29 | I17: 37 | J17: 18
A18: Chantal Istolainen | B18: 19725 | C18: femme | D18: 43427 | E18: Madame I est adressée par le docteur uturiague afin de reprendre une activité physique dans un contexte de dépression favorisée par des acouphènes puissants. Antécédents d’anorexie identifiés à l’âge de 17 ans puis 54. Évoque des idées noires, une perte totale d’appétit depuis 18 mois ainsi qu’une grande souffrance psychologique due aux angoisses et à la culpabilité apparue avec ses acouphènes. 43 kg pour 1,68 m, masse grasse autour de 10 %. Niveau de force rapportée au poids légèrement en dessous de la norme, mais très faible en valeur absolue. Accepte de ne pas reprendre des activités cardiaux en comprenant que l’effet anorexigènes serait délétère. Souhaite dédier 45 minutes par jour à de la gym douce. | F18: 4 | G18: 8 | H18: 34 | I18: 22 | J18: 12 | K18: 98 | L18: 89 | M18: 0.3 | N18: NC | O18: NC | P18: NC
A19: Laurent Dombrowicz | B19: 24113 | C19: homme | D19: 43425 | E19: 2/3 du temps passé à paris, 1/5 à sa maison de campagne, ¼ du temps en déplacement en Europe. Evite l’AP et le sport parce que ça ne lui plait pas, vécu comme une contrainte. Pourquoi en faire : la santé, et je me sens pas bien dans mon corps. Antécédent: Tympan perforé, lombalgie chronique, spondilarthite/ fracture en 2014 à hauteur de la cheville Prends les escaliers 3 étage 3 fois par jours, les courses 300 m autour de la maison, Aime se balader en villes inconnues mais manque d’occasion. Toujours en mouvement dans la journée. En surpoids depuis toujours, nombreux régimes encadrés, bon niveau de connaissance. En echec en société, ou à l’étranger. Souhaite : au quotidien une routine quel qu’elle soit, + une activité hebdomadaire flexible + adaptée aux douleur + 16 relevé de chaise 1 :38 gainage ventrale 1 :19 gainage dorsale équilibre gauche 34s équilibre droite 35s Souplesse membre inf 22cm avant les orteils Coude gauche en haut 20 cm entre | F19: -20 | G19: -22 | H19: 35 | I19: 34 | J19: 16 | K19: 79 | L19: 98 | M19: 0.6 | N19: 31.5 | O19: 1 | P19: -10 | Q19: 1 | R19: 1 | S19: 30 | T19: 30 | U19: 0 | V19: 0 | W19: 0

Sheet coach
A1: {=INDEX(tests!$C$2:$C$9999,SMALL(IF((tests!$A$2:$A$9999=résumé!A6),ROW($1:$9998)),ROWS($1:1)))} -> homme | B1: {=IF(ROUNDDOWN(INT((TODAY()-INDEX(tests!B$2:B$9999,SMALL(IF((tests!$A$2:$A$9999=résumé!A6),ROW($1:$9998)),1)))/365.25)/10,0)*10<30,30,IF(ROUNDDOWN(INT((TODAY()-INDEX(tests!B$2:B$9999,SMALL(IF((tests!$A$2:$A$9999=résumé!A6),ROW($1:$9998)),1)))/365.25)/10,0)*10>69,61,ROUNDDOWN(INT((TODAY()-INDEX(tests!B$2:B$9999,SMALL(IF((tests!$A$2:$A$9999=résumé!A6),ROW($1:$9998)),1)))/365.25)/10,0)*10))} -> 50 | C1: La souplesse de l'épaule et de la cage thoracique | D1: La souplesse des jambes et du bas du dos | F1: L'équilibre sur la jambe droite | G1: L'équilibre sur la jambe gauche | I1: La force des jambes, des cuisses et des fessiers | J1: La force du dos dans sa partie basse | L1: La force des muscles de l'abdomen | M1: La force du haut du corps et plus particulièrement des bras | O1: La capacité cardio-pulmonaire maximale | P1: Le temps maximum à intensité maximale | Q1: L'endurance de la capacité cardio-pulmonaire | R1: Le temps moyen immobile | S1: La période maximale resté inactif | T1: recos | U1: - | V1: ≈ | W1: + | X1: Moyenne Condition Physique | Y1: Moyenne habitude | Z1: Ecart type Moyenne condition physique | AH1: Tmax courbe | AI1: =plus petite VO2 | AJ1: GRAPHIQUES CARDIO | AS1: souplesse de l'épaule | AT1: souplesse jambes | AU1: équilibre droit | AV1: équilibre gauche | AX1: force membres inférieurs | AY1: force dorsaux-lombaire | AZ1: force abdominaux | BA1: force membres supérieurs | BB1: VO2 max | BC1: Tlim imax | BD1: IE | BE1: temps moyen immobile | BF1: période max inactif | BG1: % recos | BH1: % tps facile | BI1: % tps modéré | BJ1: % tps intense | BK1: % tps extrême | BZ1: REFERENCES CALCULS & FORMULES
A2: moyenne | C2: =VLOOKUP(B1,IF(A1="Homme",B26:J30,B31:J35),2,) -> 0.01 | D2: =VLOOKUP(B1,IF(A1="Homme",B26:J30,B31:J35),3,) -> -5 | F2: =VLOOKUP(B1,IF(A1="Homme",B26:J30,B31:J35),4,) -> 60 | G2: =VLOOKUP(B1,IF(A1="Homme",B26:J30,B31:J35),5,) -> 60 | I2: =VLOOKUP(B1,IF(A1="Homme",B26:J30,B31:J35),6,) -> 19 | J2: =VLOOKUP(B1,IF(A1="Homme",B26:J30,B31:J35),7,) -> 90 | L2: =VLOOKUP(B1,IF(A1="Homme",B26:J30,B31:J35),8,) -> 120 | M2: =VLOOKUP(B1,IF(A1="Homme",B26:K30,B31:K35),9,) -> 6 | O2: =VLOOKUP(B1,IF(A1="Homme",B26:K30,B31:K35),10,) -> 33 | P2: 3 | Q2: -8 | R2: 1.5 | S2: 1 | T2: 150 | U2: 20 | V2: 50 | W2: 10 | AH2: 120 | AI2: =SMALL(O2:O4,1) -> 31.5 | AJ2: =LARGE(P2:P4,1) -> 3 | AK2: =AJ2+(AN2-AJ2)*0.1 -> 7.8 | AL2: =AJ2+(AN2-AJ2)*0.2 -> 12.6 | AM2: =AJ2+(AN2-AJ2)*0.3 -> 17.4 | AN2: =AJ2+(AO2-AJ2)*0.4 -> 51 | AO2: =AH2+AJ2 -> 123 | AQ2: résultat grande date | AR2: =LARGE(A3:A12,1) -> 43425 | AS2: =VLOOKUP(AR2,A3:Q12,3,) -> -20 | AT2: =VLOOKUP(AR2,A3:Q12,4,) -> -22 | AU2: =VLOOKUP(AR2,A3:Q12,5,) -> 0 | AV2: =VLOOKUP(AR2,A3:Q12,6,) -> 35 | AX2: =VLOOKUP(AR2,A3:Q12,8,) -> 0 | AY2: =VLOOKUP(AR2,A3:Q12,9,) -> 16 | AZ2: =VLOOKUP(AR2,A3:Q12,10,) -> 79 | BA2: =VLOOKUP(AR2,A3:Q12,11,) -> 0 | BB2: =VLOOKUP(AR2,A3:Q12,12,) -> 98 | BC2: =VLOOKUP(AR2,A3:Q12,13,) -> 0.6 | BD2: =VLOOKUP(AR2,A3:Q12,14,) -> 0 | BE2: =VLOOKUP(AR2,A3:X12,15,) -> 31.5 | BF2: =VLOOKUP(AR2,A3:X12,16,) -> 1 | BG2: =VLOOKUP(AR2,A3:X12,17,) -> -10 | BH2: =VLOOKUP(AR2,A3:X12,18,) -> 1 | BI2: =VLOOKUP(AR2,A3:X12,19,) -> 1 | BJ2: =VLOOKUP(AR2,A3:X12,20,) -> 30 | BK2: =VLOOKUP(AR2,A3:X12,21,) -> 30
A3: {=IFERROR(INDEX(tests!$D$2:$D$9999,LARGE(IF((tests!$A$2:$A$9999=résumé!$A$6),ROW($1:$9998)),1)),"")} -> 43425 | B3: {=IFERROR(IF(INDEX(tests!E$2:E$9999,SMALL(IF((tests!$A$2:$A$9999=résumé!$A$6)*(tests!$D$2:$D$9999=$A3),ROW($1:$9998)),1))="","",INDEX(tests!E$2:E$9999,SMALL(IF((tests!$A$2:$A$9999=résumé!$A$6)*(tests!$D$2:$D$9999=$A3),ROW($1:$9998)),1))),"")} -> 2/3 du temps passé à paris, 1/5 à sa maison de campagne, ¼ du temps en déplacement en Europe. _x000D_Evite l’AP et le sport parce que ça ne lui plait pas, vécu comme une contrainte._x000D_Pourquoi en faire : la santé, et je me sens pas bien dans mon corps._x000D_Antécédent: Tympan perforé, lombalgie chronique, spondilarthite/ fracture en 2014 à hauteur de la cheville _x000D_Prends les escaliers 3 étage 3 fois par jours, les courses 300 m autour de la maison, _x000D_Aime se balader en villes inconnues mais manque d’occasion. Toujours en mouvement dans la journée._x000D__x000D_En surpoids depuis toujours, nombreux régimes encadrés, bon niveau de connaissance._x000D_En echec en société, ou à l’étranger._x000D__x000D_Souhaite : au quotidien une routine quel qu’elle soit, + une activité hebdomadaire flexible + adaptée aux douleur +_x000D__x000D_16 relevé de chaise_x000D_1 :38 gainage ventrale_x000D_1 :19 gainage dorsale_x000D_équilibre gauche 34s_x000D_équilibre droite 35s_x000D_Souplesse membre inf 22cm avant les orteils_x000D_Coude gauche en haut 20 cm entre _x000D_ | C3: {=IFERROR(IF(INDEX(tests!F$2:F$9999,SMALL(IF((tests!$A$2:$A$9999=résumé!$A$6)*(tests!$D$2:$D$9999=$A3),ROW($1:$9998)),1))="","",INDEX(tests!F$2:F$9999,SMALL(IF((tests!$A$2:$A$9999=résumé!$A$6)*(tests!$D$2:$D$9999=$A3),ROW($1:$9998)),1))),"")} -> -20 | D3: {=IFERROR(IF(INDEX(tests!G$2:G$9999,SMALL(IF((tests!$A$2:$A$9999=résumé!$A$6)*(tests!$D$2:$D$9999=$A3),ROW($1:$9998)),1))="","",INDEX(tests!G$2:G$9999,SMALL(IF((tests!$A$2:$A$9999=résumé!$A$6)*(tests!$D$2:$D$9999=$A3),ROW($1:$9998)),1))),"")} -> -22 | F3: {=IFERROR(IF(INDEX(tests!H$2:H$9999,SMALL(IF((tests!$A$2:$A$9999=résumé!$A$6)*(tests!$D$2:$D$9999=$A3),ROW($1:$9998)),1))="","",INDEX(tests!H$2:H$9999,SMALL(IF((tests!$A$2:$A$9999=résumé!$A$6)*(tests!$D$2:$D$9999=$A3),ROW($1:$9998)),1))),"")} -> 35 | G3: {=IFERROR(IF(INDEX(tests!I$2:I$9999,SMALL(IF((tests!$A$2:$A$9999=résumé!$A$6)*(tests!$D$2:$D$9999=$A3),ROW($1:$9998)),1))="","",INDEX(tests!I$2:I$9999,SMALL(IF((tests!$A$2:$A$9999=résumé!$A$6)*(tests!$D$2:$D$9999=$A3),ROW($1:$9998)),1))),"")} -> 34 | I3: {=IFERROR(IF(INDEX(tests!J$2:J$9999,SMALL(IF((tests!$A$2:$A$9999=résumé!$A$6)*(tests!$D$2:$D$9999=$A3),ROW($1:$9998)),1))="","",INDEX(tests!J$2:J$9999,SMALL(IF((tests!$A$2:$A$9999=résumé!$A$6)*(tests!$D$2:$D$9999=$A3),ROW($1:$9998)),1))),"")} -> 16 | J3: {=IFERROR(IF(INDEX(tests!K$2:K$9999,SMALL(IF((tests!$A$2:$A$9999=résumé!$A$6)*(tests!$D$2:$D$9999=$A3),ROW($1:$9998)),1))="","",INDEX(tests!K$2:K$9999,SMALL(IF((tests!$A$2:$A$9999=résumé!$A$6)*(tests!$D$2:$D$9999=$A3),ROW($1:$9998)),1))),"")} -> 79 | L3: {=IFERROR(IF(INDEX(tests!L$2:L$9999,SMALL(IF((tests!$A$2:$A$9999=résumé!$A$6)*(tests!$D$2:$D$9999=$A3),ROW($1:$9998)),1))="","",INDEX(tests!L$2:L$9999,SMALL(IF((tests!$A$2:$A$9999=résumé!$A$6)*(tests!$D$2:$D$9999=$A3),ROW($1:$9998)),1))),"")} -> 98 | M3: {=IFERROR(IF(INDEX(tests!M$2:M$9999,SMALL(IF((tests!$A$2:$A$9999=résumé!$A$6)*(tests!$D$2:$D$9999=$A3),ROW($1:$9998)),1))="","",INDEX(tests!M$2:M$9999,SMALL(IF((tests!$A$2:$A$9999=résumé!$A$6)*(tests!$D$2:$D$9999=$A3),ROW($1:$9998)),1))),"")} -> 0.6 | O3: {=IFERROR(IF(INDEX(tests!N$2:N$9999,SMALL(IF((tests!$A$2:$A$9999=résumé!$A$6)*(tests!$D$2:$D$9999=$A3),ROW($1:$9998)),1))="","",INDEX(tests!N$2:N$9999,SMALL(IF((tests!$A$2:$A$9999=résumé!$A$6)*(tests!$D$2:$D$9999=$A3),ROW($1:$9998)),1))),"")} -> 31.5 | P3: {=IFERROR(IF(INDEX(tests!O$2:O$9999,SMALL(IF((tests!$A$2:$A$9999=résumé!$A$6)*(tests!$D$2:$D$9999=$A3),ROW($1:$9998)),1))="","",INDEX(tests!O$2:O$9999,SMALL(IF((tests!$A$2:$A$9999=résumé!$A$6)*(tests!$D$2:$D$9999=$A3),ROW($1:$9998)),1))),"")} -> 1 | Q3: {=IFERROR(IF(INDEX(tests!P$2:P$9999,SMALL(IF((tests!$A$2:$A$9999=résumé!$A$6)*(tests!$D$2:$D$9999=$A3),ROW($1:$9998)),1))="","",INDEX(tests!P$2:P$9999,SMALL(IF((tests!$A$2:$A$9999=résumé!$A$6)*(tests!$D$2:$D$9999=$A3),ROW($1:$9998)),1))),"")} -> -10 | R3: {=IFERROR(IF(INDEX(tests!Q$2:Q$9999,SMALL(IF((tests!$A$2:$A$9999=résumé!$A$6)*(tests!$D$2:$D$9999=$A3),ROW($1:$9998)),1))="","",INDEX(tests!Q$2:Q$9999,SMALL(IF((tests!$A$2:$A$9999=résumé!$A$6)*(tests!$D$2:$D$9999=$A3),ROW($1:$9998)),1))),"")} -> 1 | S3: {=IFERROR(IF(INDEX(tests!R$2:R$9999,SMALL(IF((tests!$A$2:$A$9999=résumé!$A$6)*(tests!$D$2:$D$9999=$A3),ROW($1:$9998)),1))="","",INDEX(tests!R$2:R$9999,SMALL(IF((tests!$A$2:$A$9999=résumé!$A$6)*(tests!$D$2:$D$9999=$A3),ROW($1:$9998)),1))),"")} -> 1 | T3: {=IFERROR(IF(INDEX(tests!S$2:S$9999,SMALL(IF((tests!$A$2:$A$9999=résumé!$A$6)*(tests!$D$2:$D$9999=$A3),ROW($1:$9998)),1))="","",INDEX(tests!S$2:S$9999,SMALL(IF((tests!$A$2:$A$9999=résumé!$A$6)*(tests!$D$2:$D$9999=$A3),ROW($1:$9998)),1))),"")} -> 30 | U3: {=IFERROR(IF(INDEX(tests!T$2:T$9999,SMALL(IF((tests!$A$2:$A$9999=résumé!$A$6)*(tests!$D$2:$D$9999=$A3),ROW($1:$9998)),1))="","",INDEX(tests!T$2:T$9999,SMALL(IF((tests!$A$2:$A$9999=résumé!$A$6)*(tests!$D$2:$D$9999=$A3),ROW($1:$9998)),1))),"")} -> 30 | V3: {=IFERROR(IF(INDEX(tests!U$2:U$9999,SMALL(IF((tests!$A$2:$A$9999=résumé!$A$6)*(tests!$D$2:$D$9999=$A3),ROW($1:$9998)),1))="","",INDEX(tests!U$2:U$9999,SMALL(IF((tests!$A$2:$A$9999=résumé!$A$6)*(tests!$D$2:$D$9999=$A3),ROW($1:$9998)),1))),"")} -> 0 | W3: {=IFERROR(IF(INDEX(tests!V$2:V$9999,SMALL(IF((tests!$A$2:$A$9999=résumé!$A$6)*(tests!$D$2:$D$9999=$A3),ROW($1:$9998)),1))="","",INDEX(tests!V$2:V$9999,SMALL(IF((tests!$A$2:$A$9999=résumé!$A$6)*(tests!$D$2:$D$9999=$A3),ROW($1:$9998)),1))),"")} -> 0 | X3: {=IFERROR(IF(INDEX(tests!X$2:X$9999,SMALL(IF((tests!$A$2:$A$9999=résumé!$A$6)*(tests!$D$2:$D$9999=$A3),ROW($1:$9998)),1))="","",INDEX(tests!X$2:X$9999,SMALL(IF((tests!$A$2:$A$9999=résumé!$A$6)*(tests!$D$2:$D$9999=$A3),ROW($1:$9998)),1))),"")} | Y3: {=IFERROR(IF(INDEX(tests!Y$2:Y$9999,SMALL(IF((tests!$A$2:$A$9999=résumé!$A$6)*(tests!$D$2:$D$9999=$A3),ROW($1:$9998)),1))="","",INDEX(tests!Y$2:Y$9999,SMALL(IF((tests!$A$2:$A$9999=résumé!$A$6)*(tests!$D$2:$D$9999=$A3),ROW($1:$9998)),1))),"")} | Z3: ondedieu | AI3: refe | AJ3: =-(-100+(LN(P2)-LN(AJ2))*(Q2))*O2/100 -> 33 | AK3: =-(-100+(LN(P2)-LN(AK2))*(Q2))*O2/100 -> 30.47745 | AL3: =-(-100+(LN(P2)-LN(AL2))*(Q2))*O2/100 -> 29.211377 | AM3: =-(-100+(LN(P2)-LN(AM2))*(Q2))*O2/100 -> 28.359255 | AN3: =-(-100+(LN(P2)-LN(AN2))*(Q2))*O2/100 -> 25.520317 | AO3: =-(-100+(LN(P2)-LN(AO2))*(Q2))*O2/100 -> 23.19617 | AQ3: score grande date | AR3: =LARGE(A3:A12,1) -> 43425 | AS3: =VLOOKUP(AR3,A15:Q24,3,) -> -20 | AT3: =VLOOKUP(AR3,A15:Q24,4,) -> -22 | AU3: =VLOOKUP(AR3,A15:Q24,5,) -> 0 | AV3: =VLOOKUP(AR3,A15:Q24,6,) -> 0.58333333 | AX3: =VLOOKUP(AR3,A15:Q24,8,) -> 0 | AY3: =VLOOKUP(AR3,A15:Q24,9,) -> 0.84210526 | AZ3: =VLOOKUP(AR3,A15:Q24,10,) -> 0.87777778 | BA3: =VLOOKUP(AR3,A15:Q24,11,) -> 0 | BB3: =VLOOKUP(AR3,A15:Q24,12,) -> 0.81666667 | BC3: =VLOOKUP(AR3,A15:Q24,13,) -> 0.1 | BD3: =VLOOKUP(AR3,A15:Q24,14,) -> 0 | BZ3: Souplesse épaule
A4: {=IFERROR(INDEX(tests!$D$2:$D$9999,LARGE(IF((tests!$A$2:$A$9999=résumé!$A$6),ROW($1:$9998)),2)),"")} | B4: {=IFERROR(IF(INDEX(tests!E$2:E$9999,SMALL(IF((tests!$A$2:$A$9999=résumé!$A$6)*(tests!$D$2:$D$9999=$A4),ROW($1:$9998)),1))="","",INDEX(tests!E$2:E$9999,SMALL(IF((tests!$A$2:$A$9999=résumé!$A$6)*(tests!$D$2:$D$9999=$A4),ROW($1:$9998)),1))),"")} | C4: {=IFERROR(IF(INDEX(tests!F$2:F$9999,SMALL(IF((tests!$A$2:$A$9999=résumé!$A$6)*(tests!$D$2:$D$9999=$A4),ROW($1:$9998)),1))="","",INDEX(tests!F$2:F$9999,SMALL(IF((tests!$A$2:$A$9999=résumé!$A$6)*(tests!$D$2:$D$9999=$A4),ROW($1:$9998)),1))),"")} | D4: {=IFERROR(IF(INDEX(tests!G$2:G$9999,SMALL(IF((tests!$A$2:$A$9999=résumé!$A$6)*(tests!$D$2:$D$9999=$A4),ROW($1:$9998)),1))="","",INDEX(tests!G$2:G$9999,SMALL(IF((tests!$A$2:$A$9999=résumé!$A$6)*(tests!$D$2:$D$9999=$A4),ROW($1:$9998)),1))),"")} | F4: {=IFERROR(IF(INDEX(tests!H$2:H$9999,SMALL(IF((tests!$A$2:$A$9999=résumé!$A$6)*(tests!$D$2:$D$9999=$A4),ROW($1:$9998)),1))="","",INDEX(tests!H$2:H$9999,SMALL(IF((tests!$A$2:$A$9999=résumé!$A$6)*(tests!$D$2:$D$9999=$A4),ROW($1:$9998)),1))),"")} | G4: {=IFERROR(IF(INDEX(tests!I$2:I$9999,SMALL(IF((tests!$A$2:$A$9999=résumé!$A$6)*(tests!$D$2:$D$9999=$A4),ROW($1:$9998)),1))="","",INDEX(tests!I$2:I$9999,SMALL(IF((tests!$A$2:$A$9999=résumé!$A$6)*(tests!$D$2:$D$9999=$A4),ROW($1:$9998)),1))),"")} | I4: {=IFERROR(IF(INDEX(tests!J$2:J$9999,SMALL(IF((tests!$A$2:$A$9999=résumé!$A$6)*(tests!$D$2:$D$9999=$A4),ROW($1:$9998)),1))="","",INDEX(tests!J$2:J$9999,SMALL(IF((tests!$A$2:$A$9999=résumé!$A$6)*(tests!$D$2:$D$9999=$A4),ROW($1:$9998)),1))),"")} | J4: {=IFERROR(IF(INDEX(tests!K$2:K$9999,SMALL(IF((tests!$A$2:$A$9999=résumé!$A$6)*(tests!$D$2:$D$9999=$A4),ROW($1:$9998)),1))="","",INDEX(tests!K$2:K$9999,SMALL(IF((tests!$A$2:$A$9999=résumé!$A$6)*(tests!$D$2:$D$9999=$A4),ROW($1:$9998)),1))),"")} | L4: {=IFERROR(IF(INDEX(tests!L$2:L$9999,SMALL(IF((tests!$A$2:$A$9999=résumé!$A$6)*(tests!$D$2:$D$9999=$A4),ROW($1:$9998)),1))="","",INDEX(tests!L$2:L$9999,SMALL(IF((tests!$A$2:$A$9999=résumé!$A$6)*(tests!$D$2:$D$9999=$A4),ROW($1:$9998)),1))),"")} | M4: {=IFERROR(IF(INDEX(tests!M$2:M$9999,SMALL(IF((tests!$A$2:$A$9999=résumé!$A$6)*(tests!$D$2:$D$9999=$A4),ROW($1:$9998)),1))="","",INDEX(tests!M$2:M$9999,SMALL(IF((tests!$A$2:$A$9999=résumé!$A$6)*(tests!$D$2:$D$9999=$A4),ROW($1:$9998)),1))),"")} | O4: {=IFERROR(IF(INDEX(tests!N$2:N$9999,SMALL(IF((tests!$A$2:$A$9999=résumé!$A$6)*(tests!$D$2:$D$9999=$A4),ROW($1:$9998)),1))="","",INDEX(tests!N$2:N$9999,SMALL(IF((tests!$A$2:$A$9999=résumé!$A$6)*(tests!$D$2:$D$9999=$A4),ROW($1:$9998)),1))),"")} | P4: {=IFERROR(IF(INDEX(tests!O$2:O$9999,SMALL(IF((tests!$A$2:$A$9999=résumé!$A$6)*(tests!$D$2:$D$9999=$A4),ROW($1:$9998)),1))="","",INDEX(tests!O$2:O$9999,SMALL(IF((tests!$A$2:$A$9999=résumé!$A$6)*(tests!$D$2:$D$9999=$A4),ROW($1:$9998)),1))),"")} | Q4: {=IFERROR(IF(INDEX(tests!P$2:P$9999,SMALL(IF((tests!$A$2:$A$9999=résumé!$A$6)*(tests!$D$2:$D$9999=$A4),ROW($1:$9998)),1))="","",INDEX(tests!P$2:P$9999,SMALL(IF((tests!$A$2:$A$9999=résumé!$A$6)*(tests!$D$2:$D$9999=$A4),ROW($1:$9998)),1))),"")} | R4: {=IFERROR(IF(INDEX(tests!Q$2:Q$9999,SMALL(IF((tests!$A$2:$A$9999=résumé!$A$6)*(tests!$D$2:$D$9999=$A4),ROW($1:$9998)),1))="","",INDEX(tests!Q$2:Q$9999,SMALL(IF((tests!$A$2:$A$9999=résumé!$A$6)*(tests!$D$2:$D$9999=$A4),ROW($1:$9998)),1))),"")} | S4: {=IFERROR(IF(INDEX(tests!R$2:R$9999,SMALL(IF((tests!$A$2:$A$9999=résumé!$A$6)*(tests!$D$2:$D$9999=$A4),ROW($1:$9998)),1))="","",INDEX(tests!R$2:R$9999,SMALL(IF((tests!$A$2:$A$9999=résumé!$A$6)*(tests!$D$2:$D$9999=$A4),ROW($1:$9998)),1))),"")} | T4: {=IFERROR(IF(INDEX(tests!S$2:S$9999,SMALL(IF((tests!$A$2:$A$9999=résumé!$A$6)*(tests!$D$2:$D$9999=$A4),ROW($1:$9998)),1))="","",INDEX(tests!S$2:S$9999,SMALL(IF((tests!$A$2:$A$9999=résumé!$A$6)*(tests!$D$2:$D$9999=$A4),ROW($1:$9998)),1))),"")} | U4: {=IFERROR(IF(INDEX(tests!T$2:T$9999,SMALL(IF((tests!$A$2:$A$9999=résumé!$A$6)*(tests!$D$2:$D$9999=$A4),ROW($1:$9998)),1))="","",INDEX(tests!T$2:T$9999,SMALL(IF((tests!$A$2:$A$9999=résumé!$A$6)*(tests!$D$2:$D$9999=$A4),ROW($1:$9998)),1))),"")} | V4: {=IFERROR(IF(INDEX(tests!U$2:U$9999,SMALL(IF((tests!$A$2:$A$9999=résumé!$A$6)*(tests!$D$2:$D$9999=$A4),ROW($1:$9998)),1))="","",INDEX(tests!U$2:U$9999,SMALL(IF((tests!$A$2:$A$9999=résumé!$A$6)*(tests!$D$2:$D$9999=$A4),ROW($1:$9998)),1))),"")} | W4: {=IFERROR(IF(INDEX(tests!V$2:V$9999,SMALL(IF((tests!$A$2:$A$9999=résumé!$A$6)*(tests!$D$2:$D$9999=$A4),ROW($1:$9998)),1))="","",INDEX(tests!V$2:V$9999,SMALL(IF((tests!$A$2:$A$9999=résumé!$A$6)*(tests!$D$2:$D$9999=$A4),ROW($1:$9998)),1))),"")} | Z4: julien | AI4: D0 | AJ4: =-(-100+(LN(P3)-LN(AJ2))*(Q3))*O3/100 -> 28.039371 | AK4: =-(-100+(LN(P3)-LN(AK2))*(Q3))*O3/100 -> 25.02951 | AL4: =-(-100+(LN(P3)-LN(AL2))*(Q3))*O3/100 -> 23.518855 | AM4: =-(-100+(LN(P3)-LN(AM2))*(Q3))*O3/100 -> 22.502119 | AN4: =-(-100+(LN(P3)-LN(AN2))*(Q3))*O3/100 -> 19.114749 | AO4: =-(-100+(LN(P3)-LN(AO2))*(Q3))*O3/100 -> 16.341619 | AQ4: score petite date | AR4: =IF(SMALL(A3:A12,1)=LARGE(A3:A12,1),"",SMALL(A3:A12,1)) | AS4: =IF(SMALL(A3:A12,1)=LARGE(A3:A12,1),"",VLOOKUP(AR4,A15:Q24,3,)) | AT4: =IF(SMALL(A3:A12,1)=LARGE(A3:A12,1),"",VLOOKUP(AR4,A15:Q24,4,)) | AU4: =IF(SMALL(A3:A12,1)=LARGE(A3:A12,1),"",VLOOKUP(AR4,A15:Q24,5,)) | AV4: =IF(SMALL(A3:A12,1)=LARGE(A3:A12,1),"",VLOOKUP(AR4,A15:Q24,6,)) | AX4: =IF(SMALL(A3:A12,1)=LARGE(A3:A12,1),"",VLOOKUP(AR4,A15:Q24,8,)) | AY4: =IF(SMALL(A3:A12,1)=LARGE(A3:A12,1),"",VLOOKUP(AR4,A15:Q24,9,)) | AZ4: =IF(SMALL(A3:A12,1)=LARGE(A3:A12,1),"",VLOOKUP(AR4,A15:Q24,10,)) | BA4: =IF(SMALL(A3:A12,1)=LARGE(A3:A12,1),"",VLOOKUP(AR4,A15:Q24,11,)) | BB4: =IF(SMALL(A3:A12,1)=LARGE(A3:A12,1),"",VLOOKUP(AR4,A15:Q24,12,)) | BC4: =IF(SMALL(A3:A12,1)=LARGE(A3:A12,1),"",VLOOKUP(AR4,A15:Q24,13,)) | BD4: =IF(SMALL(A3:A12,1)=LARGE(A3:A12,1),"",VLOOKUP(AR4,A15:Q24,14,)) | BZ4: Catégorie: | CA4: 30 | CB4: 40 | CC4: 50 | CD4: 30F | CE4: 40F | CF4: 50F
A5: {=IFERROR(INDEX(tests!$D$2:$D$9999,LARGE(IF((tests!$A$2:$A$9999=résumé!$A$6),ROW($1:$9998)),3)),"")} | B5: {=IFERROR(IF(INDEX(tests!E$2:E$9999,SMALL(IF((tests!$A$2:$A$9999=résumé!$A$6)*(tests!$D$2:$D$9999=$A5),ROW($1:$9998)),1))="","",INDEX(tests!E$2:E$9999,SMALL(IF((tests!$A$2:$A$9999=résumé!$A$6)*(tests!$D$2:$D$9999=$A5),ROW($1:$9998)),1))),"")} | C5: {=IFERROR(IF(INDEX(tests!F$2:F$9999,SMALL(IF((tests!$A$2:$A$9999=résumé!$A$6)*(tests!$D$2:$D$9999=$A5),ROW($1:$9998)),1))="","",INDEX(tests!F$2:F$9999,SMALL(IF((tests!$A$2:$A$9999=résumé!$A$6)*(tests!$D$2:$D$9999=$A5),ROW($1:$9998)),1))),"")} | D5: {=IFERROR(IF(INDEX(tests!G$2:G$9999,SMALL(IF((tests!$A$2:$A$9999=résumé!$A$6)*(tests!$D$2:$D$9999=$A5),ROW($1:$9998)),1))="","",INDEX(tests!G$2:G$9999,SMALL(IF((tests!$A$2:$A$9999=résumé!$A$6)*(tests!$D$2:$D$9999=$A5),ROW($1:$9998)),1))),"")} | F5: {=IFERROR(IF(INDEX(tests!H$2:H$9999,SMALL(IF((tests!$A$2:$A$9999=résumé!$A$6)*(tests!$D$2:$D$9999=$A5),ROW($1:$9998)),1))="","",INDEX(tests!H$2:H$9999,SMALL(IF((tests!$A$2:$A$9999=résumé!$A$6)*(tests!$D$2:$D$9999=$A5),ROW($1:$9998)),1))),"")} | G5: {=IFERROR(IF(INDEX(tests!I$2:I$9999,SMALL(IF((tests!$A$2:$A$9999=résumé!$A$6)*(tests!$D$2:$D$9999=$A5),ROW($1:$9998)),1))="","",INDEX(tests!I$2:I$9999,SMALL(IF((tests!$A$2:$A$9999=résumé!$A$6)*(tests!$D$2:$D$9999=$A5),ROW($1:$9998)),1))),"")} | I5: {=IFERROR(IF(INDEX(tests!J$2:J$9999,SMALL(IF((tests!$A$2:$A$9999=résumé!$A$6)*(tests!$D$2:$D$9999=$A5),ROW($1:$9998)),1))="","",INDEX(tests!J$2:J$9999,SMALL(IF((tests!$A$2:$A$9999=résumé!$A$6)*(tests!$D$2:$D$9999=$A5),ROW($1:$9998)),1))),"")} | J5: {=IFERROR(IF(INDEX(tests!K$2:K$9999,SMALL(IF((tests!$A$2:$A$9999=résumé!$A$6)*(tests!$D$2:$D$9999=$A5),ROW($1:$9998)),1))="","",INDEX(tests!K$2:K$9999,SMALL(IF((tests!$A$2:$A$9999=résumé!$A$6)*(tests!$D$2:$D$9999=$A5),ROW($1:$9998)),1))),"")} | L5: {=IFERROR(IF(INDEX(tests!L$2:L$9999,SMALL(IF((tests!$A$2:$A$9999=résumé!$A$6)*(tests!$D$2:$D$9999=$A5),ROW($1:$9998)),1))="","",INDEX(tests!L$2:L$9999,SMALL(IF((tests!$A$2:$A$9999=résumé!$A$6)*(tests!$D$2:$D$9999=$A5),ROW($1:$9998)),1))),"")} | M5: {=IFERROR(IF(INDEX(tests!M$2:M$9999,SMALL(IF((tests!$A$2:$A$9999=résumé!$A$6)*(tests!$D$2:$D$9999=$A5),ROW($1:$9998)),1))="","",INDEX(tests!M$2:M$9999,SMALL(IF((tests!$A$2:$A$9999=résumé!$A$6)*(tests!$D$2:$D$9999=$A5),ROW($1:$9998)),1))),"")} | O5: {=IFERROR(IF(INDEX(tests!N$2:N$9999,SMALL(IF((tests!$A$2:$A$9999=résumé!$A$6)*(tests!$D$2:$D$9999=$A5),ROW($1:$9998)),1))="","",INDEX(tests!N$2:N$9999,SMALL(IF((tests!$A$2:$A$9999=résumé!$A$6)*(tests!$D$2:$D$9999=$A5),ROW($1:$9998)),1))),"")} | P5: {=IFERROR(IF(INDEX(tests!O$2:O$9999,SMALL(IF((tests!$A$2:$A$9999=résumé!$A$6)*(tests!$D$2:$D$9999=$A5),ROW($1:$9998)),1))="","",INDEX(tests!O$2:O$9999,SMALL(IF((tests!$A$2:$A$9999=résumé!$A$6)*(tests!$D$2:$D$9999=$A5),ROW($1:$9998)),1))),"")} | Q5: {=IFERROR(IF(INDEX(tests!P$2:P$9999,SMALL(IF((tests!$A$2:$A$9999=résumé!$A$6)*(tests!$D$2:$D$9999=$A5),ROW($1:$9998)),1))="","",INDEX(tests!P$2:P$9999,SMALL(IF((tests!$A$2:$A$9999=résumé!$A$6)*(tests!$D$2:$D$9999=$A5),ROW($1:$9998)),1))),"")} | R5: {=IFERROR(IF(INDEX(tests!Q$2:Q$9999,SMALL(IF((tests!$A$2:$A$9999=résumé!$A$6)*(tests!$D$2:$D$9999=$A5),ROW($1:$9998)),1))="","",INDEX(tests!Q$2:Q$9999,SMALL(IF((tests!$A$2:$A$9999=résumé!$A$6)*(tests!$D$2:$D$9999=$A5),ROW($1:$9998)),1))),"")} | S5: {=IFERROR(IF(INDEX(tests!R$2:R$9999,SMALL(IF((tests!$A$2:$A$9999=résumé!$A$6)*(tests!$D$2:$D$9999=$A5),ROW($1:$9998)),1))="","",INDEX(tests!R$2:R$9999,SMALL(IF((tests!$A$2:$A$9999=résumé!$A$6)*(tests!$D$2:$D$9999=$A5),ROW($1:$9998)),1))),"")} | T5: {=IFERROR(IF(INDEX(tests!S$2:S$9999,SMALL(IF((tests!$A$2:$A$9999=résumé!$A$6)*(tests!$D$2:$D$9999=$A5),ROW($1:$9998)),1))="","",INDEX(tests!S$2:S$9999,SMALL(IF((tests!$A$2:$A$9999=résumé!$A$6)*(tests!$D$2:$D$9999=$A5),ROW($1:$9998)),1))),"")} | U5: {=IFERROR(IF(INDEX(tests!T$2:T$9999,SMALL(IF((tests!$A$2:$A$9999=résumé!$A$6)*(tests!$D$2:$D$9999=$A5),ROW($1:$9998)),1))="","",INDEX(tests!T$2:T$9999,SMALL(IF((tests!$A$2:$A$9999=résumé!$A$6)*(tests!$D$2:$D$9999=$A5),ROW($1:$9998)),1))),"")} | V5: {=IFERROR(IF(INDEX(tests!U$2:U$9999,SMALL(IF((tests!$A$2:$A$9999=résumé!$A$6)*(tests!$D$2:$D$9999=$A5),ROW($1:$9998)),1))="","",INDEX(tests!U$2:U$9999,SMALL(IF((tests!$A$2:$A$9999=résumé!$A$6)*(tests!$D$2:$D$9999=$A5),ROW($1:$9998)),1))),"")} | W5: {=IFERROR(IF(INDEX(tests!V$2:V$9999,SMALL(IF((tests!$A$2:$A$9999=résumé!$A$6)*(tests!$D$2:$D$9999=$A5),ROW($1:$9998)),1))="","",INDEX(tests!V$2:V$9999,SMALL(IF((tests!$A$2:$A$9999=résumé!$A$6)*(tests!$D$2:$D$9999=$A5),ROW($1:$9998)),1))),"")} | AI5: D | AJ5: =-(-100+(LN(P4)-LN(AJ2))*(Q4))*O4/100 -> #VALUE! | AK5: =-(-100+(LN(P4)-LN(AK2))*(Q4))*O4/100 -> #VALUE! | AL5: =-(-100+(LN(P4)-LN(AL2))*(Q4))*O4/100 -> #VALUE! | AM5: =-(-100+(LN(P4)-LN(AM2))*(Q4))*O4/100 -> #VALUE! | AN5: =-(-100+(LN(P4)-LN(AN2))*(Q4))*O4/100 -> #VALUE! | AO5: =-(-100+(LN(P4)-LN(AO2))*(Q4))*O4/100 -> #VALUE! | AQ5: ratio grande/petite | AS5: =IFERROR(AS3/AS4-1,"") | AT5: =IFERROR(AT3/AT4-1,"") | AU5: =IFERROR(AU3/AU4-1,"") | AV5: =IFERROR(AV3/AV4-1,"") | AW5: =IFERROR(AW3/AW4-1,"") | AX5: =IFERROR(AX3/AX4-1,"") | AY5: =IFERROR(AY3/AY4-1,"") | AZ5: =IFERROR(AZ3/AZ4-1,"") | ... BD5: =IFERROR(BD3/BD4-1,"") | BZ5: -2 | CA5: 0.5 | CB5: =CA5+0.125 -> 0.625 | CC5: 0.75 | CD5: 0.25 | CE5: =CD5+0.125 -> 0.375 | CF5: 0.5
A6: {=IFERROR(INDEX(tests!$D$2:$D$9999,LARGE(IF((tests!$A$2:$A$9999=résumé!$A$6),ROW($1:$9998)),4)),"")} | B6: {=IFERROR(IF(INDEX(tests!E$2:E$9999,SMALL(IF((tests!$A$2:$A$9999=résumé!$A$6)*(tests!$D$2:$D$9999=$A6),ROW($1:$9998)),1))="","",INDEX(tests!E$2:E$9999,SMALL(IF((tests!$A$2:$A$9999=résumé!$A$6)*(tests!$D$2:$D$9999=$A6),ROW($1:$9998)),1))),"")} | C6: {=IFERROR(IF(INDEX(tests!F$2:F$9999,SMALL(IF((tests!$A$2:$A$9999=résumé!$A$6)*(tests!$D$2:$D$9999=$A6),ROW($1:$9998)),1))="","",INDEX(tests!F$2:F$9999,SMALL(IF((tests!$A$2:$A$9999=résumé!$A$6)*(tests!$D$2:$D$9999=$A6),ROW($1:$9998)),1))),"")} | D6: {=IFERROR(IF(INDEX(tests!G$2:G$9999,SMALL(IF((tests!$A$2:$A$9999=résumé!$A$6)*(tests!$D$2:$D$9999=$A6),ROW($1:$9998)),1))="","",INDEX(tests!G$2:G$9999,SMALL(IF((tests!$A$2:$A$9999=résumé!$A$6)*(tests!$D$2:$D$9999=$A6),ROW($1:$9998)),1))),"")} | F6: {=IFERROR(IF(INDEX(tests!H$2:H$9999,SMALL(IF((tests!$A$2:$A$9999=résumé!$A$6)*(tests!$D$2:$D$9999=$A6),ROW($1:$9998)),1))="","",INDEX(tests!H$2:H$9999,SMALL(IF((tests!$A$2:$A$9999=résumé!$A$6)*(tests!$D$2:$D$9999=$A6),ROW($1:$9998)),1))),"")} | G6: {=IFERROR(IF(INDEX(tests!I$2:I$9999,SMALL(IF((tests!$A$2:$A$9999=résumé!$A$6)*(tests!$D$2:$D$9999=$A6),ROW($1:$9998)),1))="","",INDEX(tests!I$2:I$9999,SMALL(IF((tests!$A$2:$A$9999=résumé!$A$6)*(tests!$D$2:$D$9999=$A6),ROW($1:$9998)),1))),"")} | I6: {=IFERROR(IF(INDEX(tests!J$2:J$9999,SMALL(IF((tests!$A$2:$A$9999=résumé!$A$6)*(tests!$D$2:$D$9999=$A6),ROW($1:$9998)),1))="","",INDEX(tests!J$2:J$9999,SMALL(IF((tests!$A$2:$A$9999=résumé!$A$6)*(tests!$D$2:$D$9999=$A6),ROW($1:$9998)),1))),"")} | J6: {=IFERROR(IF(INDEX(tests!K$2:K$9999,SMALL(IF((tests!$A$2:$A$9999=résumé!$A$6)*(tests!$D$2:$D$9999=$A6),ROW($1:$9998)),1))="","",INDEX(tests!K$2:K$9999,SMALL(IF((tests!$A$2:$A$9999=résumé!$A$6)*(tests!$D$2:$D$9999=$A6),ROW($1:$9998)),1))),"")} | L6: {=IFERROR(IF(INDEX(tests!L$2:L$9999,SMALL(IF((tests!$A$2:$A$9999=résumé!$A$6)*(tests!$D$2:$D$9999=$A6),ROW($1:$9998)),1))="","",INDEX(tests!L$2:L$9999,SMALL(IF((tests!$A$2:$A$9999=résumé!$A$6)*(tests!$D$2:$D$9999=$A6),ROW($1:$9998)),1))),"")} | M6: {=IFERROR(IF(INDEX(tests!M$2:M$9999,SMALL(IF((tests!$A$2:$A$9999=résumé!$A$6)*(tests!$D$2:$D$9999=$A6),ROW($1:$9998)),1))="","",INDEX(tests!M$2:M$9999,SMALL(IF((tests!$A$2:$A$9999=résumé!$A$6)*(tests!$D$2:$D$9999=$A6),ROW($1:$9998)),1))),"")} | O6: {=IFERROR(IF(INDEX(tests!N$2:N$9999,SMALL(IF((tests!$A$2:$A$9999=résumé!$A$6)*(tests!$D$2:$D$9999=$A6),ROW($1:$9998)),1))="","",INDEX(tests!N$2:N$9999,SMALL(IF((tests!$A$2:$A$9999=résumé!$A$6)*(tests!$D$2:$D$9999=$A6),ROW($1:$9998)),1))),"")} | P6: {=IFERROR(IF(INDEX(tests!O$2:O$9999,SMALL(IF((tests!$A$2:$A$9999=résumé!$A$6)*(tests!$D$2:$D$9999=$A6),ROW($1:$9998)),1))="","",INDEX(tests!O$2:O$9999,SMALL(IF((tests!$A$2:$A$9999=résumé!$A$6)*(tests!$D$2:$D$9999=$A6),ROW($1:$9998)),1))),"")} | Q6: {=IFERROR(IF(INDEX(tests!P$2:P$9999,SMALL(IF((tests!$A$2:$A$9999=résumé!$A$6)*(tests!$D$2:$D$9999=$A6),ROW($1:$9998)),1))="","",INDEX(tests!P$2:P$9999,SMALL(IF((tests!$A$2:$A$9999=résumé!$A$6)*(tests!$D$2:$D$9999=$A6),ROW($1:$9998)),1))),"")} | R6: {=IFERROR(IF(INDEX(tests!Q$2:Q$9999,SMALL(IF((tests!$A$2:$A$9999=résumé!$A$6)*(tests!$D$2:$D$9999=$A6),ROW($1:$9998)),1))="","",INDEX(tests!Q$2:Q$9999,SMALL(IF((tests!$A$2:$A$9999=résumé!$A$6)*(tests!$D$2:$D$9999=$A6),ROW($1:$9998)),1))),"")} | S6: {=IFERROR(IF(INDEX(tests!R$2:R$9999,SMALL(IF((tests!$A$2:$A$9999=résumé!$A$6)*(tests!$D$2:$D$9999=$A6),ROW($1:$9998)),1))="","",INDEX(tests!R$2:R$9999,SMALL(IF((tests!$A$2:$A$9999=résumé!$A$6)*(tests!$D$2:$D$9999=$A6),ROW($1:$9998)),1))),"")} | T6: {=IFERROR(IF(INDEX(tests!S$2:S$9999,SMALL(IF((tests!$A$2:$A$9999=résumé!$A$6)*(tests!$D$2:$D$9999=$A6),ROW($1:$9998)),1))="","",INDEX(tests!S$2:S$9999,SMALL(IF((tests!$A$2:$A$9999=résumé!$A$6)*(tests!$D$2:$D$9999=$A6),ROW($1:$9998)),1))),"")} | U6: {=IFERROR(IF(INDEX(tests!T$2:T$9999,SMALL(IF((tests!$A$2:$A$9999=résumé!$A$6)*(tests!$D$2:$D$9999=$A6),ROW($1:$9998)),1))="","",INDEX(tests!T$2:T$9999,SMALL(IF((tests!$A$2:$A$9999=résumé!$A$6)*(tests!$D$2:$D$9999=$A6),ROW($1:$9998)),1))),"")} | V6: {=IFERROR(IF(INDEX(tests!U$2:U$9999,SMALL(IF((tests!$A$2:$A$9999=résumé!$A$6)*(tests!$D$2:$D$9999=$A6),ROW($1:$9998)),1))="","",INDEX(tests!U$2:U$9999,SMALL(IF((tests!$A$2:$A$9999=résumé!$A$6)*(tests!$D$2:$D$9999=$A6),ROW($1:$9998)),1))),"")} | W6: {=IFERROR(IF(INDEX(tests!V$2:V$9999,SMALL(IF((tests!$A$2:$A$9999=résumé!$A$6)*(tests!$D$2:$D$9999=$A6),ROW($1:$9998)),1))="","",INDEX(tests!V$2:V$9999,SMALL(IF((tests!$A$2:$A$9999=résumé!$A$6)*(tests!$D$2:$D$9999=$A6),ROW($1:$9998)),1))),"")} | BZ6: 0 | CA6: 0.75 | CB6: =CA6+0.125 -> 0.875 | CC6: 1 | CD6: 0.5 | CE6: =CD6+0.125 -> 0.625 | CF6: 0.75
A7: {=IFERROR(INDEX(tests!$D$2:$D$9999,LARGE(IF((tests!$A$2:$A$9999=résumé!$A$6),ROW($1:$9998)),5)),"")} | B7: {=IFERROR(IF(INDEX(tests!E$2:E$9999,SMALL(IF((tests!$A$2:$A$9999=résumé!$A$6)*(tests!$D$2:$D$9999=$A7),ROW($1:$9998)),1))="","",INDEX(tests!E$2:E$9999,SMALL(IF((tests!$A$2:$A$9999=résumé!$A$6)*(tests!$D$2:$D$9999=$A7),ROW($1:$9998)),1))),"")} | C7: {=IFERROR(IF(INDEX(tests!F$2:F$9999,SMALL(IF((tests!$A$2:$A$9999=résumé!$A$6)*(tests!$D$2:$D$9999=$A7),ROW($1:$9998)),1))="","",INDEX(tests!F$2:F$9999,SMALL(IF((tests!$A$2:$A$9999=résumé!$A$6)*(tests!$D$2:$D$9999=$A7),ROW($1:$9998)),1))),"")} | D7: {=IFERROR(IF(INDEX(tests!G$2:G$9999,SMALL(IF((tests!$A$2:$A$9999=résumé!$A$6)*(tests!$D$2:$D$9999=$A7),ROW($1:$9998)),1))="","",INDEX(tests!G$2:G$9999,SMALL(IF((tests!$A$2:$A$9999=résumé!$A$6)*(tests!$D$2:$D$9999=$A7),ROW($1:$9998)),1))),"")} | F7: {=IFERROR(IF(INDEX(tests!H$2:H$9999,SMALL(IF((tests!$A$2:$A$9999=résumé!$A$6)*(tests!$D$2:$D$9999=$A7),ROW($1:$9998)),1))="","",INDEX(tests!H$2:H$9999,SMALL(IF((tests!$A$2:$A$9999=résumé!$A$6)*(tests!$D$2:$D$9999=$A7),ROW($1:$9998)),1))),"")} | G7: {=IFERROR(IF(INDEX(tests!I$2:I$9999,SMALL(IF((tests!$A$2:$A$9999=résumé!$A$6)*(tests!$D$2:$D$9999=$A7),ROW($1:$9998)),1))="","",INDEX(tests!I$2:I$9999,SMALL(IF((tests!$A$2:$A$9999=résumé!$A$6)*(tests!$D$2:$D$9999=$A7),ROW($1:$9998)),1))),"")} | I7: {=IFERROR(IF(INDEX(tests!J$2:J$9999,SMALL(IF((tests!$A$2:$A$9999=résumé!$A$6)*(tests!$D$2:$D$9999=$A7),ROW($1:$9998)),1))="","",INDEX(tests!J$2:J$9999,SMALL(IF((tests!$A$2:$A$9999=résumé!$A$6)*(tests!$D$2:$D$9999=$A7),ROW($1:$9998)),1))),"")} | J7: {=IFERROR(IF(INDEX(tests!K$2:K$9999,SMALL(IF((tests!$A$2:$A$9999=résumé!$A$6)*(tests!$D$2:$D$9999=$A7),ROW($1:$9998)),1))="","",INDEX(tests!K$2:K$9999,SMALL(IF((tests!$A$2:$A$9999=résumé!$A$6)*(tests!$D$2:$D$9999=$A7),ROW($1:$9998)),1))),"")} | L7: {=IFERROR(IF(INDEX(tests!L$2:L$9999,SMALL(IF((tests!$A$2:$A$9999=résumé!$A$6)*(tests!$D$2:$D$9999=$A7),ROW($1:$9998)),1))="","",INDEX(tests!L$2:L$9999,SMALL(IF((tests!$A$2:$A$9999=résumé!$A$6)*(tests!$D$2:$D$9999=$A7),ROW($1:$9998)),1))),"")} | M7: {=IFERROR(IF(INDEX(tests!M$2:M$9999,SMALL(IF((tests!$A$2:$A$9999=résumé!$A$6)*(tests!$D$2:$D$9999=$A7),ROW($1:$9998)),1))="","",INDEX(tests!M$2:M$9999,SMALL(IF((tests!$A$2:$A$9999=résumé!$A$6)*(tests!$D$2:$D$9999=$A7),ROW($1:$9998)),1))),"")} | O7: {=IFERROR(IF(INDEX(tests!N$2:N$9999,SMALL(IF((tests!$A$2:$A$9999=résumé!$A$6)*(tests!$D$2:$D$9999=$A7),ROW($1:$9998)),1))="","",INDEX(tests!N$2:N$9999,SMALL(IF((tests!$A$2:$A$9999=résumé!$A$6)*(tests!$D$2:$D$9999=$A7),ROW($1:$9998)),1))),"")} | P7: {=IFERROR(IF(INDEX(tests!O$2:O$9999,SMALL(IF((tests!$A$2:$A$9999=résumé!$A$6)*(tests!$D$2:$D$9999=$A7),ROW($1:$9998)),1))="","",INDEX(tests!O$2:O$9999,SMALL(IF((tests!$A$2:$A$9999=résumé!$A$6)*(tests!$D$2:$D$9999=$A7),ROW($1:$9998)),1))),"")} | Q7: {=IFERROR(IF(INDEX(tests!P$2:P$9999,SMALL(IF((tests!$A$2:$A$9999=résumé!$A$6)*(tests!$D$2:$D$9999=$A7),ROW($1:$9998)),1))="","",INDEX(tests!P$2:P$9999,SMALL(IF((tests!$A$2:$A$9999=résumé!$A$6)*(tests!$D$2:$D$9999=$A7),ROW($1:$9998)),1))),"")} | R7: {=IFERROR(IF(INDEX(tests!Q$2:Q$9999,SMALL(IF((tests!$A$2:$A$9999=résumé!$A$6)*(tests!$D$2:$D$9999=$A7),ROW($1:$9998)),1))="","",INDEX(tests!Q$2:Q$9999,SMALL(IF((tests!$A$2:$A$9999=résumé!$A$6)*(tests!$D$2:$D$9999=$A7),ROW($1:$9998)),1))),"")} | S7: {=IFERROR(IF(INDEX(tests!R$2:R$9999,SMALL(IF((tests!$A$2:$A$9999=résumé!$A$6)*(tests!$D$2:$D$9999=$A7),ROW($1:$9998)),1))="","",INDEX(tests!R$2:R$9999,SMALL(IF((tests!$A$2:$A$9999=résumé!$A$6)*(tests!$D$2:$D$9999=$A7),ROW($1:$9998)),1))),"")} | T7: {=IFERROR(IF(INDEX(tests!S$2:S$9999,SMALL(IF((tests!$A$2:$A$9999=résumé!$A$6)*(tests!$D$2:$D$9999=$A7),ROW($1:$9998)),1))="","",INDEX(tests!S$2:S$9999,SMALL(IF((tests!$A$2:$A$9999=résumé!$A$6)*(tests!$D$2:$D$9999=$A7),ROW($1:$9998)),1))),"")} | U7: {=IFERROR(IF(INDEX(tests!T$2:T$9999,SMALL(IF((tests!$A$2:$A$9999=résumé!$A$6)*(tests!$D$2:$D$9999=$A7),ROW($1:$9998)),1))="","",INDEX(tests!T$2:T$9999,SMALL(IF((tests!$A$2:$A$9999=résumé!$A$6)*(tests!$D$2:$D$9999=$A7),ROW($1:$9998)),1))),"")} | V7: {=IFERROR(IF(INDEX(tests!U$2:U$9999,SMALL(IF((tests!$A$2:$A$9999=résumé!$A$6)*(tests!$D$2:$D$9999=$A7),ROW($1:$9998)),1))="","",INDEX(tests!U$2:U$9999,SMALL(IF((tests!$A$2:$A$9999=résumé!$A$6)*(tests!$D$2:$D$9999=$A7),ROW($1:$9998)),1))),"")} | W7: {=IFERROR(IF(INDEX(tests!V$2:V$9999,SMALL(IF((tests!$A$2:$A$9999=résumé!$A$6)*(tests!$D$2:$D$9999=$A7),ROW($1:$9998)),1))="","",INDEX(tests!V$2:V$9999,SMALL(IF((tests!$A$2:$A$9999=résumé!$A$6)*(tests!$D$2:$D$9999=$A7),ROW($1:$9998)),1))),"")} | BZ7: 2 | CA7: 1 | CB7: =CA7+0.125 -> 1.125 | CC7: 1.25 | CD7: 0.75 | CE7: =CD7+0.125 -> 0.875 | CF7: 1
A8: {=IFERROR(INDEX(tests!$D$2:$D$9999,LARGE(IF((tests!$A$2:$A$9999=résumé!$A$6),ROW($1:$9998)),6)),"")} | B8: {=IFERROR(IF(INDEX(tests!E$2:E$9999,SMALL(IF((tests!$A$2:$A$9999=résumé!$A$6)*(tests!$D$2:$D$9999=$A8),ROW($1:$9998)),1))="","",INDEX(tests!E$2:E$9999,SMALL(IF((tests!$A$2:$A$9999=résumé!$A$6)*(tests!$D$2:$D$9999=$A8),ROW($1:$9998)),1))),"")} | C8: {=IFERROR(IF(INDEX(tests!F$2:F$9999,SMALL(IF((tests!$A$2:$A$9999=résumé!$A$6)*(tests!$D$2:$D$9999=$A8),ROW($1:$9998)),1))="","",INDEX(tests!F$2:F$9999,SMALL(IF((tests!$A$2:$A$9999=résumé!$A$6)*(tests!$D$2:$D$9999=$A8),ROW($1:$9998)),1))),"")} | D8: {=IFERROR(IF(INDEX(tests!G$2:G$9999,SMALL(IF((tests!$A$2:$A$9999=résumé!$A$6)*(tests!$D$2:$D$9999=$A8),ROW($1:$9998)),1))="","",INDEX(tests!G$2:G$9999,SMALL(IF((tests!$A$2:$A$9999=résumé!$A$6)*(tests!$D$2:$D$9999=$A8),ROW($1:$9998)),1))),"")} | F8: {=IFERROR(IF(INDEX(tests!H$2:H$9999,SMALL(IF((tests!$A$2:$A$9999=résumé!$A$6)*(tests!$D$2:$D$9999=$A8),ROW($1:$9998)),1))="","",INDEX(tests!H$2:H$9999,SMALL(IF((tests!$A$2:$A$9999=résumé!$A$6)*(tests!$D$2:$D$9999=$A8),ROW($1:$9998)),1))),"")} | G8: {=IFERROR(IF(INDEX(tests!I$2:I$9999,SMALL(IF((tests!$A$2:$A$9999=résumé!$A$6)*(tests!$D$2:$D$9999=$A8),ROW($1:$9998)),1))="","",INDEX(tests!I$2:I$9999,SMALL(IF((tests!$A$2:$A$9999=résumé!$A$6)*(tests!$D$2:$D$9999=$A8),ROW($1:$9998)),1))),"")} | I8: {=IFERROR(IF(INDEX(tests!J$2:J$9999,SMALL(IF((tests!$A$2:$A$9999=résumé!$A$6)*(tests!$D$2:$D$9999=$A8),ROW($1:$9998)),1))="","",INDEX(tests!J$2:J$9999,SMALL(IF((tests!$A$2:$A$9999=résumé!$A$6)*(tests!$D$2:$D$9999=$A8),ROW($1:$9998)),1))),"")} | J8: {=IFERROR(IF(INDEX(tests!K$2:K$9999,SMALL(IF((tests!$A$2:$A$9999=résumé!$A$6)*(tests!$D$2:$D$9999=$A8),ROW($1:$9998)),1))="","",INDEX(tests!K$2:K$9999,SMALL(IF((tests!$A$2:$A$9999=résumé!$A$6)*(tests!$D$2:$D$9999=$A8),ROW($1:$9998)),1))),"")} | L8: {=IFERROR(IF(INDEX(tests!L$2:L$9999,SMALL(IF((tests!$A$2:$A$9999=résumé!$A$6)*(tests!$D$2:$D$9999=$A8),ROW($1:$9998)),1))="","",INDEX(tests!L$2:L$9999,SMALL(IF((tests!$A$2:$A$9999=résumé!$A$6)*(tests!$D$2:$D$9999=$A8),ROW($1:$9998)),1))),"")} | M8: {=IFERROR(IF(INDEX(tests!M$2:M$9999,SMALL(IF((tests!$A$2:$A$9999=résumé!$A$6)*(tests!$D$2:$D$9999=$A8),ROW($1:$9998)),1))="","",INDEX(tests!M$2:M$9999,SMALL(IF((tests!$A$2:$A$9999=résumé!$A$6)*(tests!$D$2:$D$9999=$A8),ROW($1:$9998)),1))),"")} | O8: {=IFERROR(IF(INDEX(tests!N$2:N$9999,SMALL(IF((tests!$A$2:$A$9999=résumé!$A$6)*(tests!$D$2:$D$9999=$A8),ROW($1:$9998)),1))="","",INDEX(tests!N$2:N$9999,SMALL(IF((tests!$A$2:$A$9999=résumé!$A$6)*(tests!$D$2:$D$9999=$A8),ROW($1:$9998)),1))),"")} | P8: {=IFERROR(IF(INDEX(tests!O$2:O$9999,SMALL(IF((tests!$A$2:$A$9999=résumé!$A$6)*(tests!$D$2:$D$9999=$A8),ROW($1:$9998)),1))="","",INDEX(tests!O$2:O$9999,SMALL(IF((tests!$A$2:$A$9999=résumé!$A$6)*(tests!$D$2:$D$9999=$A8),ROW($1:$9998)),1))),"")} | Q8: {=IFERROR(IF(INDEX(tests!P$2:P$9999,SMALL(IF((tests!$A$2:$A$9999=résumé!$A$6)*(tests!$D$2:$D$9999=$A8),ROW($1:$9998)),1))="","",INDEX(tests!P$2:P$9999,SMALL(IF((tests!$A$2:$A$9999=résumé!$A$6)*(tests!$D$2:$D$9999=$A8),ROW($1:$9998)),1))),"")} | R8: {=IFERROR(IF(INDEX(tests!Q$2:Q$9999,SMALL(IF((tests!$A$2:$A$9999=résumé!$A$6)*(tests!$D$2:$D$9999=$A8),ROW($1:$9998)),1))="","",INDEX(tests!Q$2:Q$9999,SMALL(IF((tests!$A$2:$A$9999=résumé!$A$6)*(tests!$D$2:$D$9999=$A8),ROW($1:$9998)),1))),"")} | S8: {=IFERROR(IF(INDEX(tests!R$2:R$9999,SMALL(IF((tests!$A$2:$A$9999=résumé!$A$6)*(tests!$D$2:$D$9999=$A8),ROW($1:$9998)),1))="","",INDEX(tests!R$2:R$9999,SMALL(IF((tests!$A$2:$A$9999=résumé!$A$6)*(tests!$D$2:$D$9999=$A8),ROW($1:$9998)),1))),"")} | T8: {=IFERROR(IF(INDEX(tests!S$2:S$9999,SMALL(IF((tests!$A$2:$A$9999=résumé!$A$6)*(tests!$D$2:$D$9999=$A8),ROW($1:$9998)),1))="","",INDEX(tests!S$2:S$9999,SMALL(IF((tests!$A$2:$A$9999=résumé!$A$6)*(tests!$D$2:$D$9999=$A8),ROW($1:$9998)),1))),"")} | U8: {=IFERROR(IF(INDEX(tests!T$2:T$9999,SMALL(IF((tests!$A$2:$A$9999=résumé!$A$6)*(tests!$D$2:$D$9999=$A8),ROW($1:$9998)),1))="","",INDEX(tests!T$2:T$9999,SMALL(IF((tests!$A$2:$A$9999=résumé!$A$6)*(tests!$D$2:$D$9999=$A8),ROW($1:$9998)),1))),"")} | V8: {=IFERROR(IF(INDEX(tests!U$2:U$9999,SMALL(IF((tests!$A$2:$A$9999=résumé!$A$6)*(tests!$D$2:$D$9999=$A8),ROW($1:$9998)),1))="","",INDEX(tests!U$2:U$9999,SMALL(IF((tests!$A$2:$A$9999=résumé!$A$6)*(tests!$D$2:$D$9999=$A8),ROW($1:$9998)),1))),"")} | W8: {=IFERROR(IF(INDEX(tests!V$2:V$9999,SMALL(IF((tests!$A$2:$A$9999=résumé!$A$6)*(tests!$D$2:$D$9999=$A8),ROW($1:$9998)),1))="","",INDEX(tests!V$2:V$9999,SMALL(IF((tests!$A$2:$A$9999=résumé!$A$6)*(tests!$D$2:$D$9999=$A8),ROW($1:$9998)),1))),"")} | BZ8: 4 | CA8: 1.25 | CB8: =CA8+0.125 -> 1.375 | CC8: 1.5 | CD8: 1 | CE8: =CD8+0.125 -> 1.125 | CF8: 1.25
A9: {=IFERROR(INDEX(tests!$D$2:$D$9999,LARGE(IF((tests!$A$2:$A$9999=résumé!$A$6),ROW($1:$9998)),7)),"")} | B9: {=IFERROR(IF(INDEX(tests!E$2:E$9999,SMALL(IF((tests!$A$2:$A$9999=résumé!$A$6)*(tests!$D$2:$D$9999=$A9),ROW($1:$9998)),1))="","",INDEX(tests!E$2:E$9999,SMALL(IF((tests!$A$2:$A$9999=résumé!$A$6)*(tests!$D$2:$D$9999=$A9),ROW($1:$9998)),1))),"")} | C9: {=IFERROR(IF(INDEX(tests!F$2:F$9999,SMALL(IF((tests!$A$2:$A$9999=résumé!$A$6)*(tests!$D$2:$D$9999=$A9),ROW($1:$9998)),1))="","",INDEX(tests!F$2:F$9999,SMALL(IF((tests!$A$2:$A$9999=résumé!$A$6)*(tests!$D$2:$D$9999=$A9),ROW($1:$9998)),1))),"")} | D9: {=IFERROR(IF(INDEX(tests!G$2:G$9999,SMALL(IF((tests!$A$2:$A$9999=résumé!$A$6)*(tests!$D$2:$D$9999=$A9),ROW($1:$9998)),1))="","",INDEX(tests!G$2:G$9999,SMALL(IF((tests!$A$2:$A$9999=résumé!$A$6)*(tests!$D$2:$D$9999=$A9),ROW($1:$9998)),1))),"")} | F9: {=IFERROR(IF(INDEX(tests!H$2:H$9999,SMALL(IF((tests!$A$2:$A$9999=résumé!$A$6)*(tests!$D$2:$D$9999=$A9),ROW($1:$9998)),1))="","",INDEX(tests!H$2:H$9999,SMALL(IF((tests!$A$2:$A$9999=résumé!$A$6)*(tests!$D$2:$D$9999=$A9),ROW($1:$9998)),1))),"")} | G9: {=IFERROR(IF(INDEX(tests!I$2:I$9999,SMALL(IF((tests!$A$2:$A$9999=résumé!$A$6)*(tests!$D$2:$D$9999=$A9),ROW($1:$9998)),1))="","",INDEX(tests!I$2:I$9999,SMALL(IF((tests!$A$2:$A$9999=résumé!$A$6)*(tests!$D$2:$D$9999=$A9),ROW($1:$9998)),1))),"")} | I9: {=IFERROR(IF(INDEX(tests!J$2:J$9999,SMALL(IF((tests!$A$2:$A$9999=résumé!$A$6)*(tests!$D$2:$D$9999=$A9),ROW($1:$9998)),1))="","",INDEX(tests!J$2:J$9999,SMALL(IF((tests!$A$2:$A$9999=résumé!$A$6)*(tests!$D$2:$D$9999=$A9),ROW($1:$9998)),1))),"")} | J9: {=IFERROR(IF(INDEX(tests!K$2:K$9999,SMALL(IF((tests!$A$2:$A$9999=résumé!$A$6)*(tests!$D$2:$D$9999=$A9),ROW($1:$9998)),1))="","",INDEX(tests!K$2:K$9999,SMALL(IF((tests!$A$2:$A$9999=résumé!$A$6)*(tests!$D$2:$D$9999=$A9),ROW($1:$9998)),1))),"")} | L9: {=IFERROR(IF(INDEX(tests!L$2:L$9999,SMALL(IF((tests!$A$2:$A$9999=résumé!$A$6)*(tests!$D$2:$D$9999=$A9),ROW($1:$9998)),1))="","",INDEX(tests!L$2:L$9999,SMALL(IF((tests!$A$2:$A$9999=résumé!$A$6)*(tests!$D$2:$D$9999=$A9),ROW($1:$9998)),1))),"")} | M9: {=IFERROR(IF(INDEX(tests!M$2:M$9999,SMALL(IF((tests!$A$2:$A$9999=résumé!$A$6)*(tests!$D$2:$D$9999=$A9),ROW($1:$9998)),1))="","",INDEX(tests!M$2:M$9999,SMALL(IF((tests!$A$2:$A$9999=résumé!$A$6)*(tests!$D$2:$D$9999=$A9),ROW($1:$9998)),1))),"")} | O9: {=IFERROR(IF(INDEX(tests!N$2:N$9999,SMALL(IF((tests!$A$2:$A$9999=résumé!$A$6)*(tests!$D$2:$D$9999=$A9),ROW($1:$9998)),1))="","",INDEX(tests!N$2:N$9999,SMALL(IF((tests!$A$2:$A$9999=résumé!$A$6)*(tests!$D$2:$D$9999=$A9),ROW($1:$9998)),1))),"")} | P9: {=IFERROR(IF(INDEX(tests!O$2:O$9999,SMALL(IF((tests!$A$2:$A$9999=résumé!$A$6)*(tests!$D$2:$D$9999=$A9),ROW($1:$9998)),1))="","",INDEX(tests!O$2:O$9999,SMALL(IF((tests!$A$2:$A$9999=résumé!$A$6)*(tests!$D$2:$D$9999=$A9),ROW($1:$9998)),1))),"")} | Q9: {=IFERROR(IF(INDEX(tests!P$2:P$9999,SMALL(IF((tests!$A$2:$A$9999=résumé!$A$6)*(tests!$D$2:$D$9999=$A9),ROW($1:$9998)),1))="","",INDEX(tests!P$2:P$9999,SMALL(IF((tests!$A$2:$A$9999=résumé!$A$6)*(tests!$D$2:$D$9999=$A9),ROW($1:$9998)),1))),"")} | R9: {=IFERROR(IF(INDEX(tests!Q$2:Q$9999,SMALL(IF((tests!$A$2:$A$9999=résumé!$A$6)*(tests!$D$2:$D$9999=$A9),ROW($1:$9998)),1))="","",INDEX(tests!Q$2:Q$9999,SMALL(IF((tests!$A$2:$A$9999=résumé!$A$6)*(tests!$D$2:$D$9999=$A9),ROW($1:$9998)),1))),"")} | S9: {=IFERROR(IF(INDEX(tests!R$2:R$9999,SMALL(IF((tests!$A$2:$A$9999=résumé!$A$6)*(tests!$D$2:$D$9999=$A9),ROW($1:$9998)),1))="","",INDEX(tests!R$2:R$9999,SMALL(IF((tests!$A$2:$A$9999=résumé!$A$6)*(tests!$D$2:$D$9999=$A9),ROW($1:$9998)),1))),"")} | T9: {=IFERROR(IF(INDEX(tests!S$2:S$9999,SMALL(IF((tests!$A$2:$A$9999=résumé!$A$6)*(tests!$D$2:$D$9999=$A9),ROW($1:$9998)),1))="","",INDEX(tests!S$2:S$9999,SMALL(IF((tests!$A$2:$A$9999=résumé!$A$6)*(tests!$D$2:$D$9999=$A9),ROW($1:$9998)),1))),"")} | U9: {=IFERROR(IF(INDEX(tests!T$2:T$9999,SMALL(IF((tests!$A$2:$A$9999=résumé!$A$6)*(tests!$D$2:$D$9999=$A9),ROW($1:$9998)),1))="","",INDEX(tests!T$2:T$9999,SMALL(IF((tests!$A$2:$A$9999=résumé!$A$6)*(tests!$D$2:$D$9999=$A9),ROW($1:$9998)),1))),"")} | V9: {=IFERROR(IF(INDEX(tests!U$2:U$9999,SMALL(IF((tests!$A$2:$A$9999=résumé!$A$6)*(tests!$D$2:$D$9999=$A9),ROW($1:$9998)),1))="","",INDEX(tests!U$2:U$9999,SMALL(IF((tests!$A$2:$A$9999=résumé!$A$6)*(tests!$D$2:$D$9999=$A9),ROW($1:$9998)),1))),"")} | W9: {=IFERROR(IF(INDEX(tests!V$2:V$9999,SMALL(IF((tests!$A$2:$A$9999=résumé!$A$6)*(tests!$D$2:$D$9999=$A9),ROW($1:$9998)),1))="","",INDEX(tests!V$2:V$9999,SMALL(IF((tests!$A$2:$A$9999=résumé!$A$6)*(tests!$D$2:$D$9999=$A9),ROW($1:$9998)),1))),"")}
A10: {=IFERROR(INDEX(tests!$D$2:$D$9999,LARGE(IF((tests!$A$2:$A$9999=résumé!$A$6),ROW($1:$9998)),8)),"")} | B10: {=IFERROR(IF(INDEX(tests!E$2:E$9999,SMALL(IF((tests!$A$2:$A$9999=résumé!$A$6)*(tests!$D$2:$D$9999=$A10),ROW($1:$9998)),1))="","",INDEX(tests!E$2:E$9999,SMALL(IF((tests!$A$2:$A$9999=résumé!$A$6)*(tests!$D$2:$D$9999=$A10),ROW($1:$9998)),1))),"")} | C10: {=IFERROR(IF(INDEX(tests!F$2:F$9999,SMALL(IF((tests!$A$2:$A$9999=résumé!$A$6)*(tests!$D$2:$D$9999=$A10),ROW($1:$9998)),1))="","",INDEX(tests!F$2:F$9999,SMALL(IF((tests!$A$2:$A$9999=résumé!$A$6)*(tests!$D$2:$D$9999=$A10),ROW($1:$9998)),1))),"")} | D10: {=IFERROR(IF(INDEX(tests!G$2:G$9999,SMALL(IF((tests!$A$2:$A$9999=résumé!$A$6)*(tests!$D$2:$D$9999=$A10),ROW($1:$9998)),1))="","",INDEX(tests!G$2:G$9999,SMALL(IF((tests!$A$2:$A$9999=résumé!$A$6)*(tests!$D$2:$D$9999=$A10),ROW($1:$9998)),1))),"")} | F10: {=IFERROR(IF(INDEX(tests!H$2:H$9999,SMALL(IF((tests!$A$2:$A$9999=résumé!$A$6)*(tests!$D$2:$D$9999=$A10),ROW($1:$9998)),1))="","",INDEX(tests!H$2:H$9999,SMALL(IF((tests!$A$2:$A$9999=résumé!$A$6)*(tests!$D$2:$D$9999=$A10),ROW($1:$9998)),1))),"")} | G10: {=IFERROR(IF(INDEX(tests!I$2:I$9999,SMALL(IF((tests!$A$2:$A$9999=résumé!$A$6)*(tests!$D$2:$D$9999=$A10),ROW($1:$9998)),1))="","",INDEX(tests!I$2:I$9999,SMALL(IF((tests!$A$2:$A$9999=résumé!$A$6)*(tests!$D$2:$D$9999=$A10),ROW($1:$9998)),1))),"")} | I10: {=IFERROR(IF(INDEX(tests!J$2:J$9999,SMALL(IF((tests!$A$2:$A$9999=résumé!$A$6)*(tests!$D$2:$D$9999=$A10),ROW($1:$9998)),1))="","",INDEX(tests!J$2:J$9999,SMALL(IF((tests!$A$2:$A$9999=résumé!$A$6)*(tests!$D$2:$D$9999=$A10),ROW($1:$9998)),1))),"")} | J10: {=IFERROR(IF(INDEX(tests!K$2:K$9999,SMALL(IF((tests!$A$2:$A$9999=résumé!$A$6)*(tests!$D$2:$D$9999=$A10),ROW($1:$9998)),1))="","",INDEX(tests!K$2:K$9999,SMALL(IF((tests!$A$2:$A$9999=résumé!$A$6)*(tests!$D$2:$D$9999=$A10),ROW($1:$9998)),1))),"")} | L10: {=IFERROR(IF(INDEX(tests!L$2:L$9999,SMALL(IF((tests!$A$2:$A$9999=résumé!$A$6)*(tests!$D$2:$D$9999=$A10),ROW($1:$9998)),1))="","",INDEX(tests!L$2:L$9999,SMALL(IF((tests!$A$2:$A$9999=résumé!$A$6)*(tests!$D$2:$D$9999=$A10),ROW($1:$9998)),1))),"")} | M10: {=IFERROR(IF(INDEX(tests!M$2:M$9999,SMALL(IF((tests!$A$2:$A$9999=résumé!$A$6)*(tests!$D$2:$D$9999=$A10),ROW($1:$9998)),1))="","",INDEX(tests!M$2:M$9999,SMALL(IF((tests!$A$2:$A$9999=résumé!$A$6)*(tests!$D$2:$D$9999=$A10),ROW($1:$9998)),1))),"")} | O10: {=IFERROR(IF(INDEX(tests!N$2:N$9999,SMALL(IF((tests!$A$2:$A$9999=résumé!$A$6)*(tests!$D$2:$D$9999=$A10),ROW($1:$9998)),1))="","",INDEX(tests!N$2:N$9999,SMALL(IF((tests!$A$2:$A$9999=résumé!$A$6)*(tests!$D$2:$D$9999=$A10),ROW($1:$9998)),1))),"")} | P10: {=IFERROR(IF(INDEX(tests!O$2:O$9999,SMALL(IF((tests!$A$2:$A$9999=résumé!$A$6)*(tests!$D$2:$D$9999=$A10),ROW($1:$9998)),1))="","",INDEX(tests!O$2:O$9999,SMALL(IF((tests!$A$2:$A$9999=résumé!$A$6)*(tests!$D$2:$D$9999=$A10),ROW($1:$9998)),1))),"")} | Q10: {=IFERROR(IF(INDEX(tests!P$2:P$9999,SMALL(IF((tests!$A$2:$A$9999=résumé!$A$6)*(tests!$D$2:$D$9999=$A10),ROW($1:$9998)),1))="","",INDEX(tests!P$2:P$9999,SMALL(IF((tests!$A$2:$A$9999=résumé!$A$6)*(tests!$D$2:$D$9999=$A10),ROW($1:$9998)),1))),"")} | R10: {=IFERROR(IF(INDEX(tests!Q$2:Q$9999,SMALL(IF((tests!$A$2:$A$9999=résumé!$A$6)*(tests!$D$2:$D$9999=$A10),ROW($1:$9998)),1))="","",INDEX(tests!Q$2:Q$9999,SMALL(IF((tests!$A$2:$A$9999=résumé!$A$6)*(tests!$D$2:$D$9999=$A10),ROW($1:$9998)),1))),"")} | S10: {=IFERROR(IF(INDEX(tests!R$2:R$9999,SMALL(IF((tests!$A$2:$A$9999=résumé!$A$6)*(tests!$D$2:$D$9999=$A10),ROW($1:$9998)),1))="","",INDEX(tests!R$2:R$9999,SMALL(IF((tests!$A$2:$A$9999=résumé!$A$6)*(tests!$D$2:$D$9999=$A10),ROW($1:$9998)),1))),"")} | T10: {=IFERROR(IF(INDEX(tests!S$2:S$9999,SMALL(IF((tests!$A$2:$A$9999=résumé!$A$6)*(tests!$D$2:$D$9999=$A10),ROW($1:$9998)),1))="","",INDEX(tests!S$2:S$9999,SMALL(IF((tests!$A$2:$A$9999=résumé!$A$6)*(tests!$D$2:$D$9999=$A10),ROW($1:$9998)),1))),"")} | U10: {=IFERROR(IF(INDEX(tests!T$2:T$9999,SMALL(IF((tests!$A$2:$A$9999=résumé!$A$6)*(tests!$D$2:$D$9999=$A10),ROW($1:$9998)),1))="","",INDEX(tests!T$2:T$9999,SMALL(IF((tests!$A$2:$A$9999=résumé!$A$6)*(tests!$D$2:$D$9999=$A10),ROW($1:$9998)),1))),"")} | V10: {=IFERROR(IF(INDEX(tests!U$2:U$9999,SMALL(IF((tests!$A$2:$A$9999=résumé!$A$6)*(tests!$D$2:$D$9999=$A10),ROW($1:$9998)),1))="","",INDEX(tests!U$2:U$9999,SMALL(IF((tests!$A$2:$A$9999=résumé!$A$6)*(tests!$D$2:$D$9999=$A10),ROW($1:$9998)),1))),"")} | W10: {=IFERROR(IF(INDEX(tests!V$2:V$9999,SMALL(IF((tests!$A$2:$A$9999=résumé!$A$6)*(tests!$D$2:$D$9999=$A10),ROW($1:$9998)),1))="","",INDEX(tests!V$2:V$9999,SMALL(IF((tests!$A$2:$A$9999=résumé!$A$6)*(tests!$D$2:$D$9999=$A10),ROW($1:$9998)),1))),"")} | BZ10: Souplesse Jambe = 0,1 x distance doigts orteils + 1,5
A11: {=IFERROR(INDEX(tests!$D$2:$D$9999,LARGE(IF((tests!$A$2:$A$9999=résumé!$A$6),ROW($1:$9998)),9)),"")} | B11: {=IFERROR(IF(INDEX(tests!E$2:E$9999,SMALL(IF((tests!$A$2:$A$9999=résumé!$A$6)*(tests!$D$2:$D$9999=$A11),ROW($1:$9998)),1))="","",INDEX(tests!E$2:E$9999,SMALL(IF((tests!$A$2:$A$9999=résumé!$A$6)*(tests!$D$2:$D$9999=$A11),ROW($1:$9998)),1))),"")} | C11: {=IFERROR(IF(INDEX(tests!F$2:F$9999,SMALL(IF((tests!$A$2:$A$9999=résumé!$A$6)*(tests!$D$2:$D$9999=$A11),ROW($1:$9998)),1))="","",INDEX(tests!F$2:F$9999,SMALL(IF((tests!$A$2:$A$9999=résumé!$A$6)*(tests!$D$2:$D$9999=$A11),ROW($1:$9998)),1))),"")} | D11: {=IFERROR(IF(INDEX(tests!G$2:G$9999,SMALL(IF((tests!$A$2:$A$9999=résumé!$A$6)*(tests!$D$2:$D$9999=$A11),ROW($1:$9998)),1))="","",INDEX(tests!G$2:G$9999,SMALL(IF((tests!$A$2:$A$9999=résumé!$A$6)*(tests!$D$2:$D$9999=$A11),ROW($1:$9998)),1))),"")} | F11: {=IFERROR(IF(INDEX(tests!H$2:H$9999,SMALL(IF((tests!$A$2:$A$9999=résumé!$A$6)*(tests!$D$2:$D$9999=$A11),ROW($1:$9998)),1))="","",INDEX(tests!H$2:H$9999,SMALL(IF((tests!$A$2:$A$9999=résumé!$A$6)*(tests!$D$2:$D$9999=$A11),ROW($1:$9998)),1))),"")} | G11: {=IFERROR(IF(INDEX(tests!I$2:I$9999,SMALL(IF((tests!$A$2:$A$9999=résumé!$A$6)*(tests!$D$2:$D$9999=$A11),ROW($1:$9998)),1))="","",INDEX(tests!I$2:I$9999,SMALL(IF((tests!$A$2:$A$9999=résumé!$A$6)*(tests!$D$2:$D$9999=$A11),ROW($1:$9998)),1))),"")} | I11: {=IFERROR(IF(INDEX(tests!J$2:J$9999,SMALL(IF((tests!$A$2:$A$9999=résumé!$A$6)*(tests!$D$2:$D$9999=$A11),ROW($1:$9998)),1))="","",INDEX(tests!J$2:J$9999,SMALL(IF((tests!$A$2:$A$9999=résumé!$A$6)*(tests!$D$2:$D$9999=$A11),ROW($1:$9998)),1))),"")} | J11: {=IFERROR(IF(INDEX(tests!K$2:K$9999,SMALL(IF((tests!$A$2:$A$9999=résumé!$A$6)*(tests!$D$2:$D$9999=$A11),ROW($1:$9998)),1))="","",INDEX(tests!K$2:K$9999,SMALL(IF((tests!$A$2:$A$9999=résumé!$A$6)*(tests!$D$2:$D$9999=$A11),ROW($1:$9998)),1))),"")} | L11: {=IFERROR(IF(INDEX(tests!L$2:L$9999,SMALL(IF((tests!$A$2:$A$9999=résumé!$A$6)*(tests!$D$2:$D$9999=$A11),ROW($1:$9998)),1))="","",INDEX(tests!L$2:L$9999,SMALL(IF((tests!$A$2:$A$9999=résumé!$A$6)*(tests!$D$2:$D$9999=$A11),ROW($1:$9998)),1))),"")} | M11: {=IFERROR(IF(INDEX(tests!M$2:M$9999,SMALL(IF((tests!$A$2:$A$9999=résumé!$A$6)*(tests!$D$2:$D$9999=$A11),ROW($1:$9998)),1))="","",INDEX(tests!M$2:M$9999,SMALL(IF((tests!$A$2:$A$9999=résumé!$A$6)*(tests!$D$2:$D$9999=$A11),ROW($1:$9998)),1))),"")} | O11: {=IFERROR(IF(INDEX(tests!N$2:N$9999,SMALL(IF((tests!$A$2:$A$9999=résumé!$A$6)*(tests!$D$2:$D$9999=$A11),ROW($1:$9998)),1))="","",INDEX(tests!N$2:N$9999,SMALL(IF((tests!$A$2:$A$9999=résumé!$A$6)*(tests!$D$2:$D$9999=$A11),ROW($1:$9998)),1))),"")} | P11: {=IFERROR(IF(INDEX(tests!O$2:O$9999,SMALL(IF((tests!$A$2:$A$9999=résumé!$A$6)*(tests!$D$2:$D$9999=$A11),ROW($1:$9998)),1))="","",INDEX(tests!O$2:O$9999,SMALL(IF((tests!$A$2:$A$9999=résumé!$A$6)*(tests!$D$2:$D$9999=$A11),ROW($1:$9998)),1))),"")} | Q11: {=IFERROR(IF(INDEX(tests!P$2:P$9999,SMALL(IF((tests!$A$2:$A$9999=résumé!$A$6)*(tests!$D$2:$D$9999=$A11),ROW($1:$9998)),1))="","",INDEX(tests!P$2:P$9999,SMALL(IF((tests!$A$2:$A$9999=résumé!$A$6)*(tests!$D$2:$D$9999=$A11),ROW($1:$9998)),1))),"")} | R11: {=IFERROR(IF(INDEX(tests!Q$2:Q$9999,SMALL(IF((tests!$A$2:$A$9999=résumé!$A$6)*(tests!$D$2:$D$9999=$A11),ROW($1:$9998)),1))="","",INDEX(tests!Q$2:Q$9999,SMALL(IF((tests!$A$2:$A$9999=résumé!$A$6)*(tests!$D$2:$D$9999=$A11),ROW($1:$9998)),1))),"")} | S11: {=IFERROR(IF(INDEX(tests!R$2:R$9999,SMALL(IF((tests!$A$2:$A$9999=résumé!$A$6)*(tests!$D$2:$D$9999=$A11),ROW($1:$9998)),1))="","",INDEX(tests!R$2:R$9999,SMALL(IF((tests!$A$2:$A$9999=résumé!$A$6)*(tests!$D$2:$D$9999=$A11),ROW($1:$9998)),1))),"")} | T11: {=IFERROR(IF(INDEX(tests!S$2:S$9999,SMALL(IF((tests!$A$2:$A$9999=résumé!$A$6)*(tests!$D$2:$D$9999=$A11),ROW($1:$9998)),1))="","",INDEX(tests!S$2:S$9999,SMALL(IF((tests!$A$2:$A$9999=résumé!$A$6)*(tests!$D$2:$D$9999=$A11),ROW($1:$9998)),1))),"")} | U11: {=IFERROR(IF(INDEX(tests!T$2:T$9999,SMALL(IF((tests!$A$2:$A$9999=résumé!$A$6)*(tests!$D$2:$D$9999=$A11),ROW($1:$9998)),1))="","",INDEX(tests!T$2:T$9999,SMALL(IF((tests!$A$2:$A$9999=résumé!$A$6)*(tests!$D$2:$D$9999=$A11),ROW($1:$9998)),1))),"")} | V11: {=IFERROR(IF(INDEX(tests!U$2:U$9999,SMALL(IF((tests!$A$2:$A$9999=résumé!$A$6)*(tests!$D$2:$D$9999=$A11),ROW($1:$9998)),1))="","",INDEX(tests!U$2:U$9999,SMALL(IF((tests!$A$2:$A$9999=résumé!$A$6)*(tests!$D$2:$D$9999=$A11),ROW($1:$9998)),1))),"")} | W11: {=IFERROR(IF(INDEX(tests!V$2:V$9999,SMALL(IF((tests!$A$2:$A$9999=résumé!$A$6)*(tests!$D$2:$D$9999=$A11),ROW($1:$9998)),1))="","",INDEX(tests!V$2:V$9999,SMALL(IF((tests!$A$2:$A$9999=résumé!$A$6)*(tests!$D$2:$D$9999=$A11),ROW($1:$9998)),1))),"")}
A12: {=IFERROR(INDEX(tests!$D$2:$D$9999,LARGE(IF((tests!$A$2:$A$9999=résumé!$A$6),ROW($1:$9998)),10)),"")} | B12: {=IFERROR(IF(INDEX(tests!E$2:E$9999,SMALL(IF((tests!$A$2:$A$9999=résumé!$A$6)*(tests!$D$2:$D$9999=$A12),ROW($1:$9998)),1))="","",INDEX(tests!E$2:E$9999,SMALL(IF((tests!$A$2:$A$9999=résumé!$A$6)*(tests!$D$2:$D$9999=$A12),ROW($1:$9998)),1))),"")} | C12: {=IFERROR(IF(INDEX(tests!F$2:F$9999,SMALL(IF((tests!$A$2:$A$9999=résumé!$A$6)*(tests!$D$2:$D$9999=$A12),ROW($1:$9998)),1))="","",INDEX(tests!F$2:F$9999,SMALL(IF((tests!$A$2:$A$9999=résumé!$A$6)*(tests!$D$2:$D$9999=$A12),ROW($1:$9998)),1))),"")} | D12: {=IFERROR(IF(INDEX(tests!G$2:G$9999,SMALL(IF((tests!$A$2:$A$9999=résumé!$A$6)*(tests!$D$2:$D$9999=$A12),ROW($1:$9998)),1))="","",INDEX(tests!G$2:G$9999,SMALL(IF((tests!$A$2:$A$9999=résumé!$A$6)*(tests!$D$2:$D$9999=$A12),ROW($1:$9998)),1))),"")} | F12: {=IFERROR(IF(INDEX(tests!H$2:H$9999,SMALL(IF((tests!$A$2:$A$9999=résumé!$A$6)*(tests!$D$2:$D$9999=$A12),ROW($1:$9998)),1))="","",INDEX(tests!H$2:H$9999,SMALL(IF((tests!$A$2:$A$9999=résumé!$A$6)*(tests!$D$2:$D$9999=$A12),ROW($1:$9998)),1))),"")} | G12: {=IFERROR(IF(INDEX(tests!I$2:I$9999,SMALL(IF((tests!$A$2:$A$9999=résumé!$A$6)*(tests!$D$2:$D$9999=$A12),ROW($1:$9998)),1))="","",INDEX(tests!I$2:I$9999,SMALL(IF((tests!$A$2:$A$9999=résumé!$A$6)*(tests!$D$2:$D$9999=$A12),ROW($1:$9998)),1))),"")} | I12: {=IFERROR(IF(INDEX(tests!J$2:J$9999,SMALL(IF((tests!$A$2:$A$9999=résumé!$A$6)*(tests!$D$2:$D$9999=$A12),ROW($1:$9998)),1))="","",INDEX(tests!J$2:J$9999,SMALL(IF((tests!$A$2:$A$9999=résumé!$A$6)*(tests!$D$2:$D$9999=$A12),ROW($1:$9998)),1))),"")} | J12: {=IFERROR(IF(INDEX(tests!K$2:K$9999,SMALL(IF((tests!$A$2:$A$9999=résumé!$A$6)*(tests!$D$2:$D$9999=$A12),ROW($1:$9998)),1))="","",INDEX(tests!K$2:K$9999,SMALL(IF((tests!$A$2:$A$9999=résumé!$A$6)*(tests!$D$2:$D$9999=$A12),ROW($1:$9998)),1))),"")} | L12: {=IFERROR(IF(INDEX(tests!L$2:L$9999,SMALL(IF((tests!$A$2:$A$9999=résumé!$A$6)*(tests!$D$2:$D$9999=$A12),ROW($1:$9998)),1))="","",INDEX(tests!L$2:L$9999,SMALL(IF((tests!$A$2:$A$9999=résumé!$A$6)*(tests!$D$2:$D$9999=$A12),ROW($1:$9998)),1))),"")} | M12: {=IFERROR(IF(INDEX(tests!M$2:M$9999,SMALL(IF((tests!$A$2:$A$9999=résumé!$A$6)*(tests!$D$2:$D$9999=$A12),ROW($1:$9998)),1))="","",INDEX(tests!M$2:M$9999,SMALL(IF((tests!$A$2:$A$9999=résumé!$A$6)*(tests!$D$2:$D$9999=$A12),ROW($1:$9998)),1))),"")} | O12: {=IFERROR(IF(INDEX(tests!N$2:N$9999,SMALL(IF((tests!$A$2:$A$9999=résumé!$A$6)*(tests!$D$2:$D$9999=$A12),ROW($1:$9998)),1))="","",INDEX(tests!N$2:N$9999,SMALL(IF((tests!$A$2:$A$9999=résumé!$A$6)*(tests!$D$2:$D$9999=$A12),ROW($1:$9998)),1))),"")} | P12: {=IFERROR(IF(INDEX(tests!O$2:O$9999,SMALL(IF((tests!$A$2:$A$9999=résumé!$A$6)*(tests!$D$2:$D$9999=$A12),ROW($1:$9998)),1))="","",INDEX(tests!O$2:O$9999,SMALL(IF((tests!$A$2:$A$9999=résumé!$A$6)*(tests!$D$2:$D$9999=$A12),ROW($1:$9998)),1))),"")} | Q12: {=IFERROR(IF(INDEX(tests!P$2:P$9999,SMALL(IF((tests!$A$2:$A$9999=résumé!$A$6)*(tests!$D$2:$D$9999=$A12),ROW($1:$9998)),1))="","",INDEX(tests!P$2:P$9999,SMALL(IF((tests!$A$2:$A$9999=résumé!$A$6)*(tests!$D$2:$D$9999=$A12),ROW($1:$9998)),1))),"")} | R12: {=IFERROR(IF(INDEX(tests!Q$2:Q$9999,SMALL(IF((tests!$A$2:$A$9999=résumé!$A$6)*(tests!$D$2:$D$9999=$A12),ROW($1:$9998)),1))="","",INDEX(tests!Q$2:Q$9999,SMALL(IF((tests!$A$2:$A$9999=résumé!$A$6)*(tests!$D$2:$D$9999=$A12),ROW($1:$9998)),1))),"")} | S12: {=IFERROR(IF(INDEX(tests!R$2:R$9999,SMALL(IF((tests!$A$2:$A$9999=résumé!$A$6)*(tests!$D$2:$D$9999=$A12),ROW($1:$9998)),1))="","",INDEX(tests!R$2:R$9999,SMALL(IF((tests!$A$2:$A$9999=résumé!$A$6)*(tests!$D$2:$D$9999=$A12),ROW($1:$9998)),1))),"")} | T12: {=IFERROR(IF(INDEX(tests!S$2:S$9999,SMALL(IF((tests!$A$2:$A$9999=résumé!$A$6)*(tests!$D$2:$D$9999=$A12),ROW($1:$9998)),1))="","",INDEX(tests!S$2:S$9999,SMALL(IF((tests!$A$2:$A$9999=résumé!$A$6)*(tests!$D$2:$D$9999=$A12),ROW($1:$9998)),1))),"")} | U12: {=IFERROR(IF(INDEX(tests!T$2:T$9999,SMALL(IF((tests!$A$2:$A$9999=résumé!$A$6)*(tests!$D$2:$D$9999=$A12),ROW($1:$9998)),1))="","",INDEX(tests!T$2:T$9999,SMALL(IF((tests!$A$2:$A$9999=résumé!$A$6)*(tests!$D$2:$D$9999=$A12),ROW($1:$9998)),1))),"")} | V12: {=IFERROR(IF(INDEX(tests!U$2:U$9999,SMALL(IF((tests!$A$2:$A$9999=résumé!$A$6)*(tests!$D$2:$D$9999=$A12),ROW($1:$9998)),1))="","",INDEX(tests!U$2:U$9999,SMALL(IF((tests!$A$2:$A$9999=résumé!$A$6)*(tests!$D$2:$D$9999=$A12),ROW($1:$9998)),1))),"")} | W12: {=IFERROR(IF(INDEX(tests!V$2:V$9999,SMALL(IF((tests!$A$2:$A$9999=résumé!$A$6)*(tests!$D$2:$D$9999=$A12),ROW($1:$9998)),1))="","",INDEX(tests!V$2:V$9999,SMALL(IF((tests!$A$2:$A$9999=résumé!$A$6)*(tests!$D$2:$D$9999=$A12),ROW($1:$9998)),1))),"")}
A13: graphique radar
A14: référence | C14: =C2 -> 0.01 | D14: 1 | F14: 1 | G14: 1 | I14: 1 | J14: 1 | L14: 1 | M14: 1 | O14: 1 | P14: 1 | Q14: 1 | R14: 1 | S14: 1 | T14: 1 | U14: 1 | V14: 1 | W14: 1
A15: =LARGE(A3:A12,1) -> 43425 | C15: =IF(VLOOKUP(LARGE(A3:A12,1),A3:M12,3,)="","",VLOOKUP(LARGE(A3:A12,1),A3:M12,3,)) -> -20 | D15: =IF(VLOOKUP(LARGE(A3:A12,1),A3:M12,4,)="","",VLOOKUP(LARGE(A3:A12,1),A3:M12,4,)) -> -22 | F15: =IF(VLOOKUP(LARGE(A3:A12,1),A3:M12,6,)="","",VLOOKUP(LARGE(A3:A12,1),A3:M12,6,)/$F$2) -> 0.58333333 | G15: =IF(VLOOKUP(LARGE(A3:A12,1),A3:M12,7,)="","",VLOOKUP(LARGE(A3:A12,1),A3:M12,7,)/$G$2) -> 0.56666667 | I15: =IF(VLOOKUP(LARGE(A3:A12,1),A3:M12,9,)="","",VLOOKUP(LARGE(A3:A12,1),A3:M12,9,)/$I$2) -> 0.84210526 | J15: =IF(VLOOKUP(LARGE(A3:A12,1),A3:M12,10,)="","",VLOOKUP(LARGE(A3:A12,1),A3:M12,10,)/$J$2) -> 0.87777778 | L15: =IF(VLOOKUP(LARGE(A3:A12,1),A3:M12,12,)="","",VLOOKUP(LARGE(A3:A12,1),A3:M12,12,)/$L$2) -> 0.81666667 | M15: =IF(VLOOKUP(LARGE(A3:A12,1),A3:M12,13,)="","",VLOOKUP(LARGE(A3:A12,1),A3:M12,13,)/$M$2) -> 0.1 | O15: =IF(VLOOKUP(LARGE(A3:A12,1),A3:Q12,15,)="","",IF(C3="","",VLOOKUP(LARGE(A3:A12,1),A3:Q12,15,)/$O$2)) -> 0.95454545 | P15: =IF(VLOOKUP(LARGE(A3:A12,1),A3:Q12,16,)="","",IF(C3="","",VLOOKUP(LARGE(A3:A12,1),A3:Q12,16,)/$P$2)) -> 0.33333333 | Q15: =IF(VLOOKUP(LARGE(A3:A12,1),A3:Q12,17,)="","",IF(C3="","",VLOOKUP(LARGE(A3:A12,1),A3:Q12,17,))) -> -10 | R15: {=IF(R3="","",VLOOKUP(LARGE(A3:A12,1),A3:W12,18,)/$R$2)} -> 0.66666667 | S15: {=IF(S3="","",VLOOKUP(LARGE(A3:A12,1),A3:W12,19,)/$S$2)} -> 1 | T15: {=IF(T3="","",VLOOKUP(LARGE(A3:A12,1),A3:W12,20,)/$T$2)} -> 0.2 | U15: {=IF(U3="","",VLOOKUP(LARGE(A3:A12,1),A3:W12,21,)/$U$2)} -> 1.5 | V15: {=IF(V3="","",VLOOKUP(LARGE(A3:A12,1),A3:W12,22,)/$V$2)} -> 0 | W15: {=IF(W3="","",VLOOKUP(LARGE(A3:A12,1),A3:W12,23,)/$W$2)} -> 0 | X15: =SUM(C22:Q22)/(15-COUNTIF(C22:Q22,"")) -> 0.5994935 | Y15: =SUM(R15:T15)/3 -> 0.62222222 | Z15: =STDEV(coach!C22,coach!D22,coach!F22,coach!G22,coach!I22,coach!J22,coach!L22,coach!M22,O22,Q22,) -> 0.361631
A16: =IF(SMALL(A3:A12,1)=LARGE(A3:A12,1),"",SMALL(A3:A12,1)) | C16: =IF(OR(SMALL(A3:A12,1)=LARGE(A3:A12,1),C4=""),"",VLOOKUP(SMALL(A3:A12,1),A3:M12,3,)) | D16: =IF(OR(SMALL(A3:A12,1)=LARGE(A3:A12,1),D4=""),"",VLOOKUP(SMALL(A3:A12,1),A3:M12,4,)) | F16: =IF(OR(SMALL(A3:A12,1)=LARGE(A3:A12,1),F4=""),"",VLOOKUP(SMALL(A3:A12,1),A3:M12,6,)/$F$2) | G16: =IF(OR(SMALL(A3:A12,1)=LARGE(A3:A12,1),G4=""),"",VLOOKUP(SMALL(A3:A12,1),A3:M12,7,)/$G$2) | I16: =IF(OR(SMALL(A3:A12,1)=LARGE(A3:A12,1),I4=""),"",VLOOKUP(SMALL(A3:A12,1),A3:M12,9,)/$I$2) | J16: =IF(OR(SMALL(A3:A12,1)=LARGE(A3:A12,1),J4=""),"",VLOOKUP(SMALL(A3:A12,1),A3:M12,10,)/$J$2) | L16: =IF(OR(SMALL(A3:A12,1)=LARGE(A3:A12,1),L4=""),"",VLOOKUP(SMALL(A3:A12,1),A3:M12,12,)/$L$2) | M16: =IF(OR(SMALL(A3:A12,1)=LARGE(A3:A12,1),M4=""),"",VLOOKUP(SMALL(A3:A12,1),A3:M12,13,)/$M$2) | O16: =IF(OR(SMALL(A3:A12,1)=LARGE(A3:A12,1),O4=""),"",VLOOKUP(SMALL(A3:A12,1),A3:Q12,15,)/$O$2) | P16: =IF(OR(SMALL(A3:A12,1)=LARGE(A3:A12,1),P4=""),"",VLOOKUP(SMALL(A3:A12,1),A3:Q12,16,)/$P$2) | Q16: =IF(OR(SMALL(A3:A12,1)=LARGE(A3:A12,1),Q4=""),"",VLOOKUP(SMALL(A3:A12,1),A3:Q12,17,)) | R16: =IF(OR(SMALL(A3:A12,1)=LARGE(A3:A12,1),R4=""),"",VLOOKUP(SMALL(A3:A12,1),A3:W12,18,)/$R$2) | S16: =IF(OR(SMALL(A3:A12,1)=LARGE(A3:A12,1),S4=""),"",VLOOKUP(SMALL(A3:A12,1),A3:W12,19,)/$S$2) | T16: =IF(OR(SMALL(A3:A12,1)=LARGE(A3:A12,1),T4=""),"",VLOOKUP(SMALL(A3:A12,1),A3:W12,20,)/$T$2) | U16: =IF(OR(SMALL(A3:A12,1)=LARGE(A3:A12,1),U4=""),"",VLOOKUP(SMALL(A3:A12,1),A3:W12,21,)/$U$2) | V16: =IF(OR(SMALL(A3:A12,1)=LARGE(A3:A12,1),V4=""),"",VLOOKUP(SMALL(A3:A12,1),A3:W12,22,)/$V$2) | W16: =IF(OR(SMALL(A3:A12,1)=LARGE(A3:A12,1),W4=""),"",VLOOKUP(SMALL(A3:A12,1),A3:W12,23,)/$W$2) | X16: =SUM(C16:Q16)/11 -> 0
A17: ratio grande/petite | C17: =IFERROR(C15-C16,"") | D17: =IFERROR(D15-D16,"") | E17: =IFERROR(E15/E16-1,"") | F17: =IFERROR(F15/F16-1,"") | G17: =IFERROR(G15/G16-1,"") | I17: =IFERROR(I15/I16-1,"") | J17: =IFERROR(J15/J16-1,"") | L17: =IFERROR(L15/L16-1,"") | M17: =IFERROR(M15/M16-1,"") | O17: =IFERROR(O15/O16-1,"") | P17: =IFERROR(P15/P16-1,"") | Q17: =IFERROR(-(Q15/Q16-1),"") | R17: =IFERROR(R15/R16-1,"") | S17: =IFERROR(S15/S16-1,"") | T17: =IFERROR(T15/T16-1,"") | U17: =IFERROR(U15/U16-1,"") | V17: =IFERROR(V15/V16-1,"") | W17: =IFERROR(W15/W16-1,"")
A18: résultat Grande date | C18: =IF(VLOOKUP(LARGE(A3:A12,1),A3:X12,3,)="","",VLOOKUP(LARGE(A3:A12,1),A3:X12,3,)) -> -20 | D18: =IF(VLOOKUP(LARGE(A3:A12,1),A3:X12,4,)="","",VLOOKUP(LARGE(A3:A12,1),A3:X12,4,)) -> -22 | F18: =IF(VLOOKUP(LARGE(A3:A12,1),A3:X12,6,)="","",VLOOKUP(LARGE(A3:A12,1),A3:X12,6,)) -> 35 | G18: =IF(VLOOKUP(LARGE(A3:A12,1),A3:X12,7,)="","",VLOOKUP(LARGE(A3:A12,1),A3:X12,7,)) -> 34 | I18: =IF(VLOOKUP(LARGE(A3:A12,1),A3:X12,9,)="","",VLOOKUP(LARGE(A3:A12,1),A3:X12,9,)) -> 16 | J18: =IF(VLOOKUP(LARGE(A3:A12,1),A3:X12,10,)="","",VLOOKUP(LARGE(A3:A12,1),A3:X12,10,)) -> 79 | L18: =IF(VLOOKUP(LARGE(A3:A12,1),A3:X12,12,)="","",VLOOKUP(LARGE(A3:A12,1),A3:X12,12,)) -> 98 | M18: =IF(VLOOKUP(LARGE(A3:A12,1),A3:X12,13,)="","",VLOOKUP(LARGE(A3:A12,1),A3:X12,13,)) -> 0.6 | O18: =IF(VLOOKUP(LARGE(A3:A12,1),A3:X12,15,)="","",VLOOKUP(LARGE(A3:A12,1),A3:X12,15,)) -> 31.5 | P18: =IF(VLOOKUP(LARGE(A3:A12,1),A3:X12,16,)="","",VLOOKUP(LARGE(A3:A12,1),A3:X12,16,)) -> 1 | Q18: =IF(VLOOKUP(LARGE(A3:A12,1),A3:X12,17,)="","",VLOOKUP(LARGE(A3:A12,1),A3:X12,17,)) -> -10 | R18: =IF(VLOOKUP(LARGE(A3:A12,1),A3:X12,18,)="","",VLOOKUP(LARGE(A3:A12,1),A3:X12,18,)) -> 1 | S18: =IF(VLOOKUP(LARGE(A3:A12,1),A3:X12,19,)="","",VLOOKUP(LARGE(A3:A12,1),A3:X12,19,)) -> 1 | T18: =IF(VLOOKUP(LARGE(A3:A12,1),A3:X12,20,)="","",VLOOKUP(LARGE(A3:A12,1),A3:X12,20,)) -> 30 | U18: =IF(VLOOKUP(LARGE(A3:A12,1),A3:X12,21,)="","",VLOOKUP(LARGE(A3:A12,1),A3:X12,21,)) -> 30 | V18: =IF(VLOOKUP(LARGE(A3:A12,1),A3:X12,22,)="","",VLOOKUP(LARGE(A3:A12,1),A3:X12,22,)) -> 0 | W18: =IF(VLOOKUP(LARGE(A3:A12,1),A3:X12,23,)="","",VLOOKUP(LARGE(A3:A12,1),A3:X12,23,)) -> 0
A19: référence | R19: =R2 -> 1.5 | S19: =S2 -> 1 | T19: =T2 -> 150 | U19: =U2 -> 20 | V19: =V2 -> 50 | W19: =W2 -> 10
A20: =IF(SMALL(A3:A12,1)=LARGE(A3:A12,1),"",SMALL(A3:A12,1)) | I20: graphique répartition intensité activité | R20: =IF(SMALL(A3:A12,1)=LARGE(A3:A12,1),"",VLOOKUP(SMALL(A3:A12,1),A3:X12,18,)) | S20: =IF(SMALL(A3:A12,1)=LARGE(A3:A12,1),"",VLOOKUP(SMALL(A3:A12,1),A3:X12,19,)) | T20: =IF(SMALL(A3:A12,1)=LARGE(A3:A12,1),"",VLOOKUP(SMALL(A3:A12,1),A3:X12,20,)) | U20: =IF(SMALL(A3:A12,1)=LARGE(A3:A12,1),"",VLOOKUP(SMALL(A3:A12,1),A3:X12,21,)) | V20: =IF(SMALL(A3:A12,1)=LARGE(A3:A12,1),"",VLOOKUP(SMALL(A3:A12,1),A3:X12,22,)) | W20: =IF(SMALL(A3:A12,1)=LARGE(A3:A12,1),"",VLOOKUP(SMALL(A3:A12,1),A3:X12,23,))
A21: =LARGE(A3:A12,1) -> 43425 | R21: =VLOOKUP(LARGE(A3:A12,1),A3:X12,18,) -> 1 | S21: =VLOOKUP(LARGE(A3:A12,1),A3:X12,19,) -> 1 | T21: =VLOOKUP(LARGE(A3:A12,1),A3:X12,20,) -> 30 | U21: =VLOOKUP(LARGE(A3:A12,1),A3:X12,21,) -> 30 | V21: =VLOOKUP(LARGE(A3:A12,1),A3:X12,22,) -> 0 | W21: =VLOOKUP(LARGE(A3:A12,1),A3:X12,23,) -> 0
C22: =IF(C15="","",0.04*(C15+IF(B15=C15,0.001,0))+1) -> 0.2 | D22: =IF(D15="","",0.04*(D15+IF(OR(A22=D15+0.002,B22=D15+0.002,C22=D15+0.002),0.003,IF(OR(A22=D15+0.001,B22=D15+0.001,C22=D15+0.001),0.002,IF(OR(A15=D15,B15=D15,C15=D15),0.001,0))))+1.2) -> 0.32 | F22: =IF(F15="","",F15+IF(OR(A22=F15+0.002,B22=F15+0.002,C22=F15+0.002,D22=F15+0.002,E22=F15+0.002),0.003,IF(OR(A22=F15+0.001,B22=F15+0.001,C22=F15+0.001,D22=F15+0.001,E22=F15+0.001),0.002,IF(OR(A15=F15,B15=F15,C15=F15,D15=F15,E15=F15),0.001,0)))) -> 0.58333333 | G22: =IF(G15="","",G15+IF(OR(A22=G15+0.002,B22=G15+0.002,C22=G15+0.002,D22=G15+0.002,E22=G15+0.002,F22=G15+0.002),0.003,IF(OR(A22=G15+0.001,B22=G15+0.001,C22=G15+0.001,D22=G15+0.001,E22=G15+0.001,F22=G15+0.001),0.002,IF(OR(A15=G15,B15=G15,C15=G15,D15=G15,E15=G15,F15=G15),0.001,0)))) -> 0.56666667 | I22: =IF(I15="","",I15+IF(OR(A22=I15+0.002,B22=I15+0.002,C22=I15+0.002,D22=I15+0.002,E22=I15+0.002,F22=I15+0.002,G22=I15+0.002,H22=I15+0.002),0.003,IF(OR(A22=I15+0.001,B22=I15+0.001,C22=I15+0.001,D22=I15+0.001,E22=I15+0.001,F22=I15+0.001,G22=I15+0.001,H22=I15+0.001),0.002,IF(OR(A15=I15,B15=I15,C15=I15,D15=I15,E15=I15,F15=I15,G15=I15,H15=I15),0.001,0)))) -> 0.84210526 | J22: =IF(J15="","",J15+IF(OR(A22=J15+0.002,B22=J15+0.002,C22=J15+0.002,D22=J15+0.002,E22=J15+0.002,F22=J15+0.002,G22=J15+0.002,H22=J15+0.002,I22=J15+0.002),0.003,IF(OR(A22=J15+0.001,B22=J15+0.001,C22=J15+0.001,D22=J15+0.001,E22=J15+0.001,F22=J15+0.001,G22=J15+0.001,H22=J15+0.001,I22=J15+0.001),0.002,IF(OR(A15=H15,B15=J15,C15=J15,D15=J15,E15=J15,F15=J15,G15=J15,H15=J15,I15=J15),0.001,0)))) -> 0.87777778 | L22: =IF(L15="","",L15+IF(OR(A22=L15+0.002,B22=L15+0.002,C22=L15+0.002,D22=L15+0.002,E22=L15+0.002,F22=L15+0.002,G22=L15+0.002,H22=L15+0.002,I22=L15+0.002,J22=L15+0.002,K22=L15+0.002),0.003,IF(OR(A22=L15+0.001,B22=L15+0.001,C22=L15+0.001,D22=L15+0.001,E22=L15+0.001,F22=L15+0.001,G22=L15+0.001,H22=L15+0.001,I22=L15+0.001,J22=L15+0.001,K22=L15+0.001),0.002,IF(OR(A15=I15,B15=J15,C15=J15,D15=L15,E15=L15,F15=L15,G15=L15,H15=L15,I15=L15,J15=L15,K15=L15),0.001,0)))) -> 0.81666667 | M22: =IF(M15="","",M15+IF(OR(A22=M15+0.002,B22=M15+0.002,C22=M15+0.002,D22=M15+0.002,E22=M15+0.002,F22=M15+0.002,G22=M15+0.002,H22=M15+0.002,I22=M15+0.002,J22=M15+0.002,K22=M15+0.002,L22=M15+0.002),0.003,IF(OR(A22=M15+0.001,B22=M15+0.001,C22=M15+0.001,D22=M15+0.001,E22=M15+0.001,F22=M15+0.001,G22=M15+0.001,H22=M15+0.001,I22=M15+0.001,J22=M15+0.001,K22=M15+0.001,L22=M15+0.001),0.002,IF(OR(A15=M15,B15=M15,C15=M15,D15=M15,E15=M15,F15=M15,G15=M15,H15=M15,I15=M15,J15=M15,K15=M15,L15=M15),0.001,0)))) -> 0.1 | O22: {=IF(O15="","",O15+IF(OR(A22=O15+0.002,B22=O15+0.002,C22=O15+0.002,D22=O15+0.002,E22=O15+0.002,F22=O15+0.002,G22=O15+0.002,H22=O15+0.002,I22=O15+0.002,J22=O15+0.002,K22=O15+0.002,L22=O15+0.002,M22=O15+0.002,N22=O15+0.002),0.003,IF(OR(A22=O15+0.001,B22=O15+0.001,C22=O15+0.001,D22=O15+0.001,E22=O15+0.001,F22=O15+0.001,G22=O15+0.001,H22=O15+0.001,I22=O15+0.001,J22=O15+0.001,K22=O15+0.001,L22=O15+0.001,M22=O15+0.001,N22=O15+0.001),0.002,IF(OR(A15=O15,B15=O15,C15=O15,D15=O15,E15=O15,F15=M15,G15=O15,H15=O15,I15=O15,J15=O15,K15=O15,L15=O15,M15=O15,N15=O15),0.001,0))))} -> 0.95454545 | P22: =IF(P15="","",P15+IF(OR(A22=P15+0.002,B22=P15+0.002,C22=P15+0.002,D22=P15+0.002,E22=P15+0.002,F22=P15+0.002,G22=P15+0.002,H22=P15+0.002,I22=P15+0.002,J22=P15+0.002,K22=P15+0.002,L22=P15+0.002,M22=P15+0.002,N22=P15+0.002,O22=P15+0.002),0.003,IF(OR(A22=P15+0.001,B22=P15+0.001,C22=P15+0.001,D22=P15+0.001,E22=P15+0.001,F22=P15+0.001,G22=P15+0.001,H22=P15+0.001,I22=P15+0.001,J22=P15+0.001,K22=P15+0.001,L22=P15+0.001,M22=P15+0.001,N22=P15+0.001,O22=P15+0.001),0.002,IF(OR(A15=P15,B15=P15,C15=P15,D15=P15,E15=P15,F15=P15,G15=P15,H15=P15,I15=P15,J15=P15,K15=P15,L15=P15,M15=P15,N15=P15,O15=P15),0.001,0)))) -> 0.33333333 | Q22: =IF(Q15="","",0.1*Q15+2+IF(OR(A22=Q15+0.002,B22=Q15+0.002,C22=Q15+0.002,D22=Q15+0.002,E22=Q15+0.002,F22=Q15+0.002,G22=Q15+0.002,H22=Q15+0.002,I22=Q15+0.002,J22=Q15+0.002,K22=Q15+0.002,L22=Q15+0.002,M22=Q15+0.002,N22=Q15+0.002,O22=Q15+0.002,P22=Q15+0.002),0.003,IF(OR(A22=Q15+0.001,B22=Q15+0.001,C22=Q15+0.001,D22=Q15+0.001,E22=Q15+0.001,F22=Q15+0.001,G22=Q15+0.001,H22=Q15+0.001,I22=Q15+0.001,J22=Q15+0.001,K22=Q15+0.001,L22=Q15+0.001,M22=Q15+0.001,N22=Q15+0.001,O22=Q15+0.001,P22=Q15+0.001),0.002,IF(OR(A15=Q15,B15=Q15,C15=Q15,D15=Q15,E15=Q15,F15=Q15,G15=Q15,H15=Q15,I15=Q15,J15=Q15,K15=Q15,L15=Q15,M15=Q15,N15=Q15,O15=Q15,P15=Q15),0.001,0)))) -> 1 | R22: =IF(R15="","",R15+IF(OR(A22=R15+0.002,B22=R15+0.002,C22=R15+0.002,D22=R15+0.002,E22=R15+0.002,F22=R15+0.002,G22=R15+0.002,H22=R15+0.002,I22=R15+0.002,J22=R15+0.002,K22=R15+0.002,L22=R15+0.002,M22=R15+0.002,N22=R15+0.002,O22=R15+0.002,P22=R15+0.002,Q22=R15+0.002),0.003,IF(OR(A22=R15+0.001,B22=R15+0.001,C22=R15+0.001,D22=R15+0.001,E22=R15+0.001,F22=R15+0.001,G22=R15+0.001,H22=R15+0.001,I22=R15+0.001,J22=R15+0.001,K22=R15+0.001,L22=R15+0.001,M22=R15+0.001,N22=R15+0.001,O22=R15+0.001,P22=R15+0.001,Q22=R15+0.001),0.002,IF(OR(A15=R15,B15=R15,C15=R15,D15=R15,E15=R15,F15=R15,G15=R15,H15=R15,I15=R15,J15=R15,K15=R15,L15=R15,M15=R15,N15=R15,O15=R15,P15=R15,Q15=R15),0.001,0)))) -> 0.66666667 | S22: =IF(S15="","",S15+IF(OR(B22=S15+0.002,C22=S15+0.002,D22=S15+0.002,E22=S15+0.002,F22=S15+0.002,G22=S15+0.002,H22=S15+0.002,I22=S15+0.002,J22=S15+0.002,K22=S15+0.002,L22=S15+0.002,M22=S15+0.002,N22=S15+0.002,O22=S15+0.002,P22=S15+0.002,Q22=S15+0.002,R22=S15+0.002),0.003,IF(OR(B22=S15+0.001,C22=S15+0.001,D22=S15+0.001,E22=S15+0.001,F22=S15+0.001,G22=S15+0.001,H22=S15+0.001,I22=S15+0.001,J22=S15+0.001,K22=S15+0.001,L22=S15+0.001,M22=S15+0.001,N22=S15+0.001,O22=S15+0.001,P22=S15+0.001,Q22=S15+0.001,R22=S15+0.001),0.002,IF(OR(A15=S15,B15=S15,C15=S15,D15=S15,E15=S15,F15=S15,G15=S15,H15=S15,I15=S15,J15=S15,K15=S15,L15=S15,M15=S15,N15=S15,O15=S15,P15=S15,Q15=S15,R15=S15),0.001,0)))) -> 1 | T22: =IF(T15="","",T15+IF(OR($B$22=T15+0.002,$C$22=T15+0.002,$D$22=T15+0.002,$E$22=T15+0.002,$F$22=T15+0.002,$G22=T15+0.002,$H$22=T15+0.002,$I$22=T15+0.002,$J$22=T15+0.002,$K$22=T15+0.002,$L$22=T15+0.002,$M$22=T15+0.002,$N$22=T15+0.002,$O$22=T15+0.002,$P$22=T15+0.002,$Q$22=T15+0.002,$R$22=T15+0.002,$S$22=T15+0.002),0.003,IF(OR($B$22=T15+0.001,$C$22=T15+0.001,$D$22=T15+0.001,$E$22=T15+0.001,$F$22=T15+0.001,$G22=T15+0.001,$H$22=T15+0.001,$I$22=T15+0.001,$J$22=T15+0.001,$K$22=T15+0.001,$L$22=T15+0.001,$M$22=T15+0.001,$N$22=T15+0.001,$O$22=T15+0.001,$P$22=T15+0.001,$Q$22=T15+0.001,$R$22=T15+0.001,$S$22=T15+0.001),0.002,IF(OR(B15=T15,C15=T15,D15=T15,E15=T15,F15=T15,G15=T15,H15=T15,I15=T15,J15=T15,K15=T15,L15=T15,M15=T15,N15=T15,O15=T15,P15=T15,Q15=T15,R15=T15,S15=T15),0.001,0)))) -> 0.2 | X22: =SUM(C22:Q22)/(15-COUNTIF(C22:Q22,"")) -> 0.5994935
C23: =C1 -> La souplesse de l'épaule et de la cage thoracique | D23: =D1 -> La souplesse des jambes et du bas du dos | E23: =E1 -> 0 | F23: =F1 -> L'équilibre sur la jambe droite | G23: =G1 -> L'équilibre sur la jambe gauche | H23: =H1 -> 0 | I23: =I1 -> La force des jambes, des cuisses et des fessiers | J23: =J1 -> La force du dos dans sa partie basse | ... W23: =W1 -> +
C24: 1 | D24: 1 | E24: 1 | F24: 1 | G24: 1 | H24: 1 | I24: 1 | J24: 1 | K24: 1 | L24: 1 | M24: 1 | N24: 1 | O24: 1
C25: souplesse de l'épaule | D25: souplesse jambes | E25: équilibre droit | F25: équilibre gauche | G25: force membres inférieurs | H25: force dorsaux-lombaire | I25: force abdominaux | J25: force membres supérieurs | K25: VO2 max
A26: Hommes | B26: 30 | C26: 0.01 | D26: -5 | E26: 60 | F26: 60 | G26: 23 | H26: 90 | I26: 120 | J26: 10 | K26: 42
A27: Hommes | B27: 40 | C27: 0.01 | D27: -5 | E27: 60 | F27: 60 | G27: 21 | H27: 90 | I27: 120 | J27: 8 | K27: 38
A28: Hommes | B28: 50 | C28: 0.01 | D28: -5 | E28: 60 | F28: 60 | G28: 19 | H28: 90 | I28: 120 | J28: 6 | K28: 33
A29: Hommes | B29: 60 | C29: 0.01 | D29: -5 | E29: 60 | F29: 60 | G29: 15 | H29: 90 | I29: 120 | J29: 4 | K29: 29
A30: Hommes | B30: 61 | C30: 0.01 | D30: -5 | E30: 60 | F30: 60 | G30: 13 | H30: 90 | I30: 120 | J30: 2 | K30: 24
A31: Femmes | B31: 30 | C31: 0.01 | D31: -5 | E31: 60 | F31: 60 | G31: 21 | H31: 60 | I31: 80 | J31: 5 | K31: 34
A32: Femmes | B32: 40 | C32: 0.01 | D32: -5 | E32: 60 | F32: 60 | G32: 18 | H32: 60 | I32: 80 | J32: 4 | K32: 30
A33: Femmes | B33: 50 | C33: 0.01 | D33: -5 | E33: 60 | F33: 60 | G33: 16 | H33: 60 | I33: 80 | J33: 3 | K33: 26
A34: Femmes | B34: 60 | C34: 0.01 | D34: -5 | E34: 60 | F34: 60 | G34: 12 | H34: 60 | I34: 80 | J34: 2 | K34: 22
A35: Femmes | B35: 61 | C35: 0.01 | D35: -5 | E35: 35 | F35: 35 | G35: 11 | H35: 60 | I35: 80 | J35: 1 | K35: 19
C41: S haut | D41: S bas | E41: E Droit | F41: E gauche | G41: F haut | H41: F Jambe | I41: F abdos | J41: F dos | K41: Cmax | L41: IE
C43: =C22 -> 0.2 | D43: =D22 -> 0.32 | E43: =F22 -> 0.58333333 | F43: =G22 -> 0.56666667 | G43: =M22 -> 0.1 | H43: =I22 -> 0.84210526 | I43: =L22 -> 0.81666667 | J43: =J22 -> 0.87777778 | K43: =O22 -> 0.95454545 | L43: =Q22 -> 1
C44: =IF(C43="","",1) -> 1 | D44: =IF(D43="","",1) -> 1 | E44: =IF(E43="","",1) -> 1 | F44: =IF(F43="","",1) -> 1 | G44: =IF(G43="","",1) -> 1 | H44: =IF(H43="","",1) -> 1 | I44: =IF(I43="","",1) -> 1 | J44: =IF(J43="","",1) -> 1 | ... L44: =IF(L43="","",1) -> 1

Sheet planning
A2: Emploi du temps hebdomadaire d'activités physiques
B4: Lundi | D4: Mardi | F4: Mercredi | H4: Jeudi | J4: Vendredi | L4: Samedi | N4: Dimanche | AD4: Lorsqu'il est sédentaire, assis par exemple, le corps dépense aussi peu d'énergie qu'au repos. Cette immobilité, lorsqu'elle est prolongée, favorise les douleurs, le diabète, l'obésité, l'hypertension, certains cancers et d'autres maladies chroniques. Même une activité physique régulière ne suffit pas à en compenser les effets. Selon l'OMS, être assis plus de 3 heures par jours serait responsable de 400000 décès par an. Pour réduire le temps que vous passez assis chaque jours, 7h en moyenne, il est recommandé de vous lever au moins toutes les heures une minute.
B5: niveau | C5: mn | D5: niveau | E5: mn | F5: niveau | G5: mn | H5: niveau | I5: mn | J5: niveau | K5: mn | L5: niveau | M5: mn | N5: niveau | O5: mn
B6: immobile | C6: 50 | D6: immobile | E6: 50 | F6: immobile | G6: 50 | H6: immobile | I6: 50 | J6: immobile | K6: 50 | L6: immobile | M6: 50
A7: Matin | B7: facile | C7: 5 | D7: facile | E7: 5 | F7: facile | G7: 5 | H7: facile | I7: 5 | J7: facile | K7: 5 | L7: facile | M7: 5
A10: Midi | AD10: Lorsque le corps en mouvement dépense plus d'énergie qu'au repos, il est en activité physique. Les bénéfices qui en résultent persisent le jour qui suit, pas davantage. Votre emploi du temps d'activité fait apparaitre des periodes d'inactivités jusqu'à 5 jours. Des sessions d'au moins 10 minutes d'effort continu tous les deux jours permettent d'en réactiver les effets positifs. / grace à chacune de vos session d'au moins 10 minutes d'effort continu, vous réactivez ces effets positifs
S11: temps moyen immobile | T11: période max inactif | U11: % des recos | V11: % tps facile
A12: Après-midi | W12: % tps modéré | X12: % tps intense | Y12: % tps extrême
A16: Soirée | AD16: Votre activité hebdomadaire cumulée correspond à 70 minutes d'activité modérée. C'est 100% des recomandations. /Des études ont montré que vous réduisez de X% les risques pour votre santé cardiovasculaire. / en atteingant … vous réduisez de … /
S17: =ROUND(W32/(60),0) -> 1 | T17: =IF(MAX(Z25:Z34)>7,7,MAX(Z25:Z34)) -> 2 | U17: =W27 -> 30 | V17: =W31 -> 30 | W17: =W30 -> 0 | X17: =W29 -> 0 | Y17: =W28 -> 0
AD19: Chaque semaine, vous consacrez 10% de votre temps d'activité aux activités X alors que le temps dédié aux activités modéré s'élève à 30%, et 10% pour les activités faciles. Diversifier vos activités, afin d'accorder une part plus importante aux efforts intense, vous permettra de progresser encore plus.
X21: =X28 -> mardi | Y21: =Y28 -> 0 | Z21: =IF(AND(Y21=0,OR(ISBLANK(Y22),Y22<>0)),COUNTIF(Y$21:Y21,0)-SUM(Z20:Z$21),"") -> 0
A22: moment | E22: indic (diabète, someil, digestion, …) | X22: =X29 -> Mercredi | Y22: =Y29 -> 2.5 | Z22: =IF(AND(Y22=0,OR(ISBLANK(Y23),Y23<>0)),COUNTIF(Y$21:Y22,0)-SUM(Z$21:Z21),"")
A23: intensité | E23: % temps | X23: =X30 -> Jeudi | Y23: =Y30 -> 2.5 | Z23: =IF(AND(Y23=0,OR(ISBLANK(Y24),Y24<>0)),COUNTIF(Y$21:Y23,0)-SUM(Z$21:Z22),"")
A24: total/recos | E24: % recos en équiv acti modérée (marche rapide) | X24: =X31 -> Vendredi | Y24: =Y31 -> 2.5 | Z24: =IF(AND(Y24=0,OR(ISBLANK(Y25),Y25<>0)),COUNTIF(Y$21:Y24,0)-SUM(Z$21:Z23),"")
A25: periode d'inactivité max | E25: nb max de jours inactif | X25: =X32 -> Samedi | Y25: =Y32 -> 2.5 | Z25: =IF(AND(Y25=0,OR(ISBLANK(Y26),Y26<>0)),COUNTIF(Y$21:Y25,0)-SUM(Z$21:Z24),"")
A26: moyen quotidienn immobile | E26: temps immobile totale/7 | X26: =X33 -> Dimanche | Y26: =Y33 -> 0 | Z26: =IF(AND(Y26=0,OR(ISBLANK(Y27),Y27<>0)),COUNTIF(Y$21:Y26,0)-SUM(Z$21:Z25),"")
A27: Lundi | B27: =SUM(B33:B36) -> 2.5 | C27: DE | D27: Mardi | E27: =SUM(E33:E36) -> 2.5 | F27: DE | G27: Mercredi | H27: =SUM(H33:H36) -> 2.5 | I27: DE | J27: Jeudi | K27: =SUM(K33:K36) -> 2.5 | L27: DE | M27: Vendredi | N27: =SUM(N33:N36) -> 2.5 | O27: DE | P27: Samedi | Q27: =SUM(Q33:Q36) -> 2.5 | R27: DE | S27: Dimanche | T27: =SUM(T33:T36) -> 0 | U27: DE | V27: totale | W27: =SUM(W28:W31) -> 30 | X27: Lundi | Y27: =IF(B27<10,0,B27) -> 0 | Z27: =IF(AND(Y27=0,OR(ISBLANK(Y28),Y28<>0)),COUNTIF(Y$21:Y27,0)-SUM(Z$21:Z26),"")
A28: maximum | B28: =SUMIF(B6:C17,"maximum",C6:C17) -> 0 | C28: =IF(B6="immobile",0,IF(B6="facile",0.5,IF(B6="modéré",1,IF(B6="intense",1.5,IF(B6="maximum",2)))))*C6 -> 0 | D28: maximum | E28: =SUMIF(D6:E17,"maximum",E6:E17) -> 0 | F28: =IF(D6="immobile",0,IF(D6="facile",0.5,IF(D6="modéré",1,IF(D6="intense",1.5,IF(D6="maximum",2)))))*E6 -> 0 | G28: maximum | H28: =SUMIF(F6:G17,"maximum",G6:G17) -> 0 | I28: =IF(F6="immobile",0,IF(F6="facile",0.5,IF(F6="modéré",1,IF(F6="intense",1.5,IF(F6="maximum",2)))))*G6 -> 0 | J28: maximum | K28: =SUMIF(H6:I17,"maximum",I6:I17) -> 0 | L28: =IF(H6="immobile",0,IF(H6="facile",0.5,IF(H6="modéré",1,IF(H6="intense",1.5,IF(H6="maximum",2)))))*I6 -> 0 | M28: maximum | N28: =SUMIF(J6:K17,"maximum",K6:K17) -> 0 | O28: =IF(J6="immobile",0,IF(J6="facile",0.5,IF(J6="modéré",1,IF(J6="intense",1.5,IF(J6="maximum",2)))))*K6 -> 0 | P28: maximum | Q28: =SUMIF(L6:M17,"maximum",M6:M17) -> 0 | R28: =IF(L6="immobile",0,IF(L6="facile",0.5,IF(L6="modéré",1,IF(L6="intense",1.5,IF(L6="maximum",2)))))*M6 -> 0 | S28: maximum | T28: =SUMIF(N6:O17,"maximum",O6:O17) -> 0 | U28: =IF(N6="immobile",0,IF(N6="facile",0.5,IF(N6="modéré",1,IF(N6="intense",1.5,IF(N6="maximum",2)))))*O6 -> 0 | V28: maximum | W28: =B28+E28+H28+K28+N28+Q28+T28 -> 0 | X28: mardi | Y28: =IF(E27<10,0,E27) -> 0 | Z28: =IF(AND(Y28=0,OR(ISBLANK(Y29),Y29<>0)),COUNTIF(Y$21:Y28,0)-SUM(Z$21:Z27),"")
A29: intense | B29: =SUMIF(B6:C17,"intense",C6:C17) -> 0 | C29: =IF(B7="immobile",0,IF(B7="facile",0.5,IF(B7="modéré",1,IF(B7="intense",1.5,IF(B7="maximum",2)))))*C7 -> 2.5 | D29: intense | E29: =SUMIF(D6:E17,"intense",E6:E17) -> 0 | F29: =IF(D7="immobile",0,IF(D7="facile",0.5,IF(D7="modéré",1,IF(D7="intense",1.5,IF(D7="maximum",2)))))*E7 -> 2.5 | G29: intense | H29: =SUMIF(F6:G17,"intense",G6:G17) -> 0 | I29: =IF(F7="immobile",0,IF(F7="facile",0.5,IF(F7="modéré",1,IF(F7="intense",1.5,IF(F7="maximum",2)))))*G7 -> 2.5 | J29: intense | K29: =SUMIF(H6:I17,"intense",I6:I17) -> 0 | L29: =IF(H7="immobile",0,IF(H7="facile",0.5,IF(H7="modéré",1,IF(H7="intense",1.5,IF(H7="maximum",2)))))*I7 -> 2.5 | M29: intense | N29: =SUMIF(J6:K17,"intense",K6:K17) -> 0 | O29: =IF(J7="immobile",0,IF(J7="facile",0.5,IF(J7="modéré",1,IF(J7="intense",1.5,IF(J7="maximum",2)))))*K7 -> 2.5 | P29: intense | Q29: =SUMIF(L6:M17,"intense",M6:M17) -> 0 | R29: =IF(L7="immobile",0,IF(L7="facile",0.5,IF(L7="modéré",1,IF(L7="intense",1.5,IF(L7="maximum",2)))))*M7 -> 2.5 | S29: intense | T29: =SUMIF(N6:O17,"intense",O6:O17) -> 0 | U29: =IF(N7="immobile",0,IF(N7="facile",0.5,IF(N7="modéré",1,IF(N7="intense",1.5,IF(N7="maximum",2)))))*O7 -> 0 | V29: intense | W29: =B29+E29+H29+K29+N29+Q29+T29 -> 0 | X29: Mercredi | Y29: =H27 -> 2.5 | Z29: =IF(AND(Y29=0,OR(ISBLANK(Y30),Y30<>0)),COUNTIF(Y$21:Y29,0)-SUM(Z$21:Z28),"")
A30: modéré | B30: =SUMIF(B6:C17,"modéré",C6:C17) -> 0 | C30: =IF(B8="immobile",0,IF(B8="facile",0.5,IF(B8="modéré",1,IF(B8="intense",1.5,IF(B8="maximum",2)))))*C8 -> 0 | D30: modéré | E30: =SUMIF(D6:E17,"modéré",E6:E17) -> 0 | F30: =IF(D8="immobile",0,IF(D8="facile",0.5,IF(D8="modéré",1,IF(D8="intense",1.5,IF(D8="maximum",2)))))*E8 -> 0 | G30: modéré | H30: =SUMIF(F6:G17,"modéré",G6:G17) -> 0 | I30: =IF(F8="immobile",0,IF(F8="facile",0.5,IF(F8="modéré",1,IF(F8="intense",1.5,IF(F8="maximum",2)))))*G8 -> 0 | J30: modéré | K30: =SUMIF(H6:I17,"modéré",I6:I17) -> 0 | L30: =IF(H8="immobile",0,IF(H8="facile",0.5,IF(H8="modéré",1,IF(H8="intense",1.5,IF(H8="maximum",2)))))*I8 -> 0 | M30: modéré | N30: =SUMIF(J6:K17,"modéré",K6:K17) -> 0 | O30: =IF(J8="immobile",0,IF(J8="facile",0.5,IF(J8="modéré",1,IF(J8="intense",1.5,IF(J8="maximum",2)))))*K8 -> 0 | P30: modéré | Q30: =SUMIF(L6:M17,"modéré",M6:M17) -> 0 | R30: =IF(L8="immobile",0,IF(L8="facile",0.5,IF(L8="modéré",1,IF(L8="intense",1.5,IF(L8="maximum",2)))))*M8 -> 0 | S30: modéré | T30: =SUMIF(N6:O17,"modéré",O6:O17) -> 0 | U30: =IF(N8="immobile",0,IF(N8="facile",0.5,IF(N8="modéré",1,IF(N8="intense",1.5,IF(N8="maximum",2)))))*O8 -> 0 | V30: modéré | W30: =B30+E30+H30+K30+N30+Q30+T30 -> 0 | X30: Jeudi | Y30: =K27 -> 2.5 | Z30: =IF(AND(Y30=0,OR(ISBLANK(Y31),Y31<>0)),COUNTIF(Y$21:Y30,0)-SUM(Z$21:Z29),"")
A31: facile | B31: =SUMIF(B6:C17,"facile",C6:C17) -> 5 | C31: =IF(B9="immobile",0,IF(B9="facile",0.5,IF(B9="modéré",1,IF(B9="intense",1.5,IF(B9="maximum",2)))))*C9 -> 0 | D31: facile | E31: =SUMIF(D6:E17,"facile",E6:E17) -> 5 | F31: =IF(D9="immobile",0,IF(D9="facile",0.5,IF(D9="modéré",1,IF(D9="intense",1.5,IF(D9="maximum",2)))))*E9 -> 0 | G31: facile | H31: =SUMIF(F6:G17,"facile",G6:G17) -> 5 | I31: =IF(F9="immobile",0,IF(F9="facile",0.5,IF(F9="modéré",1,IF(F9="intense",1.5,IF(F9="maximum",2)))))*G9 -> 0 | J31: facile | K31: =SUMIF(H6:I17,"facile",I6:I17) -> 5 | L31: =IF(H9="immobile",0,IF(H9="facile",0.5,IF(H9="modéré",1,IF(H9="intense",1.5,IF(H9="maximum",2)))))*I9 -> 0 | M31: facile | N31: =SUMIF(J6:K17,"facile",K6:K17) -> 5 | O31: =IF(J9="immobile",0,IF(J9="facile",0.5,IF(J9="modéré",1,IF(J9="intense",1.5,IF(J9="maximum",2)))))*K9 -> 0 | P31: facile | Q31: =SUMIF(L6:M17,"facile",M6:M17) -> 5 | R31: =IF(L9="immobile",0,IF(L9="facile",0.5,IF(L9="modéré",1,IF(L9="intense",1.5,IF(L9="maximum",2)))))*M9 -> 0 | S31: facile | T31: =SUMIF(N6:O17,"facile",O6:O17) -> 0 | U31: =IF(N9="immobile",0,IF(N9="facile",0.5,IF(N9="modéré",1,IF(N9="intense",1.5,IF(N9="maximum",2)))))*O9 -> 0 | V31: facile | W31: =B31+E31+H31+K31+N31+Q31+T31 -> 30 | X31: Vendredi | Y31: =N27 -> 2.5 | Z31: =IF(AND(Y31=0,OR(ISBLANK(Y32),Y32<>0)),COUNTIF(Y$21:Y31,0)-SUM(Z$21:Z30),"")
A32: immobile | B32: =SUMIF(B6:C17,"immobile",C6:C17) -> 50 | C32: =IF(B10="immobile",0,IF(B10="facile",0.5,IF(B10="modéré",1,IF(B10="intense",1.5,IF(B10="maximum",2)))))*C10 -> 0 | D32: immobile | E32: =SUMIF(D6:E17,"immobile",E6:E17) -> 50 | F32: =IF(D10="immobile",0,IF(D10="facile",0.5,IF(D10="modéré",1,IF(D10="intense",1.5,IF(D10="maximum",2)))))*E10 -> 0 | G32: immobile | H32: =SUMIF(F6:G17,"immobile",G6:G17) -> 50 | I32: =IF(F10="immobile",0,IF(F10="facile",0.5,IF(F10="modéré",1,IF(F10="intense",1.5,IF(F10="maximum",2)))))*G10 -> 0 | J32: immobile | K32: =SUMIF(H6:I17,"immobile",I6:I17) -> 50 | L32: =IF(H10="immobile",0,IF(H10="facile",0.5,IF(H10="modéré",1,IF(H10="intense",1.5,IF(H10="maximum",2)))))*I10 -> 0 | M32: immobile | N32: =SUMIF(J6:K17,"immobile",K6:K17) -> 50 | O32: =IF(J10="immobile",0,IF(J10="facile",0.5,IF(J10="modéré",1,IF(J10="intense",1.5,IF(J10="maximum",2)))))*K10 -> 0 | P32: immobile | Q32: =SUMIF(L6:M17,"immobile",M6:M17) -> 50 | R32: =IF(L10="immobile",0,IF(L10="facile",0.5,IF(L10="modéré",1,IF(L10="intense",1.5,IF(L10="maximum",2)))))*M10 -> 0 | S32: immobile | T32: =SUMIF(N6:O17,"immobile",O6:O17) -> 0 | U32: =IF(N10="immobile",0,IF(N10="facile",0.5,IF(N10="modéré",1,IF(N10="intense",1.5,IF(N10="maximum",2)))))*O10 -> 0 | V32: immobile | W32: =LARGE(B41:T41,1) -> 50 | X32: Samedi | Y32: =Q27 -> 2.5 | Z32: =IF(AND(Y32=0,OR(ISBLANK(Y33),Y33<>0)),COUNTIF(Y$21:Y32,0)-SUM(Z$21:Z31),"")
A33: AM | B33: =SUM(C28:C30) -> 2.5 | C33: =IF(B11="immobile",0,IF(B11="facile",0.5,IF(B11="modéré",1,IF(B11="intense",1.5,IF(B11="maximum",2)))))*C11 -> 0 | D33: AM | E33: =SUM(F28:F30) -> 2.5 | F33: =IF(D11="immobile",0,IF(D11="facile",0.5,IF(D11="modéré",1,IF(D11="intense",1.5,IF(D11="maximum",2)))))*E11 -> 0 | G33: AM | H33: =SUM(I28:I30) -> 2.5 | I33: =IF(F11="immobile",0,IF(F11="facile",0.5,IF(F11="modéré",1,IF(F11="intense",1.5,IF(F11="maximum",2)))))*G11 -> 0 | J33: AM | K33: =SUM(L28:L30) -> 2.5 | L33: =IF(H11="immobile",0,IF(H11="facile",0.5,IF(H11="modéré",1,IF(H11="intense",1.5,IF(H11="maximum",2)))))*I11 -> 0 | M33: AM | N33: =SUM(O28:O30) -> 2.5 | O33: =IF(J11="immobile",0,IF(J11="facile",0.5,IF(J11="modéré",1,IF(J11="intense",1.5,IF(J11="maximum",2)))))*K11 -> 0 | P33: AM | Q33: =SUM(R28:R30) -> 2.5 | R33: =IF(L11="immobile",0,IF(L11="facile",0.5,IF(L11="modéré",1,IF(L11="intense",1.5,IF(L11="maximum",2)))))*M11 -> 0 | S33: AM | T33: =SUM(U28:U30) -> 0 | U33: =IF(N11="immobile",0,IF(N11="facile",0.5,IF(N11="modéré",1,IF(N11="intense",1.5,IF(N11="maximum",2)))))*O11 -> 0 | V33: AM | W33: =B33+E33+H33+K33+N33+Q33+T33 -> 15 | X33: Dimanche | Y33: =T27 -> 0 | Z33: =IF(AND(Y33=0,OR(ISBLANK(Y34),Y34<>0)),COUNTIF(Y$21:Y33,0)-SUM(Z$21:Z32),"") -> 1
A34: midi | B34: =SUM(C31:C33) -> 0 | C34: =IF(B12="immobile",0,IF(B12="facile",0.5,IF(B12="modéré",1,IF(B12="intense",1.5,IF(B12="maximum",2)))))*C12 -> 0 | D34: midi | E34: =SUM(F31:F33) -> 0 | F34: =IF(D12="immobile",0,IF(D12="facile",0.5,IF(D12="modéré",1,IF(D12="intense",1.5,IF(D12="maximum",2)))))*E12 -> 0 | G34: midi | H34: =SUM(I31:I33) -> 0 | I34: =IF(F12="immobile",0,IF(F12="facile",0.5,IF(F12="modéré",1,IF(F12="intense",1.5,IF(F12="maximum",2)))))*G12 -> 0 | J34: midi | K34: =SUM(L31:L33) -> 0 | L34: =IF(H12="immobile",0,IF(H12="facile",0.5,IF(H12="modéré",1,IF(H12="intense",1.5,IF(H12="maximum",2)))))*I12 -> 0 | M34: midi | N34: =SUM(O31:O33) -> 0 | O34: =IF(J12="immobile",0,IF(J12="facile",0.5,IF(J12="modéré",1,IF(J12="intense",1.5,IF(J12="maximum",2)))))*K12 -> 0 | P34: midi | Q34: =SUM(R31:R33) -> 0 | R34: =IF(L12="immobile",0,IF(L12="facile",0.5,IF(L12="modéré",1,IF(L12="intense",1.5,IF(L12="maximum",2)))))*M12 -> 0 | S34: midi | T34: =SUM(U31:U33) -> 0 | U34: =IF(N12="immobile",0,IF(N12="facile",0.5,IF(N12="modéré",1,IF(N12="intense",1.5,IF(N12="maximum",2)))))*O12 -> 0 | V34: midi | W34: =B34+E34+H34+K34+N34+Q34+T34 -> 0
A35: PM | B35: =SUM(C34:C36) -> 0 | C35: =IF(B13="immobile",0,IF(B13="facile",0.5,IF(B13="modéré",1,IF(B13="intense",1.5,IF(B13="maximum",2)))))*C13 -> 0 | D35: PM | E35: =SUM(F34:F36) -> 0 | F35: =IF(D13="immobile",0,IF(D13="facile",0.5,IF(D13="modéré",1,IF(D13="intense",1.5,IF(D13="maximum",2)))))*E13 -> 0 | G35: PM | H35: =SUM(I34:I36) -> 0 | I35: =IF(F13="immobile",0,IF(F13="facile",0.5,IF(F13="modéré",1,IF(F13="intense",1.5,IF(F13="maximum",2)))))*G13 -> 0 | J35: PM | K35: =SUM(L34:L36) -> 0 | L35: =IF(H13="immobile",0,IF(H13="facile",0.5,IF(H13="modéré",1,IF(H13="intense",1.5,IF(H13="maximum",2)))))*I13 -> 0 | M35: PM | N35: =SUM(O34:O36) -> 0 | O35: =IF(J13="immobile",0,IF(J13="facile",0.5,IF(J13="modéré",1,IF(J13="intense",1.5,IF(J13="maximum",2)))))*K13 -> 0 | P35: PM | Q35: =SUM(R34:R36) -> 0 | R35: =IF(L13="immobile",0,IF(L13="facile",0.5,IF(L13="modéré",1,IF(L13="intense",1.5,IF(L13="maximum",2)))))*M13 -> 0 | S35: PM | T35: =SUM(U34:U36) -> 0 | U35: =IF(N13="immobile",0,IF(N13="facile",0.5,IF(N13="modéré",1,IF(N13="intense",1.5,IF(N13="maximum",2)))))*O13 -> 0 | V35: PM | W35: =B35+E35+H35+K35+N35+Q35+T35 -> 0
A36: soir | B36: =SUM(C37:C39) -> 0 | C36: =IF(B14="immobile",0,IF(B14="facile",0.5,IF(B14="modéré",1,IF(B14="intense",1.5,IF(B14="maximum",2)))))*C14 -> 0 | D36: soir | E36: =SUM(F37:F39) -> 0 | F36: =IF(D14="immobile",0,IF(D14="facile",0.5,IF(D14="modéré",1,IF(D14="intense",1.5,IF(D14="maximum",2)))))*E14 -> 0 | G36: soir | H36: =SUM(I37:I39) -> 0 | I36: =IF(F14="immobile",0,IF(F14="facile",0.5,IF(F14="modéré",1,IF(F14="intense",1.5,IF(F14="maximum",2)))))*G14 -> 0 | J36: soir | K36: =SUM(L37:L39) -> 0 | L36: =IF(H14="immobile",0,IF(H14="facile",0.5,IF(H14="modéré",1,IF(H14="intense",1.5,IF(H14="maximum",2)))))*I14 -> 0 | M36: soir | N36: =SUM(O37:O39) -> 0 | O36: =IF(J14="immobile",0,IF(J14="facile",0.5,IF(J14="modéré",1,IF(J14="intense",1.5,IF(J14="maximum",2)))))*K14 -> 0 | P36: soir | Q36: =SUM(R37:R39) -> 0 | R36: =IF(L14="immobile",0,IF(L14="facile",0.5,IF(L14="modéré",1,IF(L14="intense",1.5,IF(L14="maximum",2)))))*M14 -> 0 | S36: soir | T36: =SUM(U37:U39) -> 0 | U36: =IF(N14="immobile",0,IF(N14="facile",0.5,IF(N14="modéré",1,IF(N14="intense",1.5,IF(N14="maximum",2)))))*O14 -> 0 | V36: soir | W36: =B36+E36+H36+K36+N36+Q36+T36 -> 0
A37: soir +++ | B37: =SUMIF(B15:C17,"maximum",C15:C17)*2+SUMIF(B15:C17,"intense",C15:C17)*1.5 -> 0 | C37: =IF(B15="immobile",0,IF(B15="facile",0.5,IF(B15="modéré",1,IF(B15="intense",1.5,IF(B15="maximum",2)))))*C15 -> 0 | D37: soir+++ | E37: =SUMIF(D15:E17,"maximum",E15:E17)*2+SUMIF(D15:E17,"intense",E15:E17)*1.5 -> 0 | F37: =IF(D15="immobile",0,IF(D15="facile",0.5,IF(D15="modéré",1,IF(D15="intense",1.5,IF(D15="maximum",2)))))*E15 -> 0 | G37: soir+++ | H37: =SUMIF(F15:G17,"maximum",G15:G17)*2+SUMIF(F15:G17,"intense",G15:G17)*1.5 -> 0 | I37: =IF(F15="immobile",0,IF(F15="facile",0.5,IF(F15="modéré",1,IF(F15="intense",1.5,IF(F15="maximum",2)))))*G15 -> 0 | J37: soir+++ | K37: =SUMIF(H15:I17,"maximum",I15:I17)*2+SUMIF(H15:I17,"intense",I15:I17)*1.5 -> 0 | L37: =IF(H15="immobile",0,IF(H15="facile",0.5,IF(H15="modéré",1,IF(H15="intense",1.5,IF(H15="maximum",2)))))*I15 -> 0 | M37: soir+++ | N37: =SUMIF(J15:K17,"maximum",K15:K17)*2+SUMIF(J15:K17,"intense",K15:K17)*1.5 -> 0 | O37: =IF(J15="immobile",0,IF(J15="facile",0.5,IF(J15="modéré",1,IF(J15="intense",1.5,IF(J15="maximum",2)))))*K15 -> 0 | P37: soir | Q37: =SUMIF(L15:M17,"maximum",M15:M17)*2+SUMIF(L15:M17,"intense",M15:M17)*1.5 -> 0 | R37: =IF(L15="immobile",0,IF(L15="facile",0.5,IF(L15="modéré",1,IF(L15="intense",1.5,IF(L15="maximum",2)))))*M15 -> 0 | S37: soir | T37: =SUMIF(N15:O17,"maximum",O15:O17)*2+SUMIF(N15:O17,"intense",O15:O17)*1.5 -> 0 | U37: =IF(N15="immobile",0,IF(N15="facile",0.5,IF(N15="modéré",1,IF(N15="intense",1.5,IF(N15="maximum",2)))))*O15 -> 0 | V37: soir +++ | W37: =SUMIF(Q15:R17,"maximum",R15:R17)*2+SUMIF(Q15:R17,"intense",R15:R17)*1.5 -> 0 | Y37: =W28+W29+W30+W31 -> 30
C38: =IF(B16="immobile",0,IF(B16="facile",0.5,IF(B16="modéré",1,IF(B16="intense",1.5,IF(B16="maximum",2)))))*C16 -> 0 | F38: =IF(D16="immobile",0,IF(D16="facile",0.5,IF(D16="modéré",1,IF(D16="intense",1.5,IF(D16="maximum",2)))))*E16 -> 0 | I38: =IF(F16="immobile",0,IF(F16="facile",0.5,IF(F16="modéré",1,IF(F16="intense",1.5,IF(F16="maximum",2)))))*G16 -> 0 | L38: =IF(H16="immobile",0,IF(H16="facile",0.5,IF(H16="modéré",1,IF(H16="intense",1.5,IF(H16="maximum",2)))))*I16 -> 0 | O38: =IF(J16="immobile",0,IF(J16="facile",0.5,IF(J16="modéré",1,IF(J16="intense",1.5,IF(J16="maximum",2)))))*K16 -> 0 | R38: =IF(L16="immobile",0,IF(L16="facile",0.5,IF(L16="modéré",1,IF(L16="intense",1.5,IF(L16="maximum",2)))))*M16 -> 0 | U38: =IF(N16="immobile",0,IF(N16="facile",0.5,IF(N16="modéré",1,IF(N16="intense",1.5,IF(N16="maximum",2)))))*O16 -> 0
C39: =IF(B17="immobile",0,IF(B17="facile",0.5,IF(B17="modéré",1,IF(B17="intense",1.5,IF(B17="maximum",2)))))*C17 -> 0 | F39: =IF(D17="immobile",0,IF(D17="facile",0.5,IF(D17="modéré",1,IF(D17="intense",1.5,IF(D17="maximum",2)))))*E17 -> 0 | I39: =IF(F17="immobile",0,IF(F17="facile",0.5,IF(F17="modéré",1,IF(F17="intense",1.5,IF(F17="maximum",2)))))*G17 -> 0 | L39: =IF(H17="immobile",0,IF(H17="facile",0.5,IF(H17="modéré",1,IF(H17="intense",1.5,IF(H17="maximum",2)))))*I17 -> 0 | O39: =IF(J17="immobile",0,IF(J17="facile",0.5,IF(J17="modéré",1,IF(J17="intense",1.5,IF(J17="maximum",2)))))*K17 -> 0 | R39: =IF(L17="immobile",0,IF(L17="facile",0.5,IF(L17="modéré",1,IF(L17="intense",1.5,IF(L17="maximum",2)))))*M17 -> 0 | U39: =IF(N17="immobile",0,IF(N17="facile",0.5,IF(N17="modéré",1,IF(N17="intense",1.5,IF(N17="maximum",2)))))*O17 -> 0
B41: =B32 -> 50 | E41: =E32 -> 50 | F41: =F32 -> 0 | H41: =H32 -> 50 | K41: =K32 -> 50 | L41: =L32 -> 0 | N41: =N32 -> 50 | O41: =O32 -> 0 | Q41: =Q32 -> 50 | R41: =R32 -> 0 | T41: =T32 -> 0
A93: Attentes personnelles
B96: révèllent
B97: indique
B98: démontrent
B99: expriment
B100: témoigne
B101: atteste
B102: dénote
B103: signale | E103: manifeste
B104: traduise
B105: souligne
